Workbook

Sheet Hoja1

Sheet Evaluación (hoja1)
B1: UAE AERONAUTICA CIVIL
B2: DIRECCIÓN FINANCIERA
B3: HABILITACION FINANCIERA Y CAPACIDAD ORGANIZACIONAL DE PROPUESTAS
B4: Ver instrucciones
B5: Proceso No. | G5: Presupuesto | H5: Tiempo | I5: Requisitos del Pliego de Condiciones | L5: Dato o valor
B6: 23000927-H1 | G6: 320000000 | H6: 2 MESES | I6: Fecha corte estados financieros | L6: 44926 | O6: 1 | P6: Nombre o Razón Social - Folios | AA6: RESULTADOS CAPACIDAD FINANCIERA | AF6: RESULTADOS CAPACIDAD ORGANIZACIONAL
B7: Objeto | I7: Liquidez (veces) | K7: Mayor o igual a | L7: 1.5 | P7: ANDRES FERNANDO MUÑOZ LOPEZ | Q7: CC o NIT | R7: % de Participación | S7: Activo Cte. | T7: Activo Total | U7: Pasivo Cte. | V7: Pasivo Total | W7: Patrimonio | X7: Utilidad Operac. | Y7: Gasto Intereses | AA7: Liquidez | AB7: Endeudamiento | AC7: Cob. Intereses | AD7: Cap. Trabajo | AE7: Patrimonio | AF7: Rent. Patrimonio | AG7: Rent. Activo
B8: 33400C0284 ADQUIRIR BOLSA DE BATERIAS PARA LOS SISTEMAS DE LOS AEROPUERTOS DE LA REGIONAL OCCIDENTE | I8: Endeudamiento (%) | K8: Menor o igual a | L8: 0.7 | O8: 1 | P8: . | Q8: 1130672304 | R8: 1 | S8: 286924310 | T8: 525939160 | U8: 15000000 | V8: 15000000 | W8: 510939160 | X8: 222641515 | Y8: 0 | Z8: =(V8+W8)-T8 -> 0 | AA8: =IF($P8<>"",+IF(U8>0,+ROUNDDOWN(S8/U8,2),"INDETERMINADO"),"") -> 19.12 | AB8: =IF($P8<>"",+IF(T8>0,+ROUNDDOWN(V8/T8,2),"INDETERMINADO"),"") -> 0.02 | AC8: =IF($P8<>"",+IF(Y8>0,+ROUNDDOWN(X8/Y8,2),"INDETERMINADO"),"") -> INDETERMINADO | AD8: =IF($P8<>"",+(S8-U8),"") -> 271924310 | AE8: =IF($P8<>"",+(T8-V8),"") -> 510939160 | AF8: =IF($P8<>"",+IF(W8>0,+ROUNDDOWN(X8/W8,2),"INDETERMINADO"),"") -> 0.43 | AG8: =IF($P8<>"",+IF(T8>0,+ROUNDDOWN(X8/T8,2),"INDETERMINADO"),"") -> 0.42 | AH8: =AE8-W8 -> 0
I9: Cobertura de Intereses (veces) | K9: Mayor o igual a | L9: 2 | O9: 2 | Z9: =(V9+W9)-T9 -> 0 | AA9: =IF($P9<>"",+IF(U9>0,+ROUNDDOWN(S9/U9,2),"INDETERMINADO"),"") | AB9: =IF($P9<>"",+IF(T9>0,+ROUNDDOWN(V9/T9,2),"INDETERMINADO"),"") | AC9: =IF($P9<>"",+IF(Y9>0,+ROUNDDOWN(X9/Y9,2),"INDETERMINADO"),"") | AD9: =IF($P9<>"",+(S9-U9),"") | AE9: =IF($P9<>"",+(T9-V9),"") | AF9: =IF($P9<>"",+IF(W9>0,+ROUNDDOWN(X9/W9,2),"INDETERMINADO"),"") | AG9: =IF($P9<>"",+IF(T9>0,+ROUNDDOWN(X9/T9,2),"INDETERMINADO"),"") | AH9: =AE9-W9 -> #VALUE!
I10: Capital de Trabajo ($COP) | K10: Mayor o igual a | L10: 240000000 | O10: 3 | Z10: =(V10+W10)-T10 -> 0 | AA10: =IF($P10<>"",+IF(U10>0,+ROUNDDOWN(S10/U10,2),"INDETERMINADO"),"") | AB10: =IF($P10<>"",+IF(T10>0,+ROUNDDOWN(V10/T10,2),"INDETERMINADO"),"") | AC10: =IF($P10<>"",+IF(Y10>0,+ROUNDDOWN(X10/Y10,2),"INDETERMINADO"),"") | AD10: =IF($P10<>"",+(S10-U10),"") | AE10: =IF($P10<>"",+(T10-V10),"") | AF10: =IF($P10<>"",+IF(W10>0,+ROUNDDOWN(X10/W10,2),"INDETERMINADO"),"") | AG10: =IF($P10<>"",+IF(T10>0,+ROUNDDOWN(X10/T10,2),"INDETERMINADO"),"") | AH10: =AE10-W10 -> #VALUE!
I11: Patrimonio ($COP) | K11: Mayor o igual a | L11: 80000000 | O11: 4 | Z11: =(V11+W11)-T11 -> 0 | AA11: =IF($P11<>"",+IF(U11>0,+ROUNDDOWN(S11/U11,2),"INDETERMINADO"),"") | AB11: =IF($P11<>"",+IF(T11>0,+ROUNDDOWN(V11/T11,2),"INDETERMINADO"),"") | AC11: =IF($P11<>"",+IF(Y11>0,+ROUNDDOWN(X11/Y11,2),"INDETERMINADO"),"") | AD11: =IF($P11<>"",+(S11-U11),"") | AE11: =IF($P11<>"",+(T11-V11),"") | AF11: =IF($P11<>"",+IF(W11>0,+ROUNDDOWN(X11/W11,2),"INDETERMINADO"),"") | AG11: =IF($P11<>"",+IF(T11>0,+ROUNDDOWN(X11/T11,2),"INDETERMINADO"),"") | AH11: =AE11-W11 -> #VALUE!
I12: Rentabilidad del Patrimonio (%) | K12: Mayor o igual a | L12: 0.02 | O12: 5 | Z12: =(V12+W12)-T12 -> 0 | AA12: =IF($P12<>"",+IF(U12>0,+ROUNDDOWN(S12/U12,2),"INDETERMINADO"),"") | AB12: =IF($P12<>"",+IF(T12>0,+ROUNDDOWN(V12/T12,2),"INDETERMINADO"),"") | AC12: =IF($P12<>"",+IF(Y12>0,+ROUNDDOWN(X12/Y12,2),"INDETERMINADO"),"") | AD12: =IF($P12<>"",+(S12-U12),"") | AE12: =IF($P12<>"",+(T12-V12),"") | AF12: =IF($P12<>"",+IF(W12>0,+ROUNDDOWN(X12/W12,2),"INDETERMINADO"),"") | AG12: =IF($P12<>"",+IF(T12>0,+ROUNDDOWN(X12/T12,2),"INDETERMINADO"),"") | AH12: =AE12-W12 -> #VALUE!
I13: Rentabilidad del Activo (%) | K13: Mayor o igual a | L13: 0.02 | O13: 6 | Z13: =(V13+W13)-T13 -> 0 | AA13: =IF($P13<>"",+IF(U13>0,+ROUNDDOWN(S13/U13,2),"INDETERMINADO"),"") | AB13: =IF($P13<>"",+IF(T13>0,+ROUNDDOWN(V13/T13,2),"INDETERMINADO"),"") | AC13: =IF($P13<>"",+IF(Y13>0,+ROUNDDOWN(X13/Y13,2),"INDETERMINADO"),"") | AD13: =IF($P13<>"",+(S13-U13),"") | AE13: =IF($P13<>"",+(T13-V13),"") | AF13: =IF($P13<>"",+IF(W13>0,+ROUNDDOWN(X13/W13,2),"INDETERMINADO"),"") | AG13: =IF($P13<>"",+IF(T13>0,+ROUNDDOWN(X13/T13,2),"INDETERMINADO"),"") | AH13: =AE13-W13 -> #VALUE!
P14: TOTAL GENERAL | R14: =SUM(R8:R13) -> 1 | S14: =SUM(S8:S13) -> 286924310 | T14: =SUM(T8:T13) -> 525939160 | U14: =SUM(U8:U13) -> 15000000 | V14: =SUM(V8:V13) -> 15000000 | W14: =SUM(W8:W13) -> 510939160 | X14: =SUM(X8:X13) -> 222641515 | Y14: =SUM(Y8:Y13) -> 0
B15: INFORMACION CONTABLE A LA FECHA DE CORTE ($COP) - DE ACUERDO AL PORCENTAJE DE PARTICIPACIÓN
B16: No. | C16: Nombre o Razón Social | D16: CC o NIT | E16: Activo Cte. | F16: Activo Total | G16: Pasivo Cte. | H16: Pasivo Total | I16: Patrimonio | J16: Utilidad Operac. | K16: Gasto Intereses | L16: Folios RUT
B17: 1 | C17: =IF(P7<>"",+P7,"") -> ANDRES FERNANDO MUÑOZ LOPEZ | D17: =+IF($C$17<>"",+CONCATENATE(Q8," ",Q9," ",Q10," ",Q11," ",Q12," ",Q13," "),"") -> 1130672304 | E17: =IF($C$17<>"",+(S8*$R$8)+(S9*$R$9)+(S10*$R$10)+(S11*$R$11)+(S12*$R$12)+(S13*$R$13),"") -> 286924310 | F17: =IF($C$17<>"",+(T8*$R$8)+(T9*$R$9)+(T10*$R$10)+(T11*$R$11)+(T12*$R$12)+(T13*$R$13),"") -> 525939160 | G17: =IF($C$17<>"",+(U8*$R$8)+(U9*$R$9)+(U10*$R$10)+(U11*$R$11)+(U12*$R$12)+(U13*$R$13),"") -> 15000000 | H17: =IF($C$17<>"",+(V8*$R$8)+(V9*$R$9)+(V10*$R$10)+(V11*$R$11)+(V12*$R$12)+(V13*$R$13),"") -> 15000000 | I17: =IF($C$17<>"",+(W8*$R$8)+(W9*$R$9)+(W10*$R$10)+(W11*$R$11)+(W12*$R$12)+(W13*$R$13),"") -> 510939160 | J17: =IF($C$17<>"",+(X8*$R$8)+(X9*$R$9)+(X10*$R$10)+(X11*$R$11)+(X12*$R$12)+(X13*$R$13),"") -> 222641515 | K17: =IF($C$17<>"",+(Y8*$R$8)+(Y9*$R$9)+(Y10*$R$10)+(Y11*$R$11)+(Y12*$R$12)+(Y13*$R$13),"") -> 0 | L17: =+IF(Q6<>"",+Q6,"")
O18: 2 | P18: Nombre o Razón Social - Folios | AA18: RESULTADOS CAPACIDAD FINANCIERA | AF18: RESULTADOS CAPACIDAD ORGANIZACIONAL
B19: =+B17+1 -> 2 | C19: =IF(P19<>"",+P19,"") | D19: =+IF($C$19<>"",+CONCATENATE(Q20," ",Q21," ",Q22," ",Q23," ",Q24," ",Q25," "),"") | E19: =IF($C$19<>"",+(S20*$R$20)+(S21*$R$21)+(S22*$R$22)+(S23*$R$23)+(S24*$R$24)+(S25*$R$25),"") | F19: =IF($C$19<>"",+(T20*$R$20)+(T21*$R$21)+(T22*$R$22)+(T23*$R$23)+(T24*$R$24)+(T25*$R$25),"") | G19: =IF($C$19<>"",+(U20*$R$20)+(U21*$R$21)+(U22*$R$22)+(U23*$R$23)+(U24*$R$24)+(U25*$R$25),"") | H19: =IF($C$19<>"",+(V20*$R$20)+(V21*$R$21)+(V22*$R$22)+(V23*$R$23)+(V24*$R$24)+(V25*$R$25),"") | I19: =IF($C$19<>"",+(W20*$R$20)+(W21*$R$21)+(W22*$R$22)+(W23*$R$23)+(W24*$R$24)+(W25*$R$25),"") | J19: =IF($C$19<>"",+(X20*$R$20)+(X21*$R$21)+(X22*$R$22)+(X23*$R$23)+(X24*$R$24)+(X25*$R$25),"") | K19: =IF($C$19<>"",+(Y20*$R$20)+(Y21*$R$21)+(Y22*$R$22)+(Y23*$R$23)+(Y24*$R$24)+(Y25*$R$25),"") | L19: =+IF(Q18<>"",+Q18,"") | Q19: CC o NIT | R19: % | S19: Activo Cte. | T19: Activo Total | U19: Pasivo Cte. | V19: Pasivo Total | W19: Patrimonio | X19: Utilidad Operac. | Y19: Gasto Intereses | AA19: Liquidez | AB19: Endeudamiento | AC19: Cob. Intereses | AD19: Cap. Trabajo | AE19: Patrimonio | AF19: Rent. Patrimonio | AG19: Rent. Activo
O20: 1 | Z20: =(V20+W20)-T20 -> 0 | AA20: =IF($P20<>"",+IF(U20>0,+ROUNDDOWN(S20/U20,2),"INDETERMINADO"),"") | AB20: =IF($P20<>"",+IF(T20>0,+ROUNDDOWN(V20/T20,2),"INDETERMINADO"),"") | AC20: =IF($P20<>"",+IF(Y20>0,+ROUNDDOWN(X20/Y20,2),"INDETERMINADO"),"") | AD20: =IF($P20<>"",+(S20-U20),"") | AE20: =IF($P20<>"",+(T20-V20),"") | AF20: =IF($P20<>"",+IF(W20>0,+ROUNDDOWN(X20/W20,2),"INDETERMINADO"),"") | AG20: =IF($P20<>"",+IF(T20>0,+ROUNDDOWN(X20/T20,2),"INDETERMINADO"),"") | AH20: =AE20-W20 -> #VALUE!
B21: =+B19+1 -> 3 | C21: =IF(P31<>"",+P31,"") | D21: =+IF($C$21<>"",+CONCATENATE(Q32," ",Q33," ",Q34," ",Q35," ",Q36," ",Q37," "),"") | E21: =IF($C$21<>"",+(S32*$R$32)+(S33*$R$33)+(S34*$R$34)+(S35*$R$35)+(S36*$R$36)+(S37*$R$37),"") | F21: =IF($C$21<>"",+(T32*$R$32)+(T33*$R$33)+(T34*$R$34)+(T35*$R$35)+(T36*$R$36)+(T37*$R$37),"") | G21: =IF($C$21<>"",+(U32*$R$32)+(U33*$R$33)+(U34*$R$34)+(U35*$R$35)+(U36*$R$36)+(U37*$R$37),"") | H21: =IF($C$21<>"",+(V32*$R$32)+(V33*$R$33)+(V34*$R$34)+(V35*$R$35)+(V36*$R$36)+(V37*$R$37),"") | I21: =IF($C$21<>"",+(W32*$R$32)+(W33*$R$33)+(W34*$R$34)+(W35*$R$35)+(W36*$R$36)+(W37*$R$37),"") | J21: =IF($C$21<>"",+(X32*$R$32)+(X33*$R$33)+(X34*$R$34)+(X35*$R$35)+(X36*$R$36)+(X37*$R$37),"") | K21: =IF($C$21<>"",+(Y32*$R$32)+(Y33*$R$33)+(Y34*$R$34)+(Y35*$R$35)+(Y36*$R$36)+(Y37*$R$37),"") | L21: =+IF(Q30<>"",+Q30,"") | O21: 2 | Z21: =(V21+W21)-T21 -> 0 | AA21: =IF($P21<>"",+IF(U21>0,+ROUNDDOWN(S21/U21,2),"INDETERMINADO"),"") | AB21: =IF($P21<>"",+IF(T21>0,+ROUNDDOWN(V21/T21,2),"INDETERMINADO"),"") | AC21: =IF($P21<>"",+IF(Y21>0,+ROUNDDOWN(X21/Y21,2),"INDETERMINADO"),"") | AD21: =IF($P21<>"",+(S21-U21),"") | AE21: =IF($P21<>"",+(T21-V21),"") | AF21: =IF($P21<>"",+IF(W21>0,+ROUNDDOWN(X21/W21,2),"INDETERMINADO"),"") | AG21: =IF($P21<>"",+IF(T21>0,+ROUNDDOWN(X21/T21,2),"INDETERMINADO"),"") | AH21: =AE21-W21 -> #VALUE!
O22: 3 | Z22: =(V22+W22)-T22 -> 0 | AA22: =IF($P22<>"",+IF(U22>0,+ROUNDDOWN(S22/U22,2),"INDETERMINADO"),"") | AB22: =IF($P22<>"",+IF(T22>0,+ROUNDDOWN(V22/T22,2),"INDETERMINADO"),"") | AC22: =IF($P22<>"",+IF(Y22>0,+ROUNDDOWN(X22/Y22,2),"INDETERMINADO"),"") | AD22: =IF($P22<>"",+(S22-U22),"") | AE22: =IF($P22<>"",+(T22-V22),"") | AF22: =IF($P22<>"",+IF(W22>0,+ROUNDDOWN(X22/W22,2),"INDETERMINADO"),"") | AG22: =IF($P22<>"",+IF(T22>0,+ROUNDDOWN(X22/T22,2),"INDETERMINADO"),"") | AH22: =AE22-W22 -> #VALUE!
B23: =+B21+1 -> 4 | C23: =IF(P43<>"",+P43,"") | D23: =IF($C$23<>"",+CONCATENATE(Q44," ",Q45," ",Q46," ",Q47," ",Q48," ",Q49," "),"") | E23: =IF($C$23<>"",+(S44*$R$44)+(S45*$R$45)+(S46*$R$46)+(S47*$R$47)+(S48*$R$48)+(S49*$R$49),"") | F23: =IF($C$23<>"",+(T44*$R$44)+(T45*$R$45)+(T46*$R$46)+(T47*$R$47)+(T48*$R$48)+(T49*$R$49),"") | G23: =IF($C$23<>"",+(U44*$R$44)+(U45*$R$45)+(U46*$R$46)+(U47*$R$47)+(U48*$R$48)+(U49*$R$49),"") | H23: =IF($C$23<>"",+(V44*$R$44)+(V45*$R$45)+(V46*$R$46)+(V47*$R$47)+(V48*$R$48)+(V49*$R$49),"") | I23: =IF($C$23<>"",+(W44*$R$44)+(W45*$R$45)+(W46*$R$46)+(W47*$R$47)+(W48*$R$48)+(W49*$R$49),"") | J23: =IF($C$23<>"",+(X44*$R$44)+(X45*$R$45)+(X46*$R$46)+(X47*$R$47)+(X48*$R$48)+(X49*$R$49),"") | K23: =IF($C$23<>"",+(Y44*$R$44)+(Y45*$R$45)+(Y46*$R$46)+(Y47*$R$47)+(Y48*$R$48)+(Y49*$R$49),"") | L23: =+IF(Q42<>"",+Q42,"") | O23: 4 | Z23: =(V23+W23)-T23 -> 0 | AA23: =IF($P23<>"",+IF(U23>0,+ROUNDDOWN(S23/U23,2),"INDETERMINADO"),"") | AB23: =IF($P23<>"",+IF(T23>0,+ROUNDDOWN(V23/T23,2),"INDETERMINADO"),"") | AC23: =IF($P23<>"",+IF(Y23>0,+ROUNDDOWN(X23/Y23,2),"INDETERMINADO"),"") | AD23: =IF($P23<>"",+(S23-U23),"") | AE23: =IF($P23<>"",+(T23-V23),"") | AF23: =IF($P23<>"",+IF(W23>0,+ROUNDDOWN(X23/W23,2),"INDETERMINADO"),"") | AG23: =IF($P23<>"",+IF(T23>0,+ROUNDDOWN(X23/T23,2),"INDETERMINADO"),"") | AH23: =AE23-W23 -> #VALUE!
O24: 5 | Z24: =(V24+W24)-T24 -> 0 | AA24: =IF($P24<>"",+IF(U24>0,+ROUNDDOWN(S24/U24,2),"INDETERMINADO"),"") | AB24: =IF($P24<>"",+IF(T24>0,+ROUNDDOWN(V24/T24,2),"INDETERMINADO"),"") | AC24: =IF($P24<>"",+IF(Y24>0,+ROUNDDOWN(X24/Y24,2),"INDETERMINADO"),"") | AD24: =IF($P24<>"",+(S24-U24),"") | AE24: =IF($P24<>"",+(T24-V24),"") | AF24: =IF($P24<>"",+IF(W24>0,+ROUNDDOWN(X24/W24,2),"INDETERMINADO"),"") | AG24: =IF($P24<>"",+IF(T24>0,+ROUNDDOWN(X24/T24,2),"INDETERMINADO"),"") | AH24: =AE24-W24 -> #VALUE!
B25: =+B23+1 -> 5 | C25: =IF(P57<>"",+P57,"") | D25: =IF($C$25<>"",+CONCATENATE(Q58," ",Q59," ",Q60," ",Q61," ",Q62," ",Q63," "),"") | E25: =IF($C$25<>"",+(S58*$R$58)+(S59*$R$59)+(S60*$R$60)+(S61*$R$61)+(S62*$R$62)+(S63*$R$63),"") | F25: =IF($C$25<>"",+(T58*$R$58)+(T59*$R$59)+(T60*$R$60)+(T61*$R$61)+(T62*$R$62)+(T63*$R$63),"") | G25: =IF($C$25<>"",+(U58*$R$58)+(U59*$R$59)+(U60*$R$60)+(U61*$R$61)+(U62*$R$62)+(U63*$R$63),"") | H25: =IF($C$25<>"",+(V58*$R$58)+(V59*$R$59)+(V60*$R$60)+(V61*$R$61)+(V62*$R$62)+(V63*$R$63),"") | I25: =IF($C$25<>"",+(W58*$R$58)+(W59*$R$59)+(W60*$R$60)+(W61*$R$61)+(W62*$R$62)+(W63*$R$63),"") | J25: =IF($C$25<>"",+(X58*$R$58)+(X59*$R$59)+(X60*$R$60)+(X61*$R$61)+(X62*$R$62)+(X63*$R$63),"") | K25: =IF($C$25<>"",+(Y58*$R$58)+(Y59*$R$59)+(Y60*$R$60)+(Y61*$R$61)+(Y62*$R$62)+(Y63*$R$63),"") | L25: =+IF(Q56<>"",+Q56,"") | O25: 6 | Z25: =(V25+W25)-T25 -> 0 | AA25: =IF($P25<>"",+IF(U25>0,+ROUNDDOWN(S25/U25,2),"INDETERMINADO"),"") | AB25: =IF($P25<>"",+IF(T25>0,+ROUNDDOWN(V25/T25,2),"INDETERMINADO"),"") | AC25: =IF($P25<>"",+IF(Y25>0,+ROUNDDOWN(X25/Y25,2),"INDETERMINADO"),"") | AD25: =IF($P25<>"",+(S25-U25),"") | AE25: =IF($P25<>"",+(T25-V25),"") | AF25: =IF($P25<>"",+IF(W25>0,+ROUNDDOWN(X25/W25,2),"INDETERMINADO"),"") | AG25: =IF($P25<>"",+IF(T25>0,+ROUNDDOWN(X25/T25,2),"INDETERMINADO"),"") | AH25: =AE25-W25 -> #VALUE!
P26: TOTAL GENERAL | R26: =SUM(R20:R25) -> 0 | S26: =SUM(S20:S25) -> 0 | T26: =SUM(T20:T25) -> 0 | U26: =SUM(U20:U25) -> 0 | V26: =SUM(V20:V25) -> 0 | W26: =SUM(W20:W25) -> 0 | X26: =SUM(X20:X25) -> 0 | Y26: =SUM(Y20:Y25) -> 0
B27: =+B25+1 -> 6 | C27: =IF(P69<>"",+P69,"") | D27: =IF($C$27<>"",+CONCATENATE(Q70," ",Q71," ",Q72," ",Q73," ",Q74," ",Q75," "),"") | E27: =IF($C$27<>"",+(S70*$R$70)+(S71*$R$71)+(S72*$R$72)+(S73*$R$73)+(S74*$R$74)+(S75*$R$75),"") | F27: =IF($C$27<>"",+(T70*$R$70)+(T71*$R$71)+(T72*$R$72)+(T73*$R$73)+(T74*$R$74)+(T75*$R$75),"") | G27: =IF($C$27<>"",+(U70*$R$70)+(U71*$R$71)+(U72*$R$72)+(U73*$R$73)+(U74*$R$74)+(U75*$R$75),"") | H27: =IF($C$27<>"",+(V70*$R$70)+(V71*$R$71)+(V72*$R$72)+(V73*$R$73)+(V74*$R$74)+(V75*$R$75),"") | I27: =IF($C$27<>"",+(W70*$R$70)+(W71*$R$71)+(W72*$R$72)+(W73*$R$73)+(W74*$R$74)+(W75*$R$75),"") | J27: =IF($C$27<>"",+(X70*$R$70)+(X71*$R$71)+(X72*$R$72)+(X73*$R$73)+(X74*$R$74)+(X75*$R$75),"") | K27: =IF($C$27<>"",+(Y70*$R$70)+(Y71*$R$71)+(Y72*$R$72)+(Y73*$R$73)+(Y74*$R$74)+(Y75*$R$75),"") | L27: =+IF(Q68<>"",+Q68,"")
B29: =+B27+1 -> 7 | C29: =IF(P81<>"",+P81,"") | D29: =IF($C$29<>"",+CONCATENATE(Q82," ",Q83," ",Q84," ",Q85," ",Q86," ",Q87," "),"") | E29: =IF($C$29<>"",+(S82*$R$82)+(S83*$R$83)+(S84*$R$84)+(S85*$R$85)+(S86*$R$86)+(S87*$R$87),"") | F29: =IF($C$29<>"",+(T82*$R$82)+(T83*$R$83)+(T84*$R$84)+(T85*$R$85)+(T86*$R$86)+(T87*$R$87),"") | G29: =IF($C$29<>"",+(U82*$R$82)+(U83*$R$83)+(U84*$R$84)+(U85*$R$85)+(U86*$R$86)+(U87*$R$87),"") | H29: =IF($C$29<>"",+(V82*$R$82)+(V83*$R$83)+(V84*$R$84)+(V85*$R$85)+(V86*$R$86)+(V87*$R$87),"") | I29: =IF($C$29<>"",+(W82*$R$82)+(W83*$R$83)+(W84*$R$84)+(W85*$R$85)+(W86*$R$86)+(W87*$R$87),"") | J29: =IF($C$29<>"",+(X82*$R$82)+(X83*$R$83)+(X84*$R$84)+(X85*$R$85)+(X86*$R$86)+(X87*$R$87),"") | K29: =IF($C$29<>"",+(Y82*$R$82)+(Y83*$R$83)+(Y84*$R$84)+(Y85*$R$85)+(Y86*$R$86)+(Y87*$R$87),"") | L29: =+IF(Q80<>"",+Q80,"")
O30: 3 | P30: Nombre o Razón Social - Folios | AA30: RESULTADOS CAPACIDAD FINANCIERA | AF30: RESULTADOS CAPACIDAD ORGANIZACIONAL
B31: =+B29+1 -> 8 | C31: =IF(P93<>"",+P93,"") | D31: =IF($C$31<>"",+CONCATENATE(Q94," ",Q95," ",Q96," ",Q97," ",Q98," ",Q99," "),"") | E31: =IF($C$31<>"",+(S94*$R$94)+(S95*$R$95)+(S96*$R$96)+(S97*$R$97)+(S98*$R$98)+(S99*$R$99),"") | F31: =IF($C$31<>"",+(T94*$R$94)+(T95*$R$95)+(T96*$R$96)+(T97*$R$97)+(T98*$R$98)+(T99*$R$99),"") | G31: =IF($C$31<>"",+(U94*$R$94)+(U95*$R$95)+(U96*$R$96)+(U97*$R$97)+(U98*$R$98)+(U99*$R$99),"") | H31: =IF($C$31<>"",+(V94*$R$94)+(V95*$R$95)+(V96*$R$96)+(V97*$R$97)+(V98*$R$98)+(V99*$R$99),"") | I31: =IF($C$31<>"",+(W94*$R$94)+(W95*$R$95)+(W96*$R$96)+(W97*$R$97)+(W98*$R$98)+(W99*$R$99),"") | J31: =IF($C$31<>"",+(X94*$R$94)+(X95*$R$95)+(X96*$R$96)+(X97*$R$97)+(X98*$R$98)+(X99*$R$99),"") | K31: =IF($C$31<>"",+(Y94*$R$94)+(Y95*$R$95)+(Y96*$R$96)+(Y97*$R$97)+(Y98*$R$98)+(Y99*$R$99),"") | L31: =+IF(Q92<>"",+Q92,"") | Q31: CC o NIT | R31: % | S31: Activo Cte. | T31: Activo Total | U31: Pasivo Cte. | V31: Pasivo Total | W31: Patrimonio | X31: Utilidad Operac. | Y31: Gasto Intereses | AA31: Liquidez | AB31: Endeudamiento | AC31: Cob. Intereses | AD31: Cap. Trabajo | AE31: Patrimonio | AF31: Rent. Patrimonio | AG31: Rent. Activo
O32: 1 | Z32: =(V32+W32)-T32 -> 0 | AA32: =IF($P32<>"",+IF(U32>0,+ROUNDDOWN(S32/U32,2),"INDETERMINADO"),"") | AB32: =IF($P32<>"",+IF(T32>0,+ROUNDDOWN(V32/T32,2),"INDETERMINADO"),"") | AC32: =IF($P32<>"",+IF(Y32>0,+ROUNDDOWN(X32/Y32,2),"INDETERMINADO"),"") | AD32: =IF($P32<>"",+(S32-U32),"") | AE32: =IF($P32<>"",+(T32-V32),"") | AF32: =IF($P32<>"",+IF(W32>0,+ROUNDDOWN(X32/W32,2),"INDETERMINADO"),"") | AG32: =IF($P32<>"",+IF(T32>0,+ROUNDDOWN(X32/T32,2),"INDETERMINADO"),"") | AH32: =AE32-W32 -> #VALUE!
O33: 2 | Z33: =(V33+W33)-T33 -> 0 | AA33: =IF($P33<>"",+IF(U33>0,+ROUNDDOWN(S33/U33,2),"INDETERMINADO"),"") | AB33: =IF($P33<>"",+IF(T33>0,+ROUNDDOWN(V33/T33,2),"INDETERMINADO"),"") | AC33: =IF($P33<>"",+IF(Y33>0,+ROUNDDOWN(X33/Y33,2),"INDETERMINADO"),"") | AD33: =IF($P33<>"",+(S33-U33),"") | AE33: =IF($P33<>"",+(T33-V33),"") | AF33: =IF($P33<>"",+IF(W33>0,+ROUNDDOWN(X33/W33,2),"INDETERMINADO"),"") | AG33: =IF($P33<>"",+IF(T33>0,+ROUNDDOWN(X33/T33,2),"INDETERMINADO"),"") | AH33: =AE33-W33 -> #VALUE!
B34: No. | C34: Nombre o Razón Social | D34: RESULTADOS CAPACIDAD FINANCIERA | J34: RESULTADOS CAPACIDAD ORGANIZACIONAL | O34: 3 | Z34: =(V34+W34)-T34 -> 0 | AA34: =IF($P34<>"",+IF(U34>0,+ROUNDDOWN(S34/U34,2),"INDETERMINADO"),"") | AB34: =IF($P34<>"",+IF(T34>0,+ROUNDDOWN(V34/T34,2),"INDETERMINADO"),"") | AC34: =IF($P34<>"",+IF(Y34>0,+ROUNDDOWN(X34/Y34,2),"INDETERMINADO"),"") | AD34: =IF($P34<>"",+(S34-U34),"") | AE34: =IF($P34<>"",+(T34-V34),"") | AF34: =IF($P34<>"",+IF(W34>0,+ROUNDDOWN(X34/W34,2),"INDETERMINADO"),"") | AG34: =IF($P34<>"",+IF(T34>0,+ROUNDDOWN(X34/T34,2),"INDETERMINADO"),"") | AH34: =AE34-W34 -> #VALUE!
D35: Liquidez | E35: Endeudamiento | F35: Cob. Intereses | G35: Cap. Trabajo | H35: Patrimonio | I35: Resultado | J35: Rent. Patrimonio | K35: Rent. Activo | L35: Resultado | O35: 4 | Z35: =(V35+W35)-T35 -> 0 | AA35: =IF($P35<>"",+IF(U35>0,+ROUNDDOWN(S35/U35,2),"INDETERMINADO"),"") | AB35: =IF($P35<>"",+IF(T35>0,+ROUNDDOWN(V35/T35,2),"INDETERMINADO"),"") | AC35: =IF($P35<>"",+IF(Y35>0,+ROUNDDOWN(X35/Y35,2),"INDETERMINADO"),"") | AD35: =IF($P35<>"",+(S35-U35),"") | AE35: =IF($P35<>"",+(T35-V35),"") | AF35: =IF($P35<>"",+IF(W35>0,+ROUNDDOWN(X35/W35,2),"INDETERMINADO"),"") | AG35: =IF($P35<>"",+IF(T35>0,+ROUNDDOWN(X35/T35,2),"INDETERMINADO"),"") | AH35: =AE35-W35 -> #VALUE!
B36: 1 | C36: =+IF(C17<>"",+C17,"") -> ANDRES FERNANDO MUÑOZ LOPEZ | D36: =+IF(C17<>"",+IF(G17>0,+ROUNDDOWN(+E17/G17,2),"Indeterminado"),"") -> 19.12 | E36: =+IF(C17<>"",+IF(F17>0,+ROUNDDOWN(+H17/F17,2),"Indeterminado"),"") -> 0.02 | F36: =+IF(C17<>"",+IF(K17>0,+ROUNDDOWN(+J17/K17,2),"Indeterminado"),"") -> Indeterminado | G36: =+IF(C17<>"",+S14-U14,"") -> 271924310 | H36: =+IF(C17<>"",+T14-V14,"") -> 510939160 | I36: =++IF(C17<>"",+IF(D37="Cumple",+IF(E37="Cumple",+IF(F37="Cumple",+IF(G37="Cumple",+IF(H37="Cumple","CUMPLE","NO CUMPLE"),"NO CUMPLE"),"NO CUMPLE"),"NO CUMPLE"),"NO CUMPLE"),"") -> CUMPLE | J36: =+IF(C17<>"",+IF(I17>0,+ROUNDDOWN(+J17/I17,2),"Indeterminado"),"") -> 0.43 | K36: =+IF(C17<>"",+IF(F17>0,+ROUNDDOWN(+J17/F17,2),"Indeterminado"),"") -> 0.42 | L36: =+IF(C17<>"",+IF(J37="Cumple",+IF(K37="Cumple","CUMPLE","NO CUMPLE"),"NO CUMPLE"),"") -> CUMPLE | N36: =+IF($C$17<>"",+IF(H36<>W14,"Error en registro de datos",""),"") | O36: 5 | Z36: =(V36+W36)-T36 -> 0 | AA36: =IF($P36<>"",+IF(U36>0,+ROUNDDOWN(S36/U36,2),"INDETERMINADO"),"") | AB36: =IF($P36<>"",+IF(T36>0,+ROUNDDOWN(V36/T36,2),"INDETERMINADO"),"") | AC36: =IF($P36<>"",+IF(Y36>0,+ROUNDDOWN(X36/Y36,2),"INDETERMINADO"),"") | AD36: =IF($P36<>"",+(S36-U36),"") | AE36: =IF($P36<>"",+(T36-V36),"") | AF36: =IF($P36<>"",+IF(W36>0,+ROUNDDOWN(X36/W36,2),"INDETERMINADO"),"") | AG36: =IF($P36<>"",+IF(T36>0,+ROUNDDOWN(X36/T36,2),"INDETERMINADO"),"") | AH36: =AE36-W36 -> #VALUE!
D37: =+IF(C17<>"",+IF(D36>=$L$7,"Cumple","NO CUMPLE"),"") -> Cumple | E37: =+IF(C17<>"",+IF(E36<=$L$8,"Cumple","NO CUMPLE"),"") -> Cumple | F37: =+IF(C17<>"",+IF(F36>=$L$9,"Cumple", "NO CUMPLE"),"") -> Cumple | G37: =+IF(C17<>"",+IF(G36>=$L$10,"Cumple", "NO CUMPLE"),"") -> Cumple | H37: =+IF(C17<>"",+IF(H36>=$L$11,"Cumple", "NO CUMPLE"),"") -> Cumple | J37: =+IF(C17<>"",+IF(J36>=$L$12,"Cumple", "NO CUMPLE"),"") -> Cumple | K37: =+IF(C17<>"",+IF(K36>=$L$13,"Cumple", "NO CUMPLE"),"") -> Cumple | O37: 6 | Z37: =(V37+W37)-T37 -> 0 | AA37: =IF($P37<>"",+IF(U37>0,+ROUNDDOWN(S37/U37,2),"INDETERMINADO"),"") | AB37: =IF($P37<>"",+IF(T37>0,+ROUNDDOWN(V37/T37,2),"INDETERMINADO"),"") | AC37: =IF($P37<>"",+IF(Y37>0,+ROUNDDOWN(X37/Y37,2),"INDETERMINADO"),"") | AD37: =IF($P37<>"",+(S37-U37),"") | AE37: =IF($P37<>"",+(T37-V37),"") | AF37: =IF($P37<>"",+IF(W37>0,+ROUNDDOWN(X37/W37,2),"INDETERMINADO"),"") | AG37: =IF($P37<>"",+IF(T37>0,+ROUNDDOWN(X37/T37,2),"INDETERMINADO"),"") | AH37: =AE37-W37 -> #VALUE!
B38: =+B36+1 -> 2 | C38: =+IF(C19<>"",+C19,"") | D38: =+IF(C19<>"",+IF(G19>0,+ROUNDDOWN(+E19/G19,2),"Indeterminado"),"") | E38: =+IF(C19<>"",+IF(F19>0,+ROUNDDOWN(+H19/F19,2),"Indeterminado"),"") | F38: =+IF(C19<>"",+IF(K19>0,+ROUNDDOWN(+J19/K19,2),"Indeterminado"),"") | G38: =+IF(C19<>"",+S26-U26,"") | H38: =+IF(C19<>"",+T26-V26,"") | I38: =++IF(C19<>"",+IF(D39="Cumple",+IF(E39="Cumple",+IF(F39="Cumple",+IF(G39="Cumple",+IF(H39="Cumple","CUMPLE","NO CUMPLE"),"NO CUMPLE"),"NO CUMPLE"),"NO CUMPLE"),"NO CUMPLE"),"") | J38: =+IF(C19<>"",+IF(I19>0,+ROUNDDOWN(+J19/I19,2),"Indeterminado"),"") | K38: =+IF(C19<>"",+IF(F19>0,+ROUNDDOWN(+J19/F19,2),"Indeterminado"),"") | L38: =+IF(C19<>"",+IF(J39="Cumple",+IF(K39="Cumple","CUMPLE","NO CUMPLE"),"NO CUMPLE"),"") | N38: =+IF($C$19<>"",+IF(H38<>W26,"Error en registro de datos",""),"") | P38: TOTAL GENERAL | R38: =SUM(R32:R37) -> 0 | S38: =SUM(S32:S37) -> 0 | T38: =SUM(T32:T37) -> 0 | U38: =SUM(U32:U37) -> 0 | V38: =SUM(V32:V37) -> 0 | W38: =SUM(W32:W37) -> 0 | X38: =SUM(X32:X37) -> 0 | Y38: =SUM(Y32:Y37) -> 0
D39: =+IF(C19<>"",+IF(D38>=$L$7,"Cumple","NO CUMPLE"),"") | E39: =+IF(C19<>"",+IF(E38<=$L$8,"Cumple","NO CUMPLE"),"") | F39: =+IF(C19<>"",+IF(F38>=$L$9,"Cumple", "NO CUMPLE"),"") | G39: =+IF(C19<>"",+IF(G38>=$L$10,"Cumple", "NO CUMPLE"),"") | H39: =+IF(C19<>"",+IF(H38>=$L$11,"Cumple", "NO CUMPLE"),"") | J39: =+IF(C19<>"",+IF(J38>=$L$12,"Cumple", "NO CUMPLE"),"") | K39: =+IF(C19<>"",+IF(K38>=$L$13,"Cumple", "NO CUMPLE"),"")
B40: =+B38+1 -> 3 | C40: =+IF(C21<>"",+C21,"") | D40: =+IF(C21<>"",+IF(G21>0,+ROUNDDOWN(+E21/G21,2),"Indeterminado"),"") | E40: =+IF(C21<>"",+IF(F21>0,+ROUNDDOWN(+H21/F21,2),"Indeterminado"),"") | F40: =+IF(C21<>"",+IF(K21>0,+ROUNDDOWN(+J21/K21,2),"Indeterminado"),"") | G40: =+IF(C21<>"",+S38-U38,"") | H40: =+IF(C21<>"",+T38-V38,"") | I40: =++IF(C21<>"",+IF(D41="Cumple",+IF(E41="Cumple",+IF(F41="Cumple",+IF(G41="Cumple",+IF(H41="Cumple","CUMPLE","NO CUMPLE"),"NO CUMPLE"),"NO CUMPLE"),"NO CUMPLE"),"NO CUMPLE"),"") | J40: =+IF(C21<>"",+IF(I21>0,+ROUNDDOWN(+J21/I21,2),"Indeterminado"),"") | K40: =+IF(C21<>"",+IF(F21>0,+ROUNDDOWN(+J21/F21,2),"Indeterminado"),"") | L40: =+IF(C21<>"",+IF(J41="Cumple",+IF(K41="Cumple","CUMPLE","NO CUMPLE"),"NO CUMPLE"),"") | N40: =+IF($C$21<>"",+IF(H40<>W38,"Error en registro de datos",""),"")
D41: =+IF(C21<>"",+IF(D40>=$L$7,"Cumple","NO CUMPLE"),"") | E41: =+IF(C21<>"",+IF(E40<=$L$8,"Cumple","NO CUMPLE"),"") | F41: =+IF(C21<>"",+IF(F40>=$L$9,"Cumple", "NO CUMPLE"),"") | G41: =+IF(C21<>"",+IF(G40>=$L$10,"Cumple", "NO CUMPLE"),"") | H41: =+IF(C21<>"",+IF(H40>=$L$11,"Cumple", "NO CUMPLE"),"") | J41: =+IF(C21<>"",+IF(J40>=$L$12,"Cumple", "NO CUMPLE"),"") | K41: =+IF(C21<>"",+IF(K40>=$L$13,"Cumple", "NO CUMPLE"),"")
B42: =+B40+1 -> 4 | C42: =+IF(C23<>"",+C23,"") | D42: =+IF(C23<>"",+IF(G23>0,+ROUNDDOWN(+E23/G23,2),"Indeterminado"),"") | E42: =+IF(C23<>"",+IF(F23>0,+ROUNDDOWN(+H23/F23,2),"Indeterminado"),"") | F42: =+IF(C23<>"",+IF(K23>0,+ROUNDDOWN(+J23/K23,2),"Indeterminado"),"") | G42: =+IF(C23<>"",+S50-U50,"") | H42: =+IF(C23<>"",+T50-V50,"") | I42: =++IF(C23<>"",+IF(D43="Cumple",+IF(E43="Cumple",+IF(F43="Cumple",+IF(G43="Cumple",+IF(H43="Cumple","CUMPLE","NO CUMPLE"),"NO CUMPLE"),"NO CUMPLE"),"NO CUMPLE"),"NO CUMPLE"),"") | J42: =+IF(C23<>"",+IF(I23>0,+ROUNDDOWN(+J23/I23,2),"Indeterminado"),"") | K42: =+IF(C23<>"",+IF(F23>0,+ROUNDDOWN(+J23/F23,2),"Indeterminado"),"") | L42: =+IF(C23<>"",+IF(J43="Cumple",+IF(K43="Cumple","CUMPLE","NO CUMPLE"),"NO CUMPLE"),"") | N42: =+IF($C$23<>"",+IF(H42<>W50,"Error en registro de datos",""),"") | P42: Nombre o Razón Social - Folios | AA42: RESULTADOS CAPACIDAD FINANCIERA | AF42: RESULTADOS CAPACIDAD ORGANIZACIONAL
D43: =+IF(C23<>"",+IF(D42>=$L$7,"Cumple","NO CUMPLE"),"") | E43: =+IF(C23<>"",+IF(E42<=$L$8,"Cumple","NO CUMPLE"),"") | F43: =+IF(C23<>"",+IF(F42>=$L$9,"Cumple", "NO CUMPLE"),"") | G43: =+IF(C23<>"",+IF(G42>=$L$10,"Cumple", "NO CUMPLE"),"") | H43: =+IF(C23<>"",+IF(H42>=$L$11,"Cumple", "NO CUMPLE"),"") | J43: =+IF(C23<>"",+IF(J42>=$L$12,"Cumple", "NO CUMPLE"),"") | K43: =+IF(C23<>"",+IF(K42>=$L$13,"Cumple", "NO CUMPLE"),"") | O43: 4 | Q43: CC o NIT | R43: % | S43: Activo Cte. | T43: Activo Total | U43: Pasivo Cte. | V43: Pasivo Total | W43: Patrimonio | X43: Utilidad Operac. | Y43: Gasto Intereses | AA43: Liquidez | AB43: Endeudamiento | AC43: Cob. Intereses | AD43: Cap. Trabajo | AE43: Patrimonio | AF43: Rent. Patrimonio | AG43: Rent. Activo
B44: =+B42+1 -> 5 | C44: =+IF(C25<>"",+C25,"") | D44: =+IF(C25<>"",+IF(G25>0,+ROUNDDOWN(+E25/G25,2),"Indeterminado"),"") | E44: =+IF(C25<>"",+IF(F25>0,+ROUNDDOWN(+H25/F25,2),"Indeterminado"),"") | F44: =+IF(C25<>"",+IF(K25>0,+ROUNDDOWN(+J25/K25,2),"Indeterminado"),"") | G44: =+IF(C25<>"",+S64-U64,"") | H44: =+IF(C25<>"",+T64-V64,"") | I44: =++IF(C25<>"",+IF(D45="Cumple",+IF(E45="Cumple",+IF(F45="Cumple",+IF(G45="Cumple",+IF(H45="Cumple","CUMPLE","NO CUMPLE"),"NO CUMPLE"),"NO CUMPLE"),"NO CUMPLE"),"NO CUMPLE"),"") | J44: =+IF(C25<>"",+IF(I25>0,+ROUNDDOWN(+J25/I25,2),"Indeterminado"),"") | K44: =+IF(C25<>"",+IF(F25>0,+ROUNDDOWN(+J25/F25,2),"Indeterminado"),"") | L44: =+IF(C25<>"",+IF(J45="Cumple",+IF(K45="Cumple","CUMPLE","NO CUMPLE"),"NO CUMPLE"),"") | N44: =+IF($C$25<>"",+IF(H44<>W64,"Error en registro de datos",""),"") | O44: 1 | Z44: =(V44+W44)-T44 -> 0 | AA44: =IF($P44<>"",+IF(U44>0,+ROUNDDOWN(S44/U44,2),"INDETERMINADO"),"") | AB44: =IF($P44<>"",+IF(T44>0,+ROUNDDOWN(V44/T44,2),"INDETERMINADO"),"") | AC44: =IF($P44<>"",+IF(Y44>0,+ROUNDDOWN(X44/Y44,2),"INDETERMINADO"),"") | AD44: =IF($P44<>"",+(S44-U44),"") | AE44: =IF($P44<>"",+(T44-V44),"") | AF44: =IF($P44<>"",+IF(W44>0,+ROUNDDOWN(X44/W44,2),"INDETERMINADO"),"") | AG44: =IF($P44<>"",+IF(T44>0,+ROUNDDOWN(X44/T44,2),"INDETERMINADO"),"") | AH44: =AE44-W44 -> #VALUE!
D45: =+IF(C25<>"",+IF(D44>=$L$7,"Cumple","NO CUMPLE"),"") | E45: =+IF(C25<>"",+IF(E44<=$L$8,"Cumple","NO CUMPLE"),"") | F45: =+IF(C25<>"",+IF(F44>=$L$9,"Cumple", "NO CUMPLE"),"") | G45: =+IF(C25<>"",+IF(G44>=$L$10,"Cumple", "NO CUMPLE"),"") | H45: =+IF(C25<>"",+IF(H44>=$L$11,"Cumple", "NO CUMPLE"),"") | J45: =+IF(C25<>"",+IF(J44>=$L$12,"Cumple", "NO CUMPLE"),"") | K45: =+IF(C25<>"",+IF(K44>=$L$13,"Cumple", "NO CUMPLE"),"") | O45: 2 | Z45: =(V45+W45)-T45 -> 0 | AA45: =IF($P45<>"",+IF(U45>0,+ROUNDDOWN(S45/U45,2),"INDETERMINADO"),"") | AB45: =IF($P45<>"",+IF(T45>0,+ROUNDDOWN(V45/T45,2),"INDETERMINADO"),"") | AC45: =IF($P45<>"",+IF(Y45>0,+ROUNDDOWN(X45/Y45,2),"INDETERMINADO"),"") | AD45: =IF($P45<>"",+(S45-U45),"") | AE45: =IF($P45<>"",+(T45-V45),"") | AF45: =IF($P45<>"",+IF(W45>0,+ROUNDDOWN(X45/W45,2),"INDETERMINADO"),"") | AG45: =IF($P45<>"",+IF(T45>0,+ROUNDDOWN(X45/T45,2),"INDETERMINADO"),"") | AH45: =AE45-W45 -> #VALUE!
B46: =+B44+1 -> 6 | C46: =+IF(C27<>"",+C27,"") | D46: =+IF(C27<>"",+IF(G27>0,+ROUNDDOWN(+E27/G27,2),"Indeterminado"),"") | E46: =+IF(C27<>"",+IF(F27>0,+ROUNDDOWN(+H27/F27,2),"Indeterminado"),"") | F46: =+IF(C27<>"",+IF(K27>0,+ROUNDDOWN(+J27/K27,2),"Indeterminado"),"") | G46: =+IF(C27<>"",+S76-U76,"") | H46: =+IF(C27<>"",+T76-V76,"") | I46: =++IF(C27<>"",+IF(D47="Cumple",+IF(E47="Cumple",+IF(F47="Cumple",+IF(G47="Cumple",+IF(H47="Cumple","CUMPLE","NO CUMPLE"),"NO CUMPLE"),"NO CUMPLE"),"NO CUMPLE"),"NO CUMPLE"),"") | J46: =+IF(C27<>"",+IF(I27>0,+ROUNDDOWN(+J27/I27,2),"Indeterminado"),"") | K46: =+IF(C27<>"",+IF(F27>0,+ROUNDDOWN(+J27/F27,2),"Indeterminado"),"") | L46: =+IF(C27<>"",+IF(J47="Cumple",+IF(K47="Cumple","CUMPLE","NO CUMPLE"),"NO CUMPLE"),"") | N46: =+IF($C$27<>"",+IF(H46<>W76,"Error en registro de datos",""),"") | O46: 3 | Z46: =(V46+W46)-T46 -> 0 | AA46: =IF($P46<>"",+IF(U46>0,+ROUNDDOWN(S46/U46,2),"INDETERMINADO"),"") | AB46: =IF($P46<>"",+IF(T46>0,+ROUNDDOWN(V46/T46,2),"INDETERMINADO"),"") | AC46: =IF($P46<>"",+IF(Y46>0,+ROUNDDOWN(X46/Y46,2),"INDETERMINADO"),"") | AD46: =IF($P46<>"",+(S46-U46),"") | AE46: =IF($P46<>"",+(T46-V46),"") | AF46: =IF($P46<>"",+IF(W46>0,+ROUNDDOWN(X46/W46,2),"INDETERMINADO"),"") | AG46: =IF($P46<>"",+IF(T46>0,+ROUNDDOWN(X46/T46,2),"INDETERMINADO"),"") | AH46: =AE46-W46 -> #VALUE!
D47: =+IF(C27<>"",+IF(D46>=$L$7,"Cumple","NO CUMPLE"),"") | E47: =+IF(C27<>"",+IF(E46<=$L$8,"Cumple","NO CUMPLE"),"") | F47: =+IF(C27<>"",+IF(F46>=$L$9,"Cumple", "NO CUMPLE"),"") | G47: =+IF(C27<>"",+IF(G46>=$L$10,"Cumple", "NO CUMPLE"),"") | H47: =+IF(C27<>"",+IF(H46>=$L$11,"Cumple", "NO CUMPLE"),"") | J47: =+IF(C27<>"",+IF(J46>=$L$12,"Cumple", "NO CUMPLE"),"") | K47: =+IF(C27<>"",+IF(K46>=$L$13,"Cumple", "NO CUMPLE"),"") | O47: 4 | Z47: =(V47+W47)-T47 -> 0 | AA47: =IF($P47<>"",+IF(U47>0,+ROUNDDOWN(S47/U47,2),"INDETERMINADO"),"") | AB47: =IF($P47<>"",+IF(T47>0,+ROUNDDOWN(V47/T47,2),"INDETERMINADO"),"") | AC47: =IF($P47<>"",+IF(Y47>0,+ROUNDDOWN(X47/Y47,2),"INDETERMINADO"),"") | AD47: =IF($P47<>"",+(S47-U47),"") | AE47: =IF($P47<>"",+(T47-V47),"") | AF47: =IF($P47<>"",+IF(W47>0,+ROUNDDOWN(X47/W47,2),"INDETERMINADO"),"") | AG47: =IF($P47<>"",+IF(T47>0,+ROUNDDOWN(X47/T47,2),"INDETERMINADO"),"") | AH47: =AE47-W47 -> #VALUE!
B48: =+B46+1 -> 7 | C48: =+IF(C29<>"",+C29,"") | D48: =+IF(C29<>"",+IF(G29>0,+ROUNDDOWN(+E29/G29,2),"Indeterminado"),"") | E48: =+IF(C29<>"",+IF(F29>0,+ROUNDDOWN(+H29/F29,2),"Indeterminado"),"") | F48: =+IF(C29<>"",+IF(K29>0,+ROUNDDOWN(+J29/K29,2),"Indeterminado"),"") | G48: =+IF(C29<>"",+S88-U88,"") | H48: =+IF(C29<>"",+T88-V88,"") | I48: =++IF(C29<>"",+IF(D49="Cumple",+IF(E49="Cumple",+IF(F49="Cumple",+IF(G49="Cumple",+IF(H49="Cumple","CUMPLE","NO CUMPLE"),"NO CUMPLE"),"NO CUMPLE"),"NO CUMPLE"),"NO CUMPLE"),"") | J48: =+IF(C29<>"",+IF(I29>0,+ROUNDDOWN(+J29/I29,2),"Indeterminado"),"") | K48: =+IF(C29<>"",+IF(F29>0,+ROUNDDOWN(+J29/F29,2),"Indeterminado"),"") | L48: =+IF(C29<>"",+IF(J49="Cumple",+IF(K49="Cumple","CUMPLE","NO CUMPLE"),"NO CUMPLE"),"") | N48: =+IF($C$29<>"",+IF(H48<>W88,"Error en registro de datos",""),"") | O48: 5 | Z48: =(V48+W48)-T48 -> 0 | AA48: =IF($P48<>"",+IF(U48>0,+ROUNDDOWN(S48/U48,2),"INDETERMINADO"),"") | AB48: =IF($P48<>"",+IF(T48>0,+ROUNDDOWN(V48/T48,2),"INDETERMINADO"),"") | AC48: =IF($P48<>"",+IF(Y48>0,+ROUNDDOWN(X48/Y48,2),"INDETERMINADO"),"") | AD48: =IF($P48<>"",+(S48-U48),"") | AE48: =IF($P48<>"",+(T48-V48),"") | AF48: =IF($P48<>"",+IF(W48>0,+ROUNDDOWN(X48/W48,2),"INDETERMINADO"),"") | AG48: =IF($P48<>"",+IF(T48>0,+ROUNDDOWN(X48/T48,2),"INDETERMINADO"),"") | AH48: =AE48-W48 -> #VALUE!
D49: =+IF(C29<>"",+IF(D48>=$L$7,"Cumple","NO CUMPLE"),"") | E49: =+IF(C29<>"",+IF(E48<=$L$8,"Cumple","NO CUMPLE"),"") | F49: =+IF(C29<>"",+IF(F48>=$L$9,"Cumple", "NO CUMPLE"),"") | G49: =+IF(C29<>"",+IF(G48>=$L$10,"Cumple", "NO CUMPLE"),"") | H49: =+IF(C29<>"",+IF(H48>=$L$11,"Cumple", "NO CUMPLE"),"") | J49: =+IF(C29<>"",+IF(J48>=$L$12,"Cumple", "NO CUMPLE"),"") | K49: =+IF(C29<>"",+IF(K48>=$L$13,"Cumple", "NO CUMPLE"),"") | O49: 6 | Z49: =(V49+W49)-T49 -> 0 | AA49: =IF($P49<>"",+IF(U49>0,+ROUNDDOWN(S49/U49,2),"INDETERMINADO"),"") | AB49: =IF($P49<>"",+IF(T49>0,+ROUNDDOWN(V49/T49,2),"INDETERMINADO"),"") | AC49: =IF($P49<>"",+IF(Y49>0,+ROUNDDOWN(X49/Y49,2),"INDETERMINADO"),"") | AD49: =IF($P49<>"",+(S49-U49),"") | AE49: =IF($P49<>"",+(T49-V49),"") | AF49: =IF($P49<>"",+IF(W49>0,+ROUNDDOWN(X49/W49,2),"INDETERMINADO"),"") | AG49: =IF($P49<>"",+IF(T49>0,+ROUNDDOWN(X49/T49,2),"INDETERMINADO"),"") | AH49: =AE49-W49 -> #VALUE!
B50: =+B48+1 -> 8 | C50: =+IF(C31<>"",+C31,"") | D50: =+IF(C31<>"",+IF(G31>0,+ROUNDDOWN(+E31/G31,2),"Indeterminado"),"") | E50: =+IF(C31<>"",+IF(F31>0,+ROUNDDOWN(+H31/F31,2),"Indeterminado"),"") | F50: =+IF(C31<>"",+IF(K31>0,+ROUNDDOWN(+J31/K31,2),"Indeterminado"),"") | G50: =+IF(C31<>"",+S100-U100,"") | H50: =+IF(C31<>"",+T100-V100,"") | I50: =++IF(C31<>"",+IF(D51="Cumple",+IF(E51="Cumple",+IF(F51="Cumple",+IF(G51="Cumple",+IF(H51="Cumple","CUMPLE","NO CUMPLE"),"NO CUMPLE"),"NO CUMPLE"),"NO CUMPLE"),"NO CUMPLE"),"") | J50: =+IF(C31<>"",+IF(I31>0,+ROUNDDOWN(+J31/I31,2),"Indeterminado"),"") | K50: =+IF(C31<>"",+IF(F31>0,+ROUNDDOWN(+J31/F31,2),"Indeterminado"),"") | L50: =+IF(C31<>"",+IF(J51="Cumple",+IF(K51="Cumple","CUMPLE","NO CUMPLE"),"NO CUMPLE"),"") | N50: =+IF($C$31<>"",+IF(H50<>W100,"Error en registro de datos",""),"") | P50: TOTAL GENERAL | R50: =SUM(R44:R49) -> 0 | S50: =SUM(S44:S49) -> 0 | T50: =SUM(T44:T49) -> 0 | U50: =SUM(U44:U49) -> 0 | V50: =SUM(V44:V49) -> 0 | W50: =SUM(W44:W49) -> 0 | X50: =SUM(X44:X49) -> 0 | Y50: =SUM(Y44:Y49) -> 0
D51: =+IF(C31<>"",+IF(D50>=$L$7,"Cumple","NO CUMPLE"),"") | E51: =+IF(C31<>"",+IF(E50<=$L$8,"Cumple","NO CUMPLE"),"") | F51: =+IF(C31<>"",+IF(F50>=$L$9,"Cumple", "NO CUMPLE"),"") | G51: =+IF(C31<>"",+IF(G50>=$L$10,"Cumple", "NO CUMPLE"),"") | H51: =+IF(C31<>"",+IF(H50>=$L$11,"Cumple", "NO CUMPLE"),"") | J51: =+IF(C31<>"",+IF(J50>=$L$12,"Cumple", "NO CUMPLE"),"") | K51: =+IF(C31<>"",+IF(K50>=$L$13,"Cumple", "NO CUMPLE"),"")
B52: Liquidez = (Activo corriente/Pasivo corriente). Endeudamiento = (Pasivo total/Activo total). Cobertura de intereses = (Utilidad operacional/Gastos de intereses). Capital de trabajo = (Activo corriente - Pasivo corriente).
B53: Patrimonio = (Activo total - Pasivo total). Rentabilidad del patrimonio = (Utilidad operacional/Patrimonio). Rentabilidad del activo = (Utilidad operacional/Activo total)
B54: **La evaluación Financiera de Estructuras plurales, son calculadas de acuerdo a las partidas financieras de cada uno de los integrantes, de manera proporcional a su porcentaje de Participación, salvo para el Capital de Trabajo y Patrimonio, donde el cálculo se realiza de acuerdo a la sumatoria de los indicadores correspondientes.
P56: Nombre o Razón Social - Folios | AA56: RESULTADOS CAPACIDAD FINANCIERA | AF56: RESULTADOS CAPACIDAD ORGANIZACIONAL
O57: 5 | Q57: CC o NIT | R57: % | S57: Activo Cte. | T57: Activo Total | U57: Pasivo Cte. | V57: Pasivo Total | W57: Patrimonio | X57: Utilidad Operac. | Y57: Gasto Intereses | AA57: Liquidez | AB57: Endeudamiento | AC57: Cob. Intereses | AD57: Cap. Trabajo | AE57: Patrimonio | AF57: Rent. Patrimonio | AG57: Rent. Activo
O58: 1 | Z58: =(V58+W58)-T58 -> 0 | AA58: =IF($P58<>"",+IF(U58>0,+ROUNDDOWN(S58/U58,2),"INDETERMINADO"),"") | AB58: =IF($P58<>"",+IF(T58>0,+ROUNDDOWN(V58/T58,2),"INDETERMINADO"),"") | AC58: =IF($P58<>"",+IF(Y58>0,+ROUNDDOWN(X58/Y58,2),"INDETERMINADO"),"") | AD58: =IF($P58<>"",+(S58-U58),"") | AE58: =IF($P58<>"",+(T58-V58),"") | AF58: =IF($P58<>"",+IF(W58>0,+ROUNDDOWN(X58/W58,2),"INDETERMINADO"),"") | AG58: =IF($P58<>"",+IF(T58>0,+ROUNDDOWN(X58/T58,2),"INDETERMINADO"),"") | AH58: =AE58-W58 -> #VALUE!
B59: ADRIANO ESTEBAN ROSERO GRIJALBA | O59: 2 | Z59: =(V59+W59)-T59 -> 0 | AA59: =IF($P59<>"",+IF(U59>0,+ROUNDDOWN(S59/U59,2),"INDETERMINADO"),"") | AB59: =IF($P59<>"",+IF(T59>0,+ROUNDDOWN(V59/T59,2),"INDETERMINADO"),"") | AC59: =IF($P59<>"",+IF(Y59>0,+ROUNDDOWN(X59/Y59,2),"INDETERMINADO"),"") | AD59: =IF($P59<>"",+(S59-U59),"") | AE59: =IF($P59<>"",+(T59-V59),"") | AF59: =IF($P59<>"",+IF(W59>0,+ROUNDDOWN(X59/W59,2),"INDETERMINADO"),"") | AG59: =IF($P59<>"",+IF(T59>0,+ROUNDDOWN(X59/T59,2),"INDETERMINADO"),"") | AH59: =AE59-W59 -> #VALUE!
B60: Evaluador Financiero | L60: Hoja 1 | O60: 3 | Z60: =(V60+W60)-T60 -> 0 | AA60: =IF($P60<>"",+IF(U60>0,+ROUNDDOWN(S60/U60,2),"INDETERMINADO"),"") | AB60: =IF($P60<>"",+IF(T60>0,+ROUNDDOWN(V60/T60,2),"INDETERMINADO"),"") | AC60: =IF($P60<>"",+IF(Y60>0,+ROUNDDOWN(X60/Y60,2),"INDETERMINADO"),"") | AD60: =IF($P60<>"",+(S60-U60),"") | AE60: =IF($P60<>"",+(T60-V60),"") | AF60: =IF($P60<>"",+IF(W60>0,+ROUNDDOWN(X60/W60,2),"INDETERMINADO"),"") | AG60: =IF($P60<>"",+IF(T60>0,+ROUNDDOWN(X60/T60,2),"INDETERMINADO"),"") | AH60: =AE60-W60 -> #VALUE!
B61: (evaluador) | O61: 4 | Z61: =(V61+W61)-T61 -> 0 | AA61: =IF($P61<>"",+IF(U61>0,+ROUNDDOWN(S61/U61,2),"INDETERMINADO"),"") | AB61: =IF($P61<>"",+IF(T61>0,+ROUNDDOWN(V61/T61,2),"INDETERMINADO"),"") | AC61: =IF($P61<>"",+IF(Y61>0,+ROUNDDOWN(X61/Y61,2),"INDETERMINADO"),"") | AD61: =IF($P61<>"",+(S61-U61),"") | AE61: =IF($P61<>"",+(T61-V61),"") | AF61: =IF($P61<>"",+IF(W61>0,+ROUNDDOWN(X61/W61,2),"INDETERMINADO"),"") | AG61: =IF($P61<>"",+IF(T61>0,+ROUNDDOWN(X61/T61,2),"INDETERMINADO"),"") | AH61: =AE61-W61 -> #VALUE!
O62: 5 | Z62: =(V62+W62)-T62 -> 0 | AA62: =IF($P62<>"",+IF(U62>0,+ROUNDDOWN(S62/U62,2),"INDETERMINADO"),"") | AB62: =IF($P62<>"",+IF(T62>0,+ROUNDDOWN(V62/T62,2),"INDETERMINADO"),"") | AC62: =IF($P62<>"",+IF(Y62>0,+ROUNDDOWN(X62/Y62,2),"INDETERMINADO"),"") | AD62: =IF($P62<>"",+(S62-U62),"") | AE62: =IF($P62<>"",+(T62-V62),"") | AF62: =IF($P62<>"",+IF(W62>0,+ROUNDDOWN(X62/W62,2),"INDETERMINADO"),"") | AG62: =IF($P62<>"",+IF(T62>0,+ROUNDDOWN(X62/T62,2),"INDETERMINADO"),"") | AH62: =AE62-W62 -> #VALUE!
O63: 6 | Z63: =(V63+W63)-T63 -> 0 | AA63: =IF($P63<>"",+IF(U63>0,+ROUNDDOWN(S63/U63,2),"INDETERMINADO"),"") | AB63: =IF($P63<>"",+IF(T63>0,+ROUNDDOWN(V63/T63,2),"INDETERMINADO"),"") | AC63: =IF($P63<>"",+IF(Y63>0,+ROUNDDOWN(X63/Y63,2),"INDETERMINADO"),"") | AD63: =IF($P63<>"",+(S63-U63),"") | AE63: =IF($P63<>"",+(T63-V63),"") | AF63: =IF($P63<>"",+IF(W63>0,+ROUNDDOWN(X63/W63,2),"INDETERMINADO"),"") | AG63: =IF($P63<>"",+IF(T63>0,+ROUNDDOWN(X63/T63,2),"INDETERMINADO"),"") | AH63: =AE63-W63 -> #VALUE!
P64: TOTAL GENERAL | R64: =SUM(R58:R63) -> 0 | S64: =SUM(S58:S63) -> 0 | T64: =SUM(T58:T63) -> 0 | U64: =SUM(U58:U63) -> 0 | V64: =SUM(V58:V63) -> 0 | W64: =SUM(W58:W63) -> 0 | X64: =SUM(X58:X63) -> 0 | Y64: =SUM(Y58:Y63) -> 0
P68: Nombre o Razón Social - Folios | AA68: RESULTADOS CAPACIDAD FINANCIERA | AF68: RESULTADOS CAPACIDAD ORGANIZACIONAL
O69: 6 | Q69: CC o NIT | R69: % | S69: Activo Cte. | T69: Activo Total | U69: Pasivo Cte. | V69: Pasivo Total | W69: Patrimonio | X69: Utilidad Operac. | Y69: Gasto Intereses | AA69: Liquidez | AB69: Endeudamiento | AC69: Cob. Intereses | AD69: Cap. Trabajo | AE69: Patrimonio | AF69: Rent. Patrimonio | AG69: Rent. Activo
O70: 1 | Z70: =(V70+W70)-T70 -> 0 | AA70: =IF($P70<>"",+IF(U70>0,+ROUNDDOWN(S70/U70,2),"INDETERMINADO"),"") | AB70: =IF($P70<>"",+IF(T70>0,+ROUNDDOWN(V70/T70,2),"INDETERMINADO"),"") | AC70: =IF($P70<>"",+IF(Y70>0,+ROUNDDOWN(X70/Y70,2),"INDETERMINADO"),"") | AD70: =IF($P70<>"",+(S70-U70),"") | AE70: =IF($P70<>"",+(T70-V70),"") | AF70: =IF($P70<>"",+IF(W70>0,+ROUNDDOWN(X70/W70,2),"INDETERMINADO"),"") | AG70: =IF($P70<>"",+IF(T70>0,+ROUNDDOWN(X70/T70,2),"INDETERMINADO"),"") | AH70: =AE70-W70 -> #VALUE!
O71: 2 | Z71: =(V71+W71)-T71 -> 0 | AA71: =IF($P71<>"",+IF(U71>0,+ROUNDDOWN(S71/U71,2),"INDETERMINADO"),"") | AB71: =IF($P71<>"",+IF(T71>0,+ROUNDDOWN(V71/T71,2),"INDETERMINADO"),"") | AC71: =IF($P71<>"",+IF(Y71>0,+ROUNDDOWN(X71/Y71,2),"INDETERMINADO"),"") | AD71: =IF($P71<>"",+(S71-U71),"") | AE71: =IF($P71<>"",+(T71-V71),"") | AF71: =IF($P71<>"",+IF(W71>0,+ROUNDDOWN(X71/W71,2),"INDETERMINADO"),"") | AG71: =IF($P71<>"",+IF(T71>0,+ROUNDDOWN(X71/T71,2),"INDETERMINADO"),"") | AH71: =AE71-W71 -> #VALUE!
O72: 3 | Z72: =(V72+W72)-T72 -> 0 | AA72: =IF($P72<>"",+IF(U72>0,+ROUNDDOWN(S72/U72,2),"INDETERMINADO"),"") | AB72: =IF($P72<>"",+IF(T72>0,+ROUNDDOWN(V72/T72,2),"INDETERMINADO"),"") | AC72: =IF($P72<>"",+IF(Y72>0,+ROUNDDOWN(X72/Y72,2),"INDETERMINADO"),"") | AD72: =IF($P72<>"",+(S72-U72),"") | AE72: =IF($P72<>"",+(T72-V72),"") | AF72: =IF($P72<>"",+IF(W72>0,+ROUNDDOWN(X72/W72,2),"INDETERMINADO"),"") | AG72: =IF($P72<>"",+IF(T72>0,+ROUNDDOWN(X72/T72,2),"INDETERMINADO"),"") | AH72: =AE72-W72 -> #VALUE!
O73: 4 | Z73: =(V73+W73)-T73 -> 0 | AA73: =IF($P73<>"",+IF(U73>0,+ROUNDDOWN(S73/U73,2),"INDETERMINADO"),"") | AB73: =IF($P73<>"",+IF(T73>0,+ROUNDDOWN(V73/T73,2),"INDETERMINADO"),"") | AC73: =IF($P73<>"",+IF(Y73>0,+ROUNDDOWN(X73/Y73,2),"INDETERMINADO"),"") | AD73: =IF($P73<>"",+(S73-U73),"") | AE73: =IF($P73<>"",+(T73-V73),"") | AF73: =IF($P73<>"",+IF(W73>0,+ROUNDDOWN(X73/W73,2),"INDETERMINADO"),"") | AG73: =IF($P73<>"",+IF(T73>0,+ROUNDDOWN(X73/T73,2),"INDETERMINADO"),"") | AH73: =AE73-W73 -> #VALUE!
O74: 5 | Z74: =(V74+W74)-T74 -> 0 | AA74: =IF($P74<>"",+IF(U74>0,+ROUNDDOWN(S74/U74,2),"INDETERMINADO"),"") | AB74: =IF($P74<>"",+IF(T74>0,+ROUNDDOWN(V74/T74,2),"INDETERMINADO"),"") | AC74: =IF($P74<>"",+IF(Y74>0,+ROUNDDOWN(X74/Y74,2),"INDETERMINADO"),"") | AD74: =IF($P74<>"",+(S74-U74),"") | AE74: =IF($P74<>"",+(T74-V74),"") | AF74: =IF($P74<>"",+IF(W74>0,+ROUNDDOWN(X74/W74,2),"INDETERMINADO"),"") | AG74: =IF($P74<>"",+IF(T74>0,+ROUNDDOWN(X74/T74,2),"INDETERMINADO"),"") | AH74: =AE74-W74 -> #VALUE!
O75: 6 | Z75: =(V75+W75)-T75 -> 0 | AA75: =IF($P75<>"",+IF(U75>0,+ROUNDDOWN(S75/U75,2),"INDETERMINADO"),"") | AB75: =IF($P75<>"",+IF(T75>0,+ROUNDDOWN(V75/T75,2),"INDETERMINADO"),"") | AC75: =IF($P75<>"",+IF(Y75>0,+ROUNDDOWN(X75/Y75,2),"INDETERMINADO"),"") | AD75: =IF($P75<>"",+(S75-U75),"") | AE75: =IF($P75<>"",+(T75-V75),"") | AF75: =IF($P75<>"",+IF(W75>0,+ROUNDDOWN(X75/W75,2),"INDETERMINADO"),"") | AG75: =IF($P75<>"",+IF(T75>0,+ROUNDDOWN(X75/T75,2),"INDETERMINADO"),"") | AH75: =AE75-W75 -> #VALUE!
P76: TOTAL GENERAL | R76: =SUM(R70:R75) -> 0 | S76: =SUM(S70:S75) -> 0 | T76: =SUM(T70:T75) -> 0 | U76: =SUM(U70:U75) -> 0 | V76: =SUM(V70:V75) -> 0 | W76: =SUM(W70:W75) -> 0 | X76: =SUM(X70:X75) -> 0 | Y76: =SUM(Y70:Y75) -> 0
P80: Nombre o Razón Social - Folios | AA80: RESULTADOS CAPACIDAD FINANCIERA | AF80: RESULTADOS CAPACIDAD ORGANIZACIONAL
O81: 7 | Q81: CC o NIT | R81: % | S81: Activo Cte. | T81: Activo Total | U81: Pasivo Cte. | V81: Pasivo Total | W81: Patrimonio | X81: Utilidad Operac. | Y81: Gasto Intereses | AA81: Liquidez | AB81: Endeudamiento | AC81: Cob. Intereses | AD81: Cap. Trabajo | AE81: Patrimonio | AF81: Rent. Patrimonio | AG81: Rent. Activo
O82: 1 | Z82: =(V82+W82)-T82 -> 0 | AA82: =IF($P82<>"",+IF(U82>0,+ROUNDDOWN(S82/U82,2),"INDETERMINADO"),"") | AB82: =IF($P82<>"",+IF(T82>0,+ROUNDDOWN(V82/T82,2),"INDETERMINADO"),"") | AC82: =IF($P82<>"",+IF(Y82>0,+ROUNDDOWN(X82/Y82,2),"INDETERMINADO"),"") | AD82: =IF($P82<>"",+(S82-U82),"") | AE82: =IF($P82<>"",+(T82-V82),"") | AF82: =IF($P82<>"",+IF(W82>0,+ROUNDDOWN(X82/W82,2),"INDETERMINADO"),"") | AG82: =IF($P82<>"",+IF(T82>0,+ROUNDDOWN(X82/T82,2),"INDETERMINADO"),"") | AH82: =AE82-W82 -> #VALUE!
O83: 2 | Z83: =(V83+W83)-T83 -> 0 | AA83: =IF($P83<>"",+IF(U83>0,+ROUNDDOWN(S83/U83,2),"INDETERMINADO"),"") | AB83: =IF($P83<>"",+IF(T83>0,+ROUNDDOWN(V83/T83,2),"INDETERMINADO"),"") | AC83: =IF($P83<>"",+IF(Y83>0,+ROUNDDOWN(X83/Y83,2),"INDETERMINADO"),"") | AD83: =IF($P83<>"",+(S83-U83),"") | AE83: =IF($P83<>"",+(T83-V83),"") | AF83: =IF($P83<>"",+IF(W83>0,+ROUNDDOWN(X83/W83,2),"INDETERMINADO"),"") | AG83: =IF($P83<>"",+IF(T83>0,+ROUNDDOWN(X83/T83,2),"INDETERMINADO"),"") | AH83: =AE83-W83 -> #VALUE!
O84: 3 | Z84: =(V84+W84)-T84 -> 0 | AA84: =IF($P84<>"",+IF(U84>0,+ROUNDDOWN(S84/U84,2),"INDETERMINADO"),"") | AB84: =IF($P84<>"",+IF(T84>0,+ROUNDDOWN(V84/T84,2),"INDETERMINADO"),"") | AC84: =IF($P84<>"",+IF(Y84>0,+ROUNDDOWN(X84/Y84,2),"INDETERMINADO"),"") | AD84: =IF($P84<>"",+(S84-U84),"") | AE84: =IF($P84<>"",+(T84-V84),"") | AF84: =IF($P84<>"",+IF(W84>0,+ROUNDDOWN(X84/W84,2),"INDETERMINADO"),"") | AG84: =IF($P84<>"",+IF(T84>0,+ROUNDDOWN(X84/T84,2),"INDETERMINADO"),"") | AH84: =AE84-W84 -> #VALUE!
O85: 4 | Z85: =(V85+W85)-T85 -> 0 | AA85: =IF($P85<>"",+IF(U85>0,+ROUNDDOWN(S85/U85,2),"INDETERMINADO"),"") | AB85: =IF($P85<>"",+IF(T85>0,+ROUNDDOWN(V85/T85,2),"INDETERMINADO"),"") | AC85: =IF($P85<>"",+IF(Y85>0,+ROUNDDOWN(X85/Y85,2),"INDETERMINADO"),"") | AD85: =IF($P85<>"",+(S85-U85),"") | AE85: =IF($P85<>"",+(T85-V85),"") | AF85: =IF($P85<>"",+IF(W85>0,+ROUNDDOWN(X85/W85,2),"INDETERMINADO"),"") | AG85: =IF($P85<>"",+IF(T85>0,+ROUNDDOWN(X85/T85,2),"INDETERMINADO"),"") | AH85: =AE85-W85 -> #VALUE!
O86: 5 | Z86: =(V86+W86)-T86 -> 0 | AA86: =IF($P86<>"",+IF(U86>0,+ROUNDDOWN(S86/U86,2),"INDETERMINADO"),"") | AB86: =IF($P86<>"",+IF(T86>0,+ROUNDDOWN(V86/T86,2),"INDETERMINADO"),"") | AC86: =IF($P86<>"",+IF(Y86>0,+ROUNDDOWN(X86/Y86,2),"INDETERMINADO"),"") | AD86: =IF($P86<>"",+(S86-U86),"") | AE86: =IF($P86<>"",+(T86-V86),"") | AF86: =IF($P86<>"",+IF(W86>0,+ROUNDDOWN(X86/W86,2),"INDETERMINADO"),"") | AG86: =IF($P86<>"",+IF(T86>0,+ROUNDDOWN(X86/T86,2),"INDETERMINADO"),"") | AH86: =AE86-W86 -> #VALUE!
O87: 6 | Z87: =(V87+W87)-T87 -> 0 | AA87: =IF($P87<>"",+IF(U87>0,+ROUNDDOWN(S87/U87,2),"INDETERMINADO"),"") | AB87: =IF($P87<>"",+IF(T87>0,+ROUNDDOWN(V87/T87,2),"INDETERMINADO"),"") | AC87: =IF($P87<>"",+IF(Y87>0,+ROUNDDOWN(X87/Y87,2),"INDETERMINADO"),"") | AD87: =IF($P87<>"",+(S87-U87),"") | AE87: =IF($P87<>"",+(T87-V87),"") | AF87: =IF($P87<>"",+IF(W87>0,+ROUNDDOWN(X87/W87,2),"INDETERMINADO"),"") | AG87: =IF($P87<>"",+IF(T87>0,+ROUNDDOWN(X87/T87,2),"INDETERMINADO"),"") | AH87: =AE87-W87 -> #VALUE!
P88: TOTAL GENERAL | R88: =SUM(R82:R87) -> 0 | S88: =SUM(S82:S87) -> 0 | T88: =SUM(T82:T87) -> 0 | U88: =SUM(U82:U87) -> 0 | V88: =SUM(V82:V87) -> 0 | W88: =SUM(W82:W87) -> 0 | X88: =SUM(X82:X87) -> 0 | Y88: =SUM(Y82:Y87) -> 0
P92: Nombre o Razón Social - Folios | AA92: RESULTADOS CAPACIDAD FINANCIERA | AF92: RESULTADOS CAPACIDAD ORGANIZACIONAL
O93: 8 | Q93: CC o NIT | R93: % | S93: Activo Cte. | T93: Activo Total | U93: Pasivo Cte. | V93: Pasivo Total | W93: Patrimonio | X93: Utilidad Operac. | Y93: Gasto Intereses | AA93: Liquidez | AB93: Endeudamiento | AC93: Cob. Intereses | AD93: Cap. Trabajo | AE93: Patrimonio | AF93: Rent. Patrimonio | AG93: Rent. Activo
O94: 1 | Z94: =(V94+W94)-T94 -> 0 | AA94: =IF($P94<>"",+IF(U94>0,+ROUNDDOWN(S94/U94,2),"INDETERMINADO"),"") | AB94: =IF($P94<>"",+IF(T94>0,+ROUNDDOWN(V94/T94,2),"INDETERMINADO"),"") | AC94: =IF($P94<>"",+IF(Y94>0,+ROUNDDOWN(X94/Y94,2),"INDETERMINADO"),"") | AD94: =IF($P94<>"",+(S94-U94),"") | AE94: =IF($P94<>"",+(T94-V94),"") | AF94: =IF($P94<>"",+IF(W94>0,+ROUNDDOWN(X94/W94,2),"INDETERMINADO"),"") | AG94: =IF($P94<>"",+IF(T94>0,+ROUNDDOWN(X94/T94,2),"INDETERMINADO"),"") | AH94: =AE94-W94 -> #VALUE!
O95: 2 | Z95: =(V95+W95)-T95 -> 0 | AA95: =IF($P95<>"",+IF(U95>0,+ROUNDDOWN(S95/U95,2),"INDETERMINADO"),"") | AB95: =IF($P95<>"",+IF(T95>0,+ROUNDDOWN(V95/T95,2),"INDETERMINADO"),"") | AC95: =IF($P95<>"",+IF(Y95>0,+ROUNDDOWN(X95/Y95,2),"INDETERMINADO"),"") | AD95: =IF($P95<>"",+(S95-U95),"") | AE95: =IF($P95<>"",+(T95-V95),"") | AF95: =IF($P95<>"",+IF(W95>0,+ROUNDDOWN(X95/W95,2),"INDETERMINADO"),"") | AG95: =IF($P95<>"",+IF(T95>0,+ROUNDDOWN(X95/T95,2),"INDETERMINADO"),"") | AH95: =AE95-W95 -> #VALUE!
O96: 3 | Z96: =(V96+W96)-T96 -> 0 | AA96: =IF($P96<>"",+IF(U96>0,+ROUNDDOWN(S96/U96,2),"INDETERMINADO"),"") | AB96: =IF($P96<>"",+IF(T96>0,+ROUNDDOWN(V96/T96,2),"INDETERMINADO"),"") | AC96: =IF($P96<>"",+IF(Y96>0,+ROUNDDOWN(X96/Y96,2),"INDETERMINADO"),"") | AD96: =IF($P96<>"",+(S96-U96),"") | AE96: =IF($P96<>"",+(T96-V96),"") | AF96: =IF($P96<>"",+IF(W96>0,+ROUNDDOWN(X96/W96,2),"INDETERMINADO"),"") | AG96: =IF($P96<>"",+IF(T96>0,+ROUNDDOWN(X96/T96,2),"INDETERMINADO"),"") | AH96: =AE96-W96 -> #VALUE!
O97: 4 | Z97: =(V97+W97)-T97 -> 0 | AA97: =IF($P97<>"",+IF(U97>0,+ROUNDDOWN(S97/U97,2),"INDETERMINADO"),"") | AB97: =IF($P97<>"",+IF(T97>0,+ROUNDDOWN(V97/T97,2),"INDETERMINADO"),"") | AC97: =IF($P97<>"",+IF(Y97>0,+ROUNDDOWN(X97/Y97,2),"INDETERMINADO"),"") | AD97: =IF($P97<>"",+(S97-U97),"") | AE97: =IF($P97<>"",+(T97-V97),"") | AF97: =IF($P97<>"",+IF(W97>0,+ROUNDDOWN(X97/W97,2),"INDETERMINADO"),"") | AG97: =IF($P97<>"",+IF(T97>0,+ROUNDDOWN(X97/T97,2),"INDETERMINADO"),"") | AH97: =AE97-W97 -> #VALUE!
O98: 5 | Z98: =(V98+W98)-T98 -> 0 | AA98: =IF($P98<>"",+IF(U98>0,+ROUNDDOWN(S98/U98,2),"INDETERMINADO"),"") | AB98: =IF($P98<>"",+IF(T98>0,+ROUNDDOWN(V98/T98,2),"INDETERMINADO"),"") | AC98: =IF($P98<>"",+IF(Y98>0,+ROUNDDOWN(X98/Y98,2),"INDETERMINADO"),"") | AD98: =IF($P98<>"",+(S98-U98),"") | AE98: =IF($P98<>"",+(T98-V98),"") | AF98: =IF($P98<>"",+IF(W98>0,+ROUNDDOWN(X98/W98,2),"INDETERMINADO"),"") | AG98: =IF($P98<>"",+IF(T98>0,+ROUNDDOWN(X98/T98,2),"INDETERMINADO"),"") | AH98: =AE98-W98 -> #VALUE!
O99: 6 | Z99: =(V99+W99)-T99 -> 0 | AA99: =IF($P99<>"",+IF(U99>0,+ROUNDDOWN(S99/U99,2),"INDETERMINADO"),"") | AB99: =IF($P99<>"",+IF(T99>0,+ROUNDDOWN(V99/T99,2),"INDETERMINADO"),"") | AC99: =IF($P99<>"",+IF(Y99>0,+ROUNDDOWN(X99/Y99,2),"INDETERMINADO"),"") | AD99: =IF($P99<>"",+(S99-U99),"") | AE99: =IF($P99<>"",+(T99-V99),"") | AF99: =IF($P99<>"",+IF(W99>0,+ROUNDDOWN(X99/W99,2),"INDETERMINADO"),"") | AG99: =IF($P99<>"",+IF(T99>0,+ROUNDDOWN(X99/T99,2),"INDETERMINADO"),"") | AH99: =AE99-W99 -> #VALUE!
P100: TOTAL GENERAL | R100: =SUM(R94:R99) -> 0 | S100: =SUM(S94:S99) -> 0 | T100: =SUM(T94:T99) -> 0 | U100: =SUM(U94:U99) -> 0 | V100: =SUM(V94:V99) -> 0 | W100: =SUM(W94:W99) -> 0 | X100: =SUM(X94:X99) -> 0 | Y100: =SUM(Y94:Y99) -> 0

Sheet Resumen(hoja1)
B1: UAE AERONAUTICA CIVIL
B2: DIRECCIÓN FINANCIERA
B3: HABILITACION FINANCIERA Y CAPACIDAD ORGANIZACIONAL DE PROPUESTAS
B5: RESULTADO DE LA EVALUACION
B7: No. | C7: Nombre o Razón Social | D7: Capacidad Financiera | E7: Capacidad Organizacional
B8: 1 | C8: =+IF('Evaluación (hoja1)'!C17<>"",+'Evaluación (hoja1)'!C17,"") -> ANDRES FERNANDO MUÑOZ LOPEZ | D8: =+IF('Evaluación (hoja1)'!C17<>"",'Evaluación (hoja1)'!I36,"") -> CUMPLE | E8: =+IF('Evaluación (hoja1)'!C17<>"",'Evaluación (hoja1)'!L36,"") -> CUMPLE
B10: =+IF(C10<>"",+B8+1,"") | C10: =+IF('Evaluación (hoja1)'!C19<>"",+'Evaluación (hoja1)'!C19,"") | D10: =+IF('Evaluación (hoja1)'!C19<>"",'Evaluación (hoja1)'!I38,"") | E10: =+IF('Evaluación (hoja1)'!C19<>"",'Evaluación (hoja1)'!L38,"")
B12: =+IF(C12<>"",+B10+1,"") | C12: =+IF('Evaluación (hoja1)'!C21<>"",+'Evaluación (hoja1)'!C21,"") | D12: =+IF('Evaluación (hoja1)'!C21<>"",'Evaluación (hoja1)'!I40,"") | E12: =+IF('Evaluación (hoja1)'!C21<>"",'Evaluación (hoja1)'!L40,"")
B14: =+IF(C14<>"",+B12+1,"") | C14: =+IF('Evaluación (hoja1)'!C23<>"",+'Evaluación (hoja1)'!C23,"") | D14: =+IF('Evaluación (hoja1)'!C23<>"",'Evaluación (hoja1)'!I42,"") | E14: =+IF('Evaluación (hoja1)'!C23<>"",'Evaluación (hoja1)'!L42,"")
B16: =+IF(C16<>"",+B14+1,"") | C16: =+IF('Evaluación (hoja1)'!C25<>"",+'Evaluación (hoja1)'!C25,"") | D16: =+IF('Evaluación (hoja1)'!C25<>"",'Evaluación (hoja1)'!I44,"") | E16: =+IF('Evaluación (hoja1)'!C25<>"",'Evaluación (hoja1)'!L44,"")
B18: =+IF(C18<>"",+B16+1,"") | C18: =+IF('Evaluación (hoja1)'!C27<>"",+'Evaluación (hoja1)'!C27,"") | D18: =+IF('Evaluación (hoja1)'!C27<>"",'Evaluación (hoja1)'!I46,"") | E18: =+IF('Evaluación (hoja1)'!C27<>"",'Evaluación (hoja1)'!L46,"")
B20: =+IF(C20<>"",+B18+1,"") | C20: =+IF('Evaluación (hoja1)'!C29<>"",+'Evaluación (hoja1)'!C29,"") | D20: =+IF('Evaluación (hoja1)'!C29<>"",'Evaluación (hoja1)'!I48,"") | E20: =+IF('Evaluación (hoja1)'!C29<>"",'Evaluación (hoja1)'!L48,"")
B22: =+IF(C22<>"",+B20+1,"") | C22: =+IF('Evaluación (hoja1)'!C31<>"",+'Evaluación (hoja1)'!C31,"") | D22: =+IF('Evaluación (hoja1)'!C31<>"",'Evaluación (hoja1)'!I50,"") | E22: =+IF('Evaluación (hoja1)'!C31<>"",'Evaluación (hoja1)'!L50,"")
B25: Marque desde la celda B7 y hasta la celda donde aparezca información (E?), y cópielo en el oficio de respuesta, pegándolo con "pegado especial" como "imagen (metarchivo mejorado)"

Sheet Evaluación (hoja2)
B1: UAE AERONAUTICA CIVIL
B2: DIRECCIÓN FINANCIERA
B3: HABILITACION FINANCIERA Y CAPACIDAD ORGANIZACIONAL DE PROPUESTAS
B4: Ver instrucciones
B5: Proceso No. | G5: Presupuesto | H5: Tiempo | I5: Requisitos del Pliego de Condiciones | L5: Dato o valor
B6: =+'Evaluación (hoja1)'!B6:C6 -> 23000927-H1 | G6: ='Evaluación (hoja1)'!G6 -> 320000000 | H6: ='Evaluación (hoja1)'!H6 -> 2 MESES | I6: Fecha corte estados financieros | L6: =+'Evaluación (hoja1)'!L6 -> 44926 | O6: 9 | P6: Nombre o Razón Social - Folios | AA6: RESULTADOS CAPACIDAD FINANCIERA | AF6: RESULTADOS CAPACIDAD ORGANIZACIONAL
B7: Objeto | I7: Liquidez (veces) | K7: Mayor o igual a | L7: =+'Evaluación (hoja1)'!L7 -> 1.5 | Q7: CC o NIT | R7: % de Participación | S7: Activo Cte. | T7: Activo Total | U7: Pasivo Cte. | V7: Pasivo Total | W7: Patrimonio | X7: Utilidad Operac. | Y7: Gasto Intereses | AA7: Liquidez | AB7: Endeudamiento | AC7: Cob. Intereses | AD7: Cap. Trabajo | AE7: Patrimonio | AF7: Rent. Patrimonio | AG7: Rent. Activo
B8: =+'Evaluación (hoja1)'!B8:H13 -> 33400C0284 ADQUIRIR BOLSA DE BATERIAS PARA LOS SISTEMAS DE LOS AEROPUERTOS DE LA REGIONAL OCCIDENTE | I8: Endeudamiento (%) | K8: Menor o igual a | L8: =+'Evaluación (hoja1)'!L8 -> 0.7 | O8: 1 | Z8: =(V8+W8)-T8 -> 0 | AA8: =IF($P8<>"",+IF(U8>0,+ROUNDDOWN(S8/U8,2),"INDETERMINADO"),"") | AB8: =IF($P8<>"",+IF(T8>0,+ROUNDDOWN(V8/T8,2),"INDETERMINADO"),"") | AC8: =IF($P8<>"",+IF(Y8>0,+ROUNDDOWN(X8/Y8,2),"INDETERMINADO"),"") | AD8: =IF($P8<>"",+(S8-U8),"") | AE8: =IF($P8<>"",+(T8-V8),"") | AF8: =IF($P8<>"",+IF(W8>0,+ROUNDDOWN(X8/W8,2),"INDETERMINADO"),"") | AG8: =IF($P8<>"",+IF(T8>0,+ROUNDDOWN(X8/T8,2),"INDETERMINADO"),"") | AH8: =AE8-W8 -> #VALUE!
I9: Cobertura de Intereses (veces) | K9: Mayor o igual a | L9: =+'Evaluación (hoja1)'!L9 -> 2 | O9: 2 | Z9: =(V9+W9)-T9 -> 0 | AA9: =IF($P9<>"",+IF(U9>0,+ROUNDDOWN(S9/U9,2),"INDETERMINADO"),"") | AB9: =IF($P9<>"",+IF(T9>0,+ROUNDDOWN(V9/T9,2),"INDETERMINADO"),"") | AC9: =IF($P9<>"",+IF(Y9>0,+ROUNDDOWN(X9/Y9,2),"INDETERMINADO"),"") | AD9: =IF($P9<>"",+(S9-U9),"") | AE9: =IF($P9<>"",+(T9-V9),"") | AF9: =IF($P9<>"",+IF(W9>0,+ROUNDDOWN(X9/W9,2),"INDETERMINADO"),"") | AG9: =IF($P9<>"",+IF(T9>0,+ROUNDDOWN(X9/T9,2),"INDETERMINADO"),"") | AH9: =AE9-W9 -> #VALUE!
I10: Capital de Trabajo ($COP) | K10: Mayor o igual a | L10: =+'Evaluación (hoja1)'!L10 -> 240000000 | O10: 3 | Z10: =(V10+W10)-T10 -> 0 | AA10: =IF($P10<>"",+IF(U10>0,+ROUNDDOWN(S10/U10,2),"INDETERMINADO"),"") | AB10: =IF($P10<>"",+IF(T10>0,+ROUNDDOWN(V10/T10,2),"INDETERMINADO"),"") | AC10: =IF($P10<>"",+IF(Y10>0,+ROUNDDOWN(X10/Y10,2),"INDETERMINADO"),"") | AD10: =IF($P10<>"",+(S10-U10),"") | AE10: =IF($P10<>"",+(T10-V10),"") | AF10: =IF($P10<>"",+IF(W10>0,+ROUNDDOWN(X10/W10,2),"INDETERMINADO"),"") | AG10: =IF($P10<>"",+IF(T10>0,+ROUNDDOWN(X10/T10,2),"INDETERMINADO"),"") | AH10: =AE10-W10 -> #VALUE!
I11: Patrimonio ($COP) | K11: Mayor o igual a | L11: =+'Evaluación (hoja1)'!L11 -> 80000000 | O11: 4 | Z11: =(V11+W11)-T11 -> 0 | AA11: =IF($P11<>"",+IF(U11>0,+ROUNDDOWN(S11/U11,2),"INDETERMINADO"),"") | AB11: =IF($P11<>"",+IF(T11>0,+ROUNDDOWN(V11/T11,2),"INDETERMINADO"),"") | AC11: =IF($P11<>"",+IF(Y11>0,+ROUNDDOWN(X11/Y11,2),"INDETERMINADO"),"") | AD11: =IF($P11<>"",+(S11-U11),"") | AE11: =IF($P11<>"",+(T11-V11),"") | AF11: =IF($P11<>"",+IF(W11>0,+ROUNDDOWN(X11/W11,2),"INDETERMINADO"),"") | AG11: =IF($P11<>"",+IF(T11>0,+ROUNDDOWN(X11/T11,2),"INDETERMINADO"),"") | AH11: =AE11-W11 -> #VALUE!
I12: Rentabilidad del Patrimonio (%) | K12: Mayor o igual a | L12: =+'Evaluación (hoja1)'!L12 -> 0.02 | O12: 5 | Z12: =(V12+W12)-T12 -> 0 | AA12: =IF($P12<>"",+IF(U12>0,+ROUNDDOWN(S12/U12,2),"INDETERMINADO"),"") | AB12: =IF($P12<>"",+IF(T12>0,+ROUNDDOWN(V12/T12,2),"INDETERMINADO"),"") | AC12: =IF($P12<>"",+IF(Y12>0,+ROUNDDOWN(X12/Y12,2),"INDETERMINADO"),"") | AD12: =IF($P12<>"",+(S12-U12),"") | AE12: =IF($P12<>"",+(T12-V12),"") | AF12: =IF($P12<>"",+IF(W12>0,+ROUNDDOWN(X12/W12,2),"INDETERMINADO"),"") | AG12: =IF($P12<>"",+IF(T12>0,+ROUNDDOWN(X12/T12,2),"INDETERMINADO"),"") | AH12: =AE12-W12 -> #VALUE!
I13: Rentabilidad del Activo (%) | K13: Mayor o igual a | L13: =+'Evaluación (hoja1)'!L13 -> 0.02 | O13: 6 | Z13: =(V13+W13)-T13 -> 0 | AA13: =IF($P13<>"",+IF(U13>0,+ROUNDDOWN(S13/U13,2),"INDETERMINADO"),"") | AB13: =IF($P13<>"",+IF(T13>0,+ROUNDDOWN(V13/T13,2),"INDETERMINADO"),"") | AC13: =IF($P13<>"",+IF(Y13>0,+ROUNDDOWN(X13/Y13,2),"INDETERMINADO"),"") | AD13: =IF($P13<>"",+(S13-U13),"") | AE13: =IF($P13<>"",+(T13-V13),"") | AF13: =IF($P13<>"",+IF(W13>0,+ROUNDDOWN(X13/W13,2),"INDETERMINADO"),"") | AG13: =IF($P13<>"",+IF(T13>0,+ROUNDDOWN(X13/T13,2),"INDETERMINADO"),"") | AH13: =AE13-W13 -> #VALUE!
P14: TOTAL GENERAL | R14: =SUM(R8:R13) -> 0 | S14: =SUM(S8:S13) -> 0 | T14: =SUM(T8:T13) -> 0 | U14: =SUM(U8:U13) -> 0 | V14: =SUM(V8:V13) -> 0 | W14: =SUM(W8:W13) -> 0 | X14: =SUM(X8:X13) -> 0 | Y14: =SUM(Y8:Y13) -> 0
B15: INFORMACION CONTABLE A LA FECHA DE CORTE ($COP) - DE ACUERDO AL PORCENTAJE DE PARTICIPACIÓN
B16: No. | C16: Nombre o Razón Social | D16: CC o NIT | E16: Activo Cte. | F16: Activo Total | G16: Pasivo Cte. | H16: Pasivo Total | I16: Patrimonio | J16: Utilidad Operac. | K16: Gasto Intereses | L16: Folios RUT
B17: 9 | C17: =IF(P7<>"",+P7,"") | D17: =+IF($C$17<>"",+CONCATENATE(Q8," ",Q9," ",Q10," ",Q11," ",Q12," ",Q13," "),"") | E17: =IF($C$17<>"",+(S8*$R$8)+(S9*$R$9)+(S10*$R$10)+(S11*$R$11)+(S12*$R$12)+(S13*$R$13),"") | F17: =IF($C$17<>"",+(T8*$R$8)+(T9*$R$9)+(T10*$R$10)+(T11*$R$11)+(T12*$R$12)+(T13*$R$13),"") | G17: =IF($C$17<>"",+(U8*$R$8)+(U9*$R$9)+(U10*$R$10)+(U11*$R$11)+(U12*$R$12)+(U13*$R$13),"") | H17: =IF($C$17<>"",+(V8*$R$8)+(V9*$R$9)+(V10*$R$10)+(V11*$R$11)+(V12*$R$12)+(V13*$R$13),"") | I17: =IF($C$17<>"",+(W8*$R$8)+(W9*$R$9)+(W10*$R$10)+(W11*$R$11)+(W12*$R$12)+(W13*$R$13),"") | J17: =IF($C$17<>"",+(X8*$R$8)+(X9*$R$9)+(X10*$R$10)+(X11*$R$11)+(X12*$R$12)+(X13*$R$13),"") | K17: =IF($C$17<>"",+(Y8*$R$8)+(Y9*$R$9)+(Y10*$R$10)+(Y11*$R$11)+(Y12*$R$12)+(Y13*$R$13),"") | L17: =+IF(Q6<>"",+Q6,"")
O18: 10 | P18: Nombre o Razón Social - Folios | AA18: RESULTADOS CAPACIDAD FINANCIERA | AF18: RESULTADOS CAPACIDAD ORGANIZACIONAL
B19: =+B17+1 -> 10 | C19: =IF(P19<>"",+P19,"") | D19: =+IF($C$19<>"",+CONCATENATE(Q20," ",Q21," ",Q22," ",Q23," ",Q24," ",Q25," "),"") | E19: =IF($C$19<>"",+(S20*$R$20)+(S21*$R$21)+(S22*$R$22)+(S23*$R$23)+(S24*$R$24)+(S25*$R$25),"") | F19: =IF($C$19<>"",+(T20*$R$20)+(T21*$R$21)+(T22*$R$22)+(T23*$R$23)+(T24*$R$24)+(T25*$R$25),"") | G19: =IF($C$19<>"",+(U20*$R$20)+(U21*$R$21)+(U22*$R$22)+(U23*$R$23)+(U24*$R$24)+(U25*$R$25),"") | H19: =IF($C$19<>"",+(V20*$R$20)+(V21*$R$21)+(V22*$R$22)+(V23*$R$23)+(V24*$R$24)+(V25*$R$25),"") | I19: =IF($C$19<>"",+(W20*$R$20)+(W21*$R$21)+(W22*$R$22)+(W23*$R$23)+(W24*$R$24)+(W25*$R$25),"") | J19: =IF($C$19<>"",+(X20*$R$20)+(X21*$R$21)+(X22*$R$22)+(X23*$R$23)+(X24*$R$24)+(X25*$R$25),"") | K19: =IF($C$19<>"",+(Y20*$R$20)+(Y21*$R$21)+(Y22*$R$22)+(Y23*$R$23)+(Y24*$R$24)+(Y25*$R$25),"") | L19: =+IF(Q18<>"",+Q18,"") | Q19: CC o NIT | R19: % | S19: Activo Cte. | T19: Activo Total | U19: Pasivo Cte. | V19: Pasivo Total | W19: Patrimonio | X19: Utilidad Operac. | Y19: Gasto Intereses | AA19: Liquidez | AB19: Endeudamiento | AC19: Cob. Intereses | AD19: Cap. Trabajo | AE19: Patrimonio | AF19: Rent. Patrimonio | AG19: Rent. Activo
O20: 1 | Z20: =(V20+W20)-T20 -> 0 | AA20: =IF($P20<>"",+IF(U20>0,+ROUNDDOWN(S20/U20,2),"INDETERMINADO"),"") | AB20: =IF($P20<>"",+IF(T20>0,+ROUNDDOWN(V20/T20,2),"INDETERMINADO"),"") | AC20: =IF($P20<>"",+IF(Y20>0,+ROUNDDOWN(X20/Y20,2),"INDETERMINADO"),"") | AD20: =IF($P20<>"",+(S20-U20),"") | AE20: =IF($P20<>"",+(T20-V20),"") | AF20: =IF($P20<>"",+IF(W20>0,+ROUNDDOWN(X20/W20,2),"INDETERMINADO"),"") | AG20: =IF($P20<>"",+IF(T20>0,+ROUNDDOWN(X20/T20,2),"INDETERMINADO"),"") | AH20: =AE20-W20 -> #VALUE!
B21: =+B19+1 -> 11 | C21: =IF(P31<>"",+P31,"") | D21: =+IF($C$21<>"",+CONCATENATE(Q32," ",Q33," ",Q34," ",Q35," ",Q36," ",Q37," "),"") | E21: =IF($C$21<>"",+(S32*$R$32)+(S33*$R$33)+(S34*$R$34)+(S35*$R$35)+(S36*$R$36)+(S37*$R$37),"") | F21: =IF($C$21<>"",+(T32*$R$32)+(T33*$R$33)+(T34*$R$34)+(T35*$R$35)+(T36*$R$36)+(T37*$R$37),"") | G21: =IF($C$21<>"",+(U32*$R$32)+(U33*$R$33)+(U34*$R$34)+(U35*$R$35)+(U36*$R$36)+(U37*$R$37),"") | H21: =IF($C$21<>"",+(V32*$R$32)+(V33*$R$33)+(V34*$R$34)+(V35*$R$35)+(V36*$R$36)+(V37*$R$37),"") | I21: =IF($C$21<>"",+(W32*$R$32)+(W33*$R$33)+(W34*$R$34)+(W35*$R$35)+(W36*$R$36)+(W37*$R$37),"") | J21: =IF($C$21<>"",+(X32*$R$32)+(X33*$R$33)+(X34*$R$34)+(X35*$R$35)+(X36*$R$36)+(X37*$R$37),"") | K21: =IF($C$21<>"",+(Y32*$R$32)+(Y33*$R$33)+(Y34*$R$34)+(Y35*$R$35)+(Y36*$R$36)+(Y37*$R$37),"") | L21: =+IF(Q30<>"",+Q30,"") | O21: 2 | Z21: =(V21+W21)-T21 -> 0 | AA21: =IF($P21<>"",+IF(U21>0,+ROUNDDOWN(S21/U21,2),"INDETERMINADO"),"") | AB21: =IF($P21<>"",+IF(T21>0,+ROUNDDOWN(V21/T21,2),"INDETERMINADO"),"") | AC21: =IF($P21<>"",+IF(Y21>0,+ROUNDDOWN(X21/Y21,2),"INDETERMINADO"),"") | AD21: =IF($P21<>"",+(S21-U21),"") | AE21: =IF($P21<>"",+(T21-V21),"") | AF21: =IF($P21<>"",+IF(W21>0,+ROUNDDOWN(X21/W21,2),"INDETERMINADO"),"") | AG21: =IF($P21<>"",+IF(T21>0,+ROUNDDOWN(X21/T21,2),"INDETERMINADO"),"") | AH21: =AE21-W21 -> #VALUE!
O22: 3 | Z22: =(V22+W22)-T22 -> 0 | AA22: =IF($P22<>"",+IF(U22>0,+ROUNDDOWN(S22/U22,2),"INDETERMINADO"),"") | AB22: =IF($P22<>"",+IF(T22>0,+ROUNDDOWN(V22/T22,2),"INDETERMINADO"),"") | AC22: =IF($P22<>"",+IF(Y22>0,+ROUNDDOWN(X22/Y22,2),"INDETERMINADO"),"") | AD22: =IF($P22<>"",+(S22-U22),"") | AE22: =IF($P22<>"",+(T22-V22),"") | AF22: =IF($P22<>"",+IF(W22>0,+ROUNDDOWN(X22/W22,2),"INDETERMINADO"),"") | AG22: =IF($P22<>"",+IF(T22>0,+ROUNDDOWN(X22/T22,2),"INDETERMINADO"),"") | AH22: =AE22-W22 -> #VALUE!
B23: =+B21+1 -> 12 | C23: =IF(P43<>"",+P43,"") | D23: =IF($C$23<>"",+CONCATENATE(Q44," ",Q45," ",Q46," ",Q47," ",Q48," ",Q49," "),"") | E23: =IF($C$23<>"",+(S44*$R$44)+(S45*$R$45)+(S46*$R$46)+(S47*$R$47)+(S48*$R$48)+(S49*$R$49),"") | F23: =IF($C$23<>"",+(T44*$R$44)+(T45*$R$45)+(T46*$R$46)+(T47*$R$47)+(T48*$R$48)+(T49*$R$49),"") | G23: =IF($C$23<>"",+(U44*$R$44)+(U45*$R$45)+(U46*$R$46)+(U47*$R$47)+(U48*$R$48)+(U49*$R$49),"") | H23: =IF($C$23<>"",+(V44*$R$44)+(V45*$R$45)+(V46*$R$46)+(V47*$R$47)+(V48*$R$48)+(V49*$R$49),"") | I23: =IF($C$23<>"",+(W44*$R$44)+(W45*$R$45)+(W46*$R$46)+(W47*$R$47)+(W48*$R$48)+(W49*$R$49),"") | J23: =IF($C$23<>"",+(X44*$R$44)+(X45*$R$45)+(X46*$R$46)+(X47*$R$47)+(X48*$R$48)+(X49*$R$49),"") | K23: =IF($C$23<>"",+(Y44*$R$44)+(Y45*$R$45)+(Y46*$R$46)+(Y47*$R$47)+(Y48*$R$48)+(Y49*$R$49),"") | L23: =+IF(Q42<>"",+Q42,"") | O23: 4 | Z23: =(V23+W23)-T23 -> 0 | AA23: =IF($P23<>"",+IF(U23>0,+ROUNDDOWN(S23/U23,2),"INDETERMINADO"),"") | AB23: =IF($P23<>"",+IF(T23>0,+ROUNDDOWN(V23/T23,2),"INDETERMINADO"),"") | AC23: =IF($P23<>"",+IF(Y23>0,+ROUNDDOWN(X23/Y23,2),"INDETERMINADO"),"") | AD23: =IF($P23<>"",+(S23-U23),"") | AE23: =IF($P23<>"",+(T23-V23),"") | AF23: =IF($P23<>"",+IF(W23>0,+ROUNDDOWN(X23/W23,2),"INDETERMINADO"),"") | AG23: =IF($P23<>"",+IF(T23>0,+ROUNDDOWN(X23/T23,2),"INDETERMINADO"),"") | AH23: =AE23-W23 -> #VALUE!
O24: 5 | Z24: =(V24+W24)-T24 -> 0 | AA24: =IF($P24<>"",+IF(U24>0,+ROUNDDOWN(S24/U24,2),"INDETERMINADO"),"") | AB24: =IF($P24<>"",+IF(T24>0,+ROUNDDOWN(V24/T24,2),"INDETERMINADO"),"") | AC24: =IF($P24<>"",+IF(Y24>0,+ROUNDDOWN(X24/Y24,2),"INDETERMINADO"),"") | AD24: =IF($P24<>"",+(S24-U24),"") | AE24: =IF($P24<>"",+(T24-V24),"") | AF24: =IF($P24<>"",+IF(W24>0,+ROUNDDOWN(X24/W24,2),"INDETERMINADO"),"") | AG24: =IF($P24<>"",+IF(T24>0,+ROUNDDOWN(X24/T24,2),"INDETERMINADO"),"") | AH24: =AE24-W24 -> #VALUE!
B25: =+B23+1 -> 13 | C25: =IF(P57<>"",+P57,"") | D25: =IF($C$25<>"",+CONCATENATE(Q58," ",Q59," ",Q60," ",Q61," ",Q62," ",Q63," "),"") | E25: =IF($C$25<>"",+(S58*$R$58)+(S59*$R$59)+(S60*$R$60)+(S61*$R$61)+(S62*$R$62)+(S63*$R$63),"") | F25: =IF($C$25<>"",+(T58*$R$58)+(T59*$R$59)+(T60*$R$60)+(T61*$R$61)+(T62*$R$62)+(T63*$R$63),"") | G25: =IF($C$25<>"",+(U58*$R$58)+(U59*$R$59)+(U60*$R$60)+(U61*$R$61)+(U62*$R$62)+(U63*$R$63),"") | H25: =IF($C$25<>"",+(V58*$R$58)+(V59*$R$59)+(V60*$R$60)+(V61*$R$61)+(V62*$R$62)+(V63*$R$63),"") | I25: =IF($C$25<>"",+(W58*$R$58)+(W59*$R$59)+(W60*$R$60)+(W61*$R$61)+(W62*$R$62)+(W63*$R$63),"") | J25: =IF($C$25<>"",+(X58*$R$58)+(X59*$R$59)+(X60*$R$60)+(X61*$R$61)+(X62*$R$62)+(X63*$R$63),"") | K25: =IF($C$25<>"",+(Y58*$R$58)+(Y59*$R$59)+(Y60*$R$60)+(Y61*$R$61)+(Y62*$R$62)+(Y63*$R$63),"") | L25: =+IF(Q56<>"",+Q56,"") | O25: 6 | Z25: =(V25+W25)-T25 -> 0 | AA25: =IF($P25<>"",+IF(U25>0,+ROUNDDOWN(S25/U25,2),"INDETERMINADO"),"") | AB25: =IF($P25<>"",+IF(T25>0,+ROUNDDOWN(V25/T25,2),"INDETERMINADO"),"") | AC25: =IF($P25<>"",+IF(Y25>0,+ROUNDDOWN(X25/Y25,2),"INDETERMINADO"),"") | AD25: =IF($P25<>"",+(S25-U25),"") | AE25: =IF($P25<>"",+(T25-V25),"") | AF25: =IF($P25<>"",+IF(W25>0,+ROUNDDOWN(X25/W25,2),"INDETERMINADO"),"") | AG25: =IF($P25<>"",+IF(T25>0,+ROUNDDOWN(X25/T25,2),"INDETERMINADO"),"") | AH25: =AE25-W25 -> #VALUE!
P26: TOTAL GENERAL | R26: =SUM(R20:R25) -> 0 | S26: =SUM(S20:S25) -> 0 | T26: =SUM(T20:T25) -> 0 | U26: =SUM(U20:U25) -> 0 | V26: =SUM(V20:V25) -> 0 | W26: =SUM(W20:W25) -> 0 | X26: =SUM(X20:X25) -> 0 | Y26: =SUM(Y20:Y25) -> 0
B27: =+B25+1 -> 14 | C27: =IF(P69<>"",+P69,"") | D27: =IF($C$27<>"",+CONCATENATE(Q70," ",Q71," ",Q72," ",Q73," ",Q74," ",Q75," "),"") | E27: =IF($C$27<>"",+(S70*$R$70)+(S71*$R$71)+(S72*$R$72)+(S73*$R$73)+(S74*$R$74)+(S75*$R$75),"") | F27: =IF($C$27<>"",+(T70*$R$70)+(T71*$R$71)+(T72*$R$72)+(T73*$R$73)+(T74*$R$74)+(T75*$R$75),"") | G27: =IF($C$27<>"",+(U70*$R$70)+(U71*$R$71)+(U72*$R$72)+(U73*$R$73)+(U74*$R$74)+(U75*$R$75),"") | H27: =IF($C$27<>"",+(V70*$R$70)+(V71*$R$71)+(V72*$R$72)+(V73*$R$73)+(V74*$R$74)+(V75*$R$75),"") | I27: =IF($C$27<>"",+(W70*$R$70)+(W71*$R$71)+(W72*$R$72)+(W73*$R$73)+(W74*$R$74)+(W75*$R$75),"") | J27: =IF($C$27<>"",+(X70*$R$70)+(X71*$R$71)+(X72*$R$72)+(X73*$R$73)+(X74*$R$74)+(X75*$R$75),"") | K27: =IF($C$27<>"",+(Y70*$R$70)+(Y71*$R$71)+(Y72*$R$72)+(Y73*$R$73)+(Y74*$R$74)+(Y75*$R$75),"") | L27: =+IF(Q68<>"",+Q68,"")
B29: =+B27+1 -> 15 | C29: =IF(P81<>"",+P81,"") | D29: =IF($C$29<>"",+CONCATENATE(Q82," ",Q83," ",Q84," ",Q85," ",Q86," ",Q87," "),"") | E29: =IF($C$29<>"",+(S82*$R$82)+(S83*$R$83)+(S84*$R$84)+(S85*$R$85)+(S86*$R$86)+(S87*$R$87),"") | F29: =IF($C$29<>"",+(T82*$R$82)+(T83*$R$83)+(T84*$R$84)+(T85*$R$85)+(T86*$R$86)+(T87*$R$87),"") | G29: =IF($C$29<>"",+(U82*$R$82)+(U83*$R$83)+(U84*$R$84)+(U85*$R$85)+(U86*$R$86)+(U87*$R$87),"") | H29: =IF($C$29<>"",+(V82*$R$82)+(V83*$R$83)+(V84*$R$84)+(V85*$R$85)+(V86*$R$86)+(V87*$R$87),"") | I29: =IF($C$29<>"",+(W82*$R$82)+(W83*$R$83)+(W84*$R$84)+(W85*$R$85)+(W86*$R$86)+(W87*$R$87),"") | J29: =IF($C$29<>"",+(X82*$R$82)+(X83*$R$83)+(X84*$R$84)+(X85*$R$85)+(X86*$R$86)+(X87*$R$87),"") | K29: =IF($C$29<>"",+(Y82*$R$82)+(Y83*$R$83)+(Y84*$R$84)+(Y85*$R$85)+(Y86*$R$86)+(Y87*$R$87),"") | L29: =+IF(Q80<>"",+Q80,"")
O30: 11 | P30: Nombre o Razón Social - Folios | AA30: RESULTADOS CAPACIDAD FINANCIERA | AF30: RESULTADOS CAPACIDAD ORGANIZACIONAL
B31: =+B29+1 -> 16 | C31: =IF(P93<>"",+P93,"") | D31: =IF($C$31<>"",+CONCATENATE(Q94," ",Q95," ",Q96," ",Q97," ",Q98," ",Q99," "),"") | E31: =IF($C$31<>"",+(S94*$R$94)+(S95*$R$95)+(S96*$R$96)+(S97*$R$97)+(S98*$R$98)+(S99*$R$99),"") | F31: =IF($C$31<>"",+(T94*$R$94)+(T95*$R$95)+(T96*$R$96)+(T97*$R$97)+(T98*$R$98)+(T99*$R$99),"") | G31: =IF($C$31<>"",+(U94*$R$94)+(U95*$R$95)+(U96*$R$96)+(U97*$R$97)+(U98*$R$98)+(U99*$R$99),"") | H31: =IF($C$31<>"",+(V94*$R$94)+(V95*$R$95)+(V96*$R$96)+(V97*$R$97)+(V98*$R$98)+(V99*$R$99),"") | I31: =IF($C$31<>"",+(W94*$R$94)+(W95*$R$95)+(W96*$R$96)+(W97*$R$97)+(W98*$R$98)+(W99*$R$99),"") | J31: =IF($C$31<>"",+(X94*$R$94)+(X95*$R$95)+(X96*$R$96)+(X97*$R$97)+(X98*$R$98)+(X99*$R$99),"") | K31: =IF($C$31<>"",+(Y94*$R$94)+(Y95*$R$95)+(Y96*$R$96)+(Y97*$R$97)+(Y98*$R$98)+(Y99*$R$99),"") | L31: =+IF(Q92<>"",+Q92,"") | Q31: CC o NIT | R31: % | S31: Activo Cte. | T31: Activo Total | U31: Pasivo Cte. | V31: Pasivo Total | W31: Patrimonio | X31: Utilidad Operac. | Y31: Gasto Intereses | AA31: Liquidez | AB31: Endeudamiento | AC31: Cob. Intereses | AD31: Cap. Trabajo | AE31: Patrimonio | AF31: Rent. Patrimonio | AG31: Rent. Activo
O32: 1 | Z32: =(V32+W32)-T32 -> 0 | AA32: =IF($P32<>"",+IF(U32>0,+ROUNDDOWN(S32/U32,2),"INDETERMINADO"),"") | AB32: =IF($P32<>"",+IF(T32>0,+ROUNDDOWN(V32/T32,2),"INDETERMINADO"),"") | AC32: =IF($P32<>"",+IF(Y32>0,+ROUNDDOWN(X32/Y32,2),"INDETERMINADO"),"") | AD32: =IF($P32<>"",+(S32-U32),"") | AE32: =IF($P32<>"",+(T32-V32),"") | AF32: =IF($P32<>"",+IF(W32>0,+ROUNDDOWN(X32/W32,2),"INDETERMINADO"),"") | AG32: =IF($P32<>"",+IF(T32>0,+ROUNDDOWN(X32/T32,2),"INDETERMINADO"),"") | AH32: =AE32-W32 -> #VALUE!
O33: 2 | Z33: =(V33+W33)-T33 -> 0 | AA33: =IF($P33<>"",+IF(U33>0,+ROUNDDOWN(S33/U33,2),"INDETERMINADO"),"") | AB33: =IF($P33<>"",+IF(T33>0,+ROUNDDOWN(V33/T33,2),"INDETERMINADO"),"") | AC33: =IF($P33<>"",+IF(Y33>0,+ROUNDDOWN(X33/Y33,2),"INDETERMINADO"),"") | AD33: =IF($P33<>"",+(S33-U33),"") | AE33: =IF($P33<>"",+(T33-V33),"") | AF33: =IF($P33<>"",+IF(W33>0,+ROUNDDOWN(X33/W33,2),"INDETERMINADO"),"") | AG33: =IF($P33<>"",+IF(T33>0,+ROUNDDOWN(X33/T33,2),"INDETERMINADO"),"") | AH33: =AE33-W33 -> #VALUE!
B34: No. | C34: Nombre o Razón Social | D34: RESULTADOS CAPACIDAD FINANCIERA | J34: RESULTADOS CAPACIDAD ORGANIZACIONAL | O34: 3 | Z34: =(V34+W34)-T34 -> 0 | AA34: =IF($P34<>"",+IF(U34>0,+ROUNDDOWN(S34/U34,2),"INDETERMINADO"),"") | AB34: =IF($P34<>"",+IF(T34>0,+ROUNDDOWN(V34/T34,2),"INDETERMINADO"),"") | AC34: =IF($P34<>"",+IF(Y34>0,+ROUNDDOWN(X34/Y34,2),"INDETERMINADO"),"") | AD34: =IF($P34<>"",+(S34-U34),"") | AE34: =IF($P34<>"",+(T34-V34),"") | AF34: =IF($P34<>"",+IF(W34>0,+ROUNDDOWN(X34/W34,2),"INDETERMINADO"),"") | AG34: =IF($P34<>"",+IF(T34>0,+ROUNDDOWN(X34/T34,2),"INDETERMINADO"),"") | AH34: =AE34-W34 -> #VALUE!
D35: Liquidez | E35: Endeudamiento | F35: Cob. Intereses | G35: Cap. Trabajo | H35: Patrimonio | I35: Resultado | J35: Rent. Patrimonio | K35: Rent. Activo | L35: Resultado | O35: 4 | Z35: =(V35+W35)-T35 -> 0 | AA35: =IF($P35<>"",+IF(U35>0,+ROUNDDOWN(S35/U35,2),"INDETERMINADO"),"") | AB35: =IF($P35<>"",+IF(T35>0,+ROUNDDOWN(V35/T35,2),"INDETERMINADO"),"") | AC35: =IF($P35<>"",+IF(Y35>0,+ROUNDDOWN(X35/Y35,2),"INDETERMINADO"),"") | AD35: =IF($P35<>"",+(S35-U35),"") | AE35: =IF($P35<>"",+(T35-V35),"") | AF35: =IF($P35<>"",+IF(W35>0,+ROUNDDOWN(X35/W35,2),"INDETERMINADO"),"") | AG35: =IF($P35<>"",+IF(T35>0,+ROUNDDOWN(X35/T35,2),"INDETERMINADO"),"") | AH35: =AE35-W35 -> #VALUE!
B36: 9 | C36: =+IF(C17<>"",+C17,"") | D36: =+IF(C17<>"",+IF(G17>0,+ROUNDDOWN(+E17/G17,2),"Indeterminado"),"") | E36: =+IF(C17<>"",+IF(F17>0,+ROUNDDOWN(+H17/F17,2),"Indeterminado"),"") | F36: =+IF(C17<>"",+IF(K17>0,+ROUNDDOWN(+J17/K17,2),"Indeterminado"),"") | G36: =+IF(C17<>"",+S14-U14,"") | H36: =+IF(C17<>"",+T14-V14,"") | I36: =++IF(C17<>"",+IF(D37="Cumple",+IF(E37="Cumple",+IF(F37="Cumple",+IF(G37="Cumple",+IF(H37="Cumple","CUMPLE","NO CUMPLE"),"NO CUMPLE"),"NO CUMPLE"),"NO CUMPLE"),"NO CUMPLE"),"") | J36: =+IF(C17<>"",+IF(I17>0,+ROUNDDOWN(+J17/I17,2),"Indeterminado"),"") | K36: =+IF(C17<>"",+IF(F17>0,+ROUNDDOWN(+J17/F17,2),"Indeterminado"),"") | L36: =+IF(C17<>"",+IF(J37="Cumple",+IF(K37="Cumple","CUMPLE","NO CUMPLE"),"NO CUMPLE"),"") | N36: =+IF($C$17<>"",+IF(H36<>W14,"Error en registro de datos",""),"") | O36: 5 | Z36: =(V36+W36)-T36 -> 0 | AA36: =IF($P36<>"",+IF(U36>0,+ROUNDDOWN(S36/U36,2),"INDETERMINADO"),"") | AB36: =IF($P36<>"",+IF(T36>0,+ROUNDDOWN(V36/T36,2),"INDETERMINADO"),"") | AC36: =IF($P36<>"",+IF(Y36>0,+ROUNDDOWN(X36/Y36,2),"INDETERMINADO"),"") | AD36: =IF($P36<>"",+(S36-U36),"") | AE36: =IF($P36<>"",+(T36-V36),"") | AF36: =IF($P36<>"",+IF(W36>0,+ROUNDDOWN(X36/W36,2),"INDETERMINADO"),"") | AG36: =IF($P36<>"",+IF(T36>0,+ROUNDDOWN(X36/T36,2),"INDETERMINADO"),"") | AH36: =AE36-W36 -> #VALUE!
D37: =+IF(C17<>"",+IF(D36>=$L$7,"Cumple","NO CUMPLE"),"") | E37: =+IF(C17<>"",+IF(E36<=$L$8,"Cumple","NO CUMPLE"),"") | F37: =+IF(C17<>"",+IF(F36>=$L$9,"Cumple", "NO CUMPLE"),"") | G37: =+IF(C17<>"",+IF(G36>=$L$10,"Cumple", "NO CUMPLE"),"") | H37: =+IF(C17<>"",+IF(H36>=$L$11,"Cumple", "NO CUMPLE"),"") | J37: =+IF(C17<>"",+IF(J36>=$L$12,"Cumple", "NO CUMPLE"),"") | K37: =+IF(C17<>"",+IF(K36>=$L$13,"Cumple", "NO CUMPLE"),"") | O37: 6 | Z37: =(V37+W37)-T37 -> 0 | AA37: =IF($P37<>"",+IF(U37>0,+ROUNDDOWN(S37/U37,2),"INDETERMINADO"),"") | AB37: =IF($P37<>"",+IF(T37>0,+ROUNDDOWN(V37/T37,2),"INDETERMINADO"),"") | AC37: =IF($P37<>"",+IF(Y37>0,+ROUNDDOWN(X37/Y37,2),"INDETERMINADO"),"") | AD37: =IF($P37<>"",+(S37-U37),"") | AE37: =IF($P37<>"",+(T37-V37),"") | AF37: =IF($P37<>"",+IF(W37>0,+ROUNDDOWN(X37/W37,2),"INDETERMINADO"),"") | AG37: =IF($P37<>"",+IF(T37>0,+ROUNDDOWN(X37/T37,2),"INDETERMINADO"),"") | AH37: =AE37-W37 -> #VALUE!
B38: =+B36+1 -> 10 | C38: =+IF(C19<>"",+C19,"") | D38: =+IF(C19<>"",+IF(G19>0,+ROUNDDOWN(+E19/G19,2),"Indeterminado"),"") | E38: =+IF(C19<>"",+IF(F19>0,+ROUNDDOWN(+H19/F19,2),"Indeterminado"),"") | F38: =+IF(C19<>"",+IF(K19>0,+ROUNDDOWN(+J19/K19,2),"Indeterminado"),"") | G38: =+IF(C19<>"",+S26-U26,"") | H38: =+IF(C19<>"",+T26-V26,"") | I38: =++IF(C19<>"",+IF(D39="Cumple",+IF(E39="Cumple",+IF(F39="Cumple",+IF(G39="Cumple",+IF(H39="Cumple","CUMPLE","NO CUMPLE"),"NO CUMPLE"),"NO CUMPLE"),"NO CUMPLE"),"NO CUMPLE"),"") | J38: =+IF(C19<>"",+IF(I19>0,+ROUNDDOWN(+J19/I19,2),"Indeterminado"),"") | K38: =+IF(C19<>"",+IF(F19>0,+ROUNDDOWN(+J19/F19,2),"Indeterminado"),"") | L38: =+IF(C19<>"",+IF(J39="Cumple",+IF(K39="Cumple","CUMPLE","NO CUMPLE"),"NO CUMPLE"),"") | N38: =+IF($C$19<>"",+IF(H38<>W26,"Error en registro de datos",""),"") | P38: TOTAL GENERAL | R38: =SUM(R32:R37) -> 0 | S38: =SUM(S32:S37) -> 0 | T38: =SUM(T32:T37) -> 0 | U38: =SUM(U32:U37) -> 0 | V38: =SUM(V32:V37) -> 0 | W38: =SUM(W32:W37) -> 0 | X38: =SUM(X32:X37) -> 0 | Y38: =SUM(Y32:Y37) -> 0
D39: =+IF(C19<>"",+IF(D38>=$L$7,"Cumple","NO CUMPLE"),"") | E39: =+IF(C19<>"",+IF(E38<=$L$8,"Cumple","NO CUMPLE"),"") | F39: =+IF(C19<>"",+IF(F38>=$L$9,"Cumple", "NO CUMPLE"),"") | G39: =+IF(C19<>"",+IF(G38>=$L$10,"Cumple", "NO CUMPLE"),"") | H39: =+IF(C19<>"",+IF(H38>=$L$11,"Cumple", "NO CUMPLE"),"") | J39: =+IF(C19<>"",+IF(J38>=$L$12,"Cumple", "NO CUMPLE"),"") | K39: =+IF(C19<>"",+IF(K38>=$L$13,"Cumple", "NO CUMPLE"),"")
B40: =+B38+1 -> 11 | C40: =+IF(C21<>"",+C21,"") | D40: =+IF(C21<>"",+IF(G21>0,+ROUNDDOWN(+E21/G21,2),"Indeterminado"),"") | E40: =+IF(C21<>"",+IF(F21>0,+ROUNDDOWN(+H21/F21,2),"Indeterminado"),"") | F40: =+IF(C21<>"",+IF(K21>0,+ROUNDDOWN(+J21/K21,2),"Indeterminado"),"") | G40: =+IF(C21<>"",+S38-U38,"") | H40: =+IF(C21<>"",+T38-V38,"") | I40: =++IF(C21<>"",+IF(D41="Cumple",+IF(E41="Cumple",+IF(F41="Cumple",+IF(G41="Cumple",+IF(H41="Cumple","CUMPLE","NO CUMPLE"),"NO CUMPLE"),"NO CUMPLE"),"NO CUMPLE"),"NO CUMPLE"),"") | J40: =+IF(C21<>"",+IF(I21>0,+ROUNDDOWN(+J21/I21,2),"Indeterminado"),"") | K40: =+IF(C21<>"",+IF(F21>0,+ROUNDDOWN(+J21/F21,2),"Indeterminado"),"") | L40: =+IF(C21<>"",+IF(J41="Cumple",+IF(K41="Cumple","CUMPLE","NO CUMPLE"),"NO CUMPLE"),"") | N40: =+IF($C$21<>"",+IF(H40<>W38,"Error en registro de datos",""),"")
D41: =+IF(C21<>"",+IF(D40>=$L$7,"Cumple","NO CUMPLE"),"") | E41: =+IF(C21<>"",+IF(E40<=$L$8,"Cumple","NO CUMPLE"),"") | F41: =+IF(C21<>"",+IF(F40>=$L$9,"Cumple", "NO CUMPLE"),"") | G41: =+IF(C21<>"",+IF(G40>=$L$10,"Cumple", "NO CUMPLE"),"") | H41: =+IF(C21<>"",+IF(H40>=$L$11,"Cumple", "NO CUMPLE"),"") | J41: =+IF(C21<>"",+IF(J40>=$L$12,"Cumple", "NO CUMPLE"),"") | K41: =+IF(C21<>"",+IF(K40>=$L$13,"Cumple", "NO CUMPLE"),"")
B42: =+B40+1 -> 12 | C42: =+IF(C23<>"",+C23,"") | D42: =+IF(C23<>"",+IF(G23>0,+ROUNDDOWN(+E23/G23,2),"Indeterminado"),"") | E42: =+IF(C23<>"",+IF(F23>0,+ROUNDDOWN(+H23/F23,2),"Indeterminado"),"") | F42: =+IF(C23<>"",+IF(K23>0,+ROUNDDOWN(+J23/K23,2),"Indeterminado"),"") | G42: =+IF(C23<>"",+S50-U50,"") | H42: =+IF(C23<>"",+T50-V50,"") | I42: =++IF(C23<>"",+IF(D43="Cumple",+IF(E43="Cumple",+IF(F43="Cumple",+IF(G43="Cumple",+IF(H43="Cumple","CUMPLE","NO CUMPLE"),"NO CUMPLE"),"NO CUMPLE"),"NO CUMPLE"),"NO CUMPLE"),"") | J42: =+IF(C23<>"",+IF(I23>0,+ROUNDDOWN(+J23/I23,2),"Indeterminado"),"") | K42: =+IF(C23<>"",+IF(F23>0,+ROUNDDOWN(+J23/F23,2),"Indeterminado"),"") | L42: =+IF(C23<>"",+IF(J43="Cumple",+IF(K43="Cumple","CUMPLE","NO CUMPLE"),"NO CUMPLE"),"") | N42: =+IF($C$23<>"",+IF(H42<>W50,"Error en registro de datos",""),"") | P42: Nombre o Razón Social - Folios | AA42: RESULTADOS CAPACIDAD FINANCIERA | AF42: RESULTADOS CAPACIDAD ORGANIZACIONAL
D43: =+IF(C23<>"",+IF(D42>=$L$7,"Cumple","NO CUMPLE"),"") | E43: =+IF(C23<>"",+IF(E42<=$L$8,"Cumple","NO CUMPLE"),"") | F43: =+IF(C23<>"",+IF(F42>=$L$9,"Cumple", "NO CUMPLE"),"") | G43: =+IF(C23<>"",+IF(G42>=$L$10,"Cumple", "NO CUMPLE"),"") | H43: =+IF(C23<>"",+IF(H42>=$L$11,"Cumple", "NO CUMPLE"),"") | J43: =+IF(C23<>"",+IF(J42>=$L$12,"Cumple", "NO CUMPLE"),"") | K43: =+IF(C23<>"",+IF(K42>=$L$13,"Cumple", "NO CUMPLE"),"") | O43: 12 | Q43: CC o NIT | R43: % | S43: Activo Cte. | T43: Activo Total | U43: Pasivo Cte. | V43: Pasivo Total | W43: Patrimonio | X43: Utilidad Operac. | Y43: Gasto Intereses | AA43: Liquidez | AB43: Endeudamiento | AC43: Cob. Intereses | AD43: Cap. Trabajo | AE43: Patrimonio | AF43: Rent. Patrimonio | AG43: Rent. Activo
B44: =+B42+1 -> 13 | C44: =+IF(C25<>"",+C25,"") | D44: =+IF(C25<>"",+IF(G25>0,+ROUNDDOWN(+E25/G25,2),"Indeterminado"),"") | E44: =+IF(C25<>"",+IF(F25>0,+ROUNDDOWN(+H25/F25,2),"Indeterminado"),"") | F44: =+IF(C25<>"",+IF(K25>0,+ROUNDDOWN(+J25/K25,2),"Indeterminado"),"") | G44: =+IF(C25<>"",+S64-U64,"") | H44: =+IF(C25<>"",+T64-V64,"") | I44: =++IF(C25<>"",+IF(D45="Cumple",+IF(E45="Cumple",+IF(F45="Cumple",+IF(G45="Cumple",+IF(H45="Cumple","CUMPLE","NO CUMPLE"),"NO CUMPLE"),"NO CUMPLE"),"NO CUMPLE"),"NO CUMPLE"),"") | J44: =+IF(C25<>"",+IF(I25>0,+ROUNDDOWN(+J25/I25,2),"Indeterminado"),"") | K44: =+IF(C25<>"",+IF(F25>0,+ROUNDDOWN(+J25/F25,2),"Indeterminado"),"") | L44: =+IF(C25<>"",+IF(J45="Cumple",+IF(K45="Cumple","CUMPLE","NO CUMPLE"),"NO CUMPLE"),"") | N44: =+IF($C$25<>"",+IF(H44<>W64,"Error en registro de datos",""),"") | O44: 1 | Z44: =(V44+W44)-T44 -> 0 | AA44: =IF($P44<>"",+IF(U44>0,+ROUNDDOWN(S44/U44,2),"INDETERMINADO"),"") | AB44: =IF($P44<>"",+IF(T44>0,+ROUNDDOWN(V44/T44,2),"INDETERMINADO"),"") | AC44: =IF($P44<>"",+IF(Y44>0,+ROUNDDOWN(X44/Y44,2),"INDETERMINADO"),"") | AD44: =IF($P44<>"",+(S44-U44),"") | AE44: =IF($P44<>"",+(T44-V44),"") | AF44: =IF($P44<>"",+IF(W44>0,+ROUNDDOWN(X44/W44,2),"INDETERMINADO"),"") | AG44: =IF($P44<>"",+IF(T44>0,+ROUNDDOWN(X44/T44,2),"INDETERMINADO"),"") | AH44: =AE44-W44 -> #VALUE!
D45: =+IF(C25<>"",+IF(D44>=$L$7,"Cumple","NO CUMPLE"),"") | E45: =+IF(C25<>"",+IF(E44<=$L$8,"Cumple","NO CUMPLE"),"") | F45: =+IF(C25<>"",+IF(F44>=$L$9,"Cumple", "NO CUMPLE"),"") | G45: =+IF(C25<>"",+IF(G44>=$L$10,"Cumple", "NO CUMPLE"),"") | H45: =+IF(C25<>"",+IF(H44>=$L$11,"Cumple", "NO CUMPLE"),"") | J45: =+IF(C25<>"",+IF(J44>=$L$12,"Cumple", "NO CUMPLE"),"") | K45: =+IF(C25<>"",+IF(K44>=$L$13,"Cumple", "NO CUMPLE"),"") | O45: 2 | Z45: =(V45+W45)-T45 -> 0 | AA45: =IF($P45<>"",+IF(U45>0,+ROUNDDOWN(S45/U45,2),"INDETERMINADO"),"") | AB45: =IF($P45<>"",+IF(T45>0,+ROUNDDOWN(V45/T45,2),"INDETERMINADO"),"") | AC45: =IF($P45<>"",+IF(Y45>0,+ROUNDDOWN(X45/Y45,2),"INDETERMINADO"),"") | AD45: =IF($P45<>"",+(S45-U45),"") | AE45: =IF($P45<>"",+(T45-V45),"") | AF45: =IF($P45<>"",+IF(W45>0,+ROUNDDOWN(X45/W45,2),"INDETERMINADO"),"") | AG45: =IF($P45<>"",+IF(T45>0,+ROUNDDOWN(X45/T45,2),"INDETERMINADO"),"") | AH45: =AE45-W45 -> #VALUE!
B46: =+B44+1 -> 14 | C46: =+IF(C27<>"",+C27,"") | D46: =+IF(C27<>"",+IF(G27>0,+ROUNDDOWN(+E27/G27,2),"Indeterminado"),"") | E46: =+IF(C27<>"",+IF(F27>0,+ROUNDDOWN(+H27/F27,2),"Indeterminado"),"") | F46: =+IF(C27<>"",+IF(K27>0,+ROUNDDOWN(+J27/K27,2),"Indeterminado"),"") | G46: =+IF(C27<>"",+S76-U76,"") | H46: =+IF(C27<>"",+T76-V76,"") | I46: =++IF(C27<>"",+IF(D47="Cumple",+IF(E47="Cumple",+IF(F47="Cumple",+IF(G47="Cumple",+IF(H47="Cumple","CUMPLE","NO CUMPLE"),"NO CUMPLE"),"NO CUMPLE"),"NO CUMPLE"),"NO CUMPLE"),"") | J46: =+IF(C27<>"",+IF(I27>0,+ROUNDDOWN(+J27/I27,2),"Indeterminado"),"") | K46: =+IF(C27<>"",+IF(F27>0,+ROUNDDOWN(+J27/F27,2),"Indeterminado"),"") | L46: =+IF(C27<>"",+IF(J47="Cumple",+IF(K47="Cumple","CUMPLE","NO CUMPLE"),"NO CUMPLE"),"") | N46: =+IF($C$27<>"",+IF(H46<>W76,"Error en registro de datos",""),"") | O46: 3 | Z46: =(V46+W46)-T46 -> 0 | AA46: =IF($P46<>"",+IF(U46>0,+ROUNDDOWN(S46/U46,2),"INDETERMINADO"),"") | AB46: =IF($P46<>"",+IF(T46>0,+ROUNDDOWN(V46/T46,2),"INDETERMINADO"),"") | AC46: =IF($P46<>"",+IF(Y46>0,+ROUNDDOWN(X46/Y46,2),"INDETERMINADO"),"") | AD46: =IF($P46<>"",+(S46-U46),"") | AE46: =IF($P46<>"",+(T46-V46),"") | AF46: =IF($P46<>"",+IF(W46>0,+ROUNDDOWN(X46/W46,2),"INDETERMINADO"),"") | AG46: =IF($P46<>"",+IF(T46>0,+ROUNDDOWN(X46/T46,2),"INDETERMINADO"),"") | AH46: =AE46-W46 -> #VALUE!
D47: =+IF(C27<>"",+IF(D46>=$L$7,"Cumple","NO CUMPLE"),"") | E47: =+IF(C27<>"",+IF(E46<=$L$8,"Cumple","NO CUMPLE"),"") | F47: =+IF(C27<>"",+IF(F46>=$L$9,"Cumple", "NO CUMPLE"),"") | G47: =+IF(C27<>"",+IF(G46>=$L$10,"Cumple", "NO CUMPLE"),"") | H47: =+IF(C27<>"",+IF(H46>=$L$11,"Cumple", "NO CUMPLE"),"") | J47: =+IF(C27<>"",+IF(J46>=$L$12,"Cumple", "NO CUMPLE"),"") | K47: =+IF(C27<>"",+IF(K46>=$L$13,"Cumple", "NO CUMPLE"),"") | O47: 4 | Z47: =(V47+W47)-T47 -> 0 | AA47: =IF($P47<>"",+IF(U47>0,+ROUNDDOWN(S47/U47,2),"INDETERMINADO"),"") | AB47: =IF($P47<>"",+IF(T47>0,+ROUNDDOWN(V47/T47,2),"INDETERMINADO"),"") | AC47: =IF($P47<>"",+IF(Y47>0,+ROUNDDOWN(X47/Y47,2),"INDETERMINADO"),"") | AD47: =IF($P47<>"",+(S47-U47),"") | AE47: =IF($P47<>"",+(T47-V47),"") | AF47: =IF($P47<>"",+IF(W47>0,+ROUNDDOWN(X47/W47,2),"INDETERMINADO"),"") | AG47: =IF($P47<>"",+IF(T47>0,+ROUNDDOWN(X47/T47,2),"INDETERMINADO"),"") | AH47: =AE47-W47 -> #VALUE!
B48: =+B46+1 -> 15 | C48: =+IF(C29<>"",+C29,"") | D48: =+IF(C29<>"",+IF(G29>0,+ROUNDDOWN(+E29/G29,2),"Indeterminado"),"") | E48: =+IF(C29<>"",+IF(F29>0,+ROUNDDOWN(+H29/F29,2),"Indeterminado"),"") | F48: =+IF(C29<>"",+IF(K29>0,+ROUNDDOWN(+J29/K29,2),"Indeterminado"),"") | G48: =+IF(C29<>"",+S88-U88,"") | H48: =+IF(C29<>"",+T88-V88,"") | I48: =++IF(C29<>"",+IF(D49="Cumple",+IF(E49="Cumple",+IF(F49="Cumple",+IF(G49="Cumple",+IF(H49="Cumple","CUMPLE","NO CUMPLE"),"NO CUMPLE"),"NO CUMPLE"),"NO CUMPLE"),"NO CUMPLE"),"") | J48: =+IF(C29<>"",+IF(I29>0,+ROUNDDOWN(+J29/I29,2),"Indeterminado"),"") | K48: =+IF(C29<>"",+IF(F29>0,+ROUNDDOWN(+J29/F29,2),"Indeterminado"),"") | L48: =+IF(C29<>"",+IF(J49="Cumple",+IF(K49="Cumple","CUMPLE","NO CUMPLE"),"NO CUMPLE"),"") | N48: =+IF($C$29<>"",+IF(H48<>W88,"Error en registro de datos",""),"") | O48: 5 | Z48: =(V48+W48)-T48 -> 0 | AA48: =IF($P48<>"",+IF(U48>0,+ROUNDDOWN(S48/U48,2),"INDETERMINADO"),"") | AB48: =IF($P48<>"",+IF(T48>0,+ROUNDDOWN(V48/T48,2),"INDETERMINADO"),"") | AC48: =IF($P48<>"",+IF(Y48>0,+ROUNDDOWN(X48/Y48,2),"INDETERMINADO"),"") | AD48: =IF($P48<>"",+(S48-U48),"") | AE48: =IF($P48<>"",+(T48-V48),"") | AF48: =IF($P48<>"",+IF(W48>0,+ROUNDDOWN(X48/W48,2),"INDETERMINADO"),"") | AG48: =IF($P48<>"",+IF(T48>0,+ROUNDDOWN(X48/T48,2),"INDETERMINADO"),"") | AH48: =AE48-W48 -> #VALUE!
D49: =+IF(C29<>"",+IF(D48>=$L$7,"Cumple","NO CUMPLE"),"") | E49: =+IF(C29<>"",+IF(E48<=$L$8,"Cumple","NO CUMPLE"),"") | F49: =+IF(C29<>"",+IF(F48>=$L$9,"Cumple", "NO CUMPLE"),"") | G49: =+IF(C29<>"",+IF(G48>=$L$10,"Cumple", "NO CUMPLE"),"") | H49: =+IF(C29<>"",+IF(H48>=$L$11,"Cumple", "NO CUMPLE"),"") | J49: =+IF(C29<>"",+IF(J48>=$L$12,"Cumple", "NO CUMPLE"),"") | K49: =+IF(C29<>"",+IF(K48>=$L$13,"Cumple", "NO CUMPLE"),"") | O49: 6 | Z49: =(V49+W49)-T49 -> 0 | AA49: =IF($P49<>"",+IF(U49>0,+ROUNDDOWN(S49/U49,2),"INDETERMINADO"),"") | AB49: =IF($P49<>"",+IF(T49>0,+ROUNDDOWN(V49/T49,2),"INDETERMINADO"),"") | AC49: =IF($P49<>"",+IF(Y49>0,+ROUNDDOWN(X49/Y49,2),"INDETERMINADO"),"") | AD49: =IF($P49<>"",+(S49-U49),"") | AE49: =IF($P49<>"",+(T49-V49),"") | AF49: =IF($P49<>"",+IF(W49>0,+ROUNDDOWN(X49/W49,2),"INDETERMINADO"),"") | AG49: =IF($P49<>"",+IF(T49>0,+ROUNDDOWN(X49/T49,2),"INDETERMINADO"),"") | AH49: =AE49-W49 -> #VALUE!
B50: =+B48+1 -> 16 | C50: =+IF(C31<>"",+C31,"") | D50: =+IF(C31<>"",+IF(G31>0,+ROUNDDOWN(+E31/G31,2),"Indeterminado"),"") | E50: =+IF(C31<>"",+IF(F31>0,+ROUNDDOWN(+H31/F31,2),"Indeterminado"),"") | F50: =+IF(C31<>"",+IF(K31>0,+ROUNDDOWN(+J31/K31,2),"Indeterminado"),"") | G50: =+IF(C31<>"",+S100-U100,"") | H50: =+IF(C31<>"",+T100-V100,"") | I50: =++IF(C31<>"",+IF(D51="Cumple",+IF(E51="Cumple",+IF(F51="Cumple",+IF(G51="Cumple",+IF(H51="Cumple","CUMPLE","NO CUMPLE"),"NO CUMPLE"),"NO CUMPLE"),"NO CUMPLE"),"NO CUMPLE"),"") | J50: =+IF(C31<>"",+IF(I31>0,+ROUNDDOWN(+J31/I31,2),"Indeterminado"),"") | K50: =+IF(C31<>"",+IF(F31>0,+ROUNDDOWN(+J31/F31,2),"Indeterminado"),"") | L50: =+IF(C31<>"",+IF(J51="Cumple",+IF(K51="Cumple","CUMPLE","NO CUMPLE"),"NO CUMPLE"),"") | N50: =+IF($C$31<>"",+IF(H50<>W100,"Error en registro de datos",""),"") | P50: TOTAL GENERAL | R50: =SUM(R44:R49) -> 0 | S50: =SUM(S44:S49) -> 0 | T50: =SUM(T44:T49) -> 0 | U50: =SUM(U44:U49) -> 0 | V50: =SUM(V44:V49) -> 0 | W50: =SUM(W44:W49) -> 0 | X50: =SUM(X44:X49) -> 0 | Y50: =SUM(Y44:Y49) -> 0
D51: =+IF(C31<>"",+IF(D50>=$L$7,"Cumple","NO CUMPLE"),"") | E51: =+IF(C31<>"",+IF(E50<=$L$8,"Cumple","NO CUMPLE"),"") | F51: =+IF(C31<>"",+IF(F50>=$L$9,"Cumple", "NO CUMPLE"),"") | G51: =+IF(C31<>"",+IF(G50>=$L$10,"Cumple", "NO CUMPLE"),"") | H51: =+IF(C31<>"",+IF(H50>=$L$11,"Cumple", "NO CUMPLE"),"") | J51: =+IF(C31<>"",+IF(J50>=$L$12,"Cumple", "NO CUMPLE"),"") | K51: =+IF(C31<>"",+IF(K50>=$L$13,"Cumple", "NO CUMPLE"),"")
B52: Liquidez = (Activo corriente/Pasivo corriente). Endeudamiento = (Pasivo total/Activo total). Cobertura de intereses = (Utilidad operacional/Gastos de intereses). Capital de trabajo = (Activo corriente - Pasivo corriente).
B53: Patrimonio = (Activo total - Pasivo total). Rentabilidad del patrimonio = (Utilidad operacional/Patrimonio). Rentabilidad del activo = (Utilidad operacional/Activo total)
B54: **La evaluación Financiera de Estructuras plurales, son calculadas de acuerdo a las partidas financieras de cada uno de los integrantes, de manera proporcional a su porcentaje de Participación, salvo para el Capital de Trabajo y Patrimonio, donde el cálculo se realiza de acuerdo a la sumatoria de los indicadores correspondientes.
P56: Nombre o Razón Social - Folios | AA56: RESULTADOS CAPACIDAD FINANCIERA | AF56: RESULTADOS CAPACIDAD ORGANIZACIONAL
O57: 13 | Q57: CC o NIT | R57: % | S57: Activo Cte. | T57: Activo Total | U57: Pasivo Cte. | V57: Pasivo Total | W57: Patrimonio | X57: Utilidad Operac. | Y57: Gasto Intereses | AA57: Liquidez | AB57: Endeudamiento | AC57: Cob. Intereses | AD57: Cap. Trabajo | AE57: Patrimonio | AF57: Rent. Patrimonio | AG57: Rent. Activo
O58: 1 | Z58: =(V58+W58)-T58 -> 0 | AA58: =IF($P58<>"",+IF(U58>0,+ROUNDDOWN(S58/U58,2),"INDETERMINADO"),"") | AB58: =IF($P58<>"",+IF(T58>0,+ROUNDDOWN(V58/T58,2),"INDETERMINADO"),"") | AC58: =IF($P58<>"",+IF(Y58>0,+ROUNDDOWN(X58/Y58,2),"INDETERMINADO"),"") | AD58: =IF($P58<>"",+(S58-U58),"") | AE58: =IF($P58<>"",+(T58-V58),"") | AF58: =IF($P58<>"",+IF(W58>0,+ROUNDDOWN(X58/W58,2),"INDETERMINADO"),"") | AG58: =IF($P58<>"",+IF(T58>0,+ROUNDDOWN(X58/T58,2),"INDETERMINADO"),"") | AH58: =AE58-W58 -> #VALUE!
E59: Hoja 2 | O59: 2 | Z59: =(V59+W59)-T59 -> 0 | AA59: =IF($P59<>"",+IF(U59>0,+ROUNDDOWN(S59/U59,2),"INDETERMINADO"),"") | AB59: =IF($P59<>"",+IF(T59>0,+ROUNDDOWN(V59/T59,2),"INDETERMINADO"),"") | AC59: =IF($P59<>"",+IF(Y59>0,+ROUNDDOWN(X59/Y59,2),"INDETERMINADO"),"") | AD59: =IF($P59<>"",+(S59-U59),"") | AE59: =IF($P59<>"",+(T59-V59),"") | AF59: =IF($P59<>"",+IF(W59>0,+ROUNDDOWN(X59/W59,2),"INDETERMINADO"),"") | AG59: =IF($P59<>"",+IF(T59>0,+ROUNDDOWN(X59/T59,2),"INDETERMINADO"),"") | AH59: =AE59-W59 -> #VALUE!
O60: 3 | Z60: =(V60+W60)-T60 -> 0 | AA60: =IF($P60<>"",+IF(U60>0,+ROUNDDOWN(S60/U60,2),"INDETERMINADO"),"") | AB60: =IF($P60<>"",+IF(T60>0,+ROUNDDOWN(V60/T60,2),"INDETERMINADO"),"") | AC60: =IF($P60<>"",+IF(Y60>0,+ROUNDDOWN(X60/Y60,2),"INDETERMINADO"),"") | AD60: =IF($P60<>"",+(S60-U60),"") | AE60: =IF($P60<>"",+(T60-V60),"") | AF60: =IF($P60<>"",+IF(W60>0,+ROUNDDOWN(X60/W60,2),"INDETERMINADO"),"") | AG60: =IF($P60<>"",+IF(T60>0,+ROUNDDOWN(X60/T60,2),"INDETERMINADO"),"") | AH60: =AE60-W60 -> #VALUE!
B61: (evaluador) | O61: 4 | Z61: =(V61+W61)-T61 -> 0 | AA61: =IF($P61<>"",+IF(U61>0,+ROUNDDOWN(S61/U61,2),"INDETERMINADO"),"") | AB61: =IF($P61<>"",+IF(T61>0,+ROUNDDOWN(V61/T61,2),"INDETERMINADO"),"") | AC61: =IF($P61<>"",+IF(Y61>0,+ROUNDDOWN(X61/Y61,2),"INDETERMINADO"),"") | AD61: =IF($P61<>"",+(S61-U61),"") | AE61: =IF($P61<>"",+(T61-V61),"") | AF61: =IF($P61<>"",+IF(W61>0,+ROUNDDOWN(X61/W61,2),"INDETERMINADO"),"") | AG61: =IF($P61<>"",+IF(T61>0,+ROUNDDOWN(X61/T61,2),"INDETERMINADO"),"") | AH61: =AE61-W61 -> #VALUE!
O62: 5 | Z62: =(V62+W62)-T62 -> 0 | AA62: =IF($P62<>"",+IF(U62>0,+ROUNDDOWN(S62/U62,2),"INDETERMINADO"),"") | AB62: =IF($P62<>"",+IF(T62>0,+ROUNDDOWN(V62/T62,2),"INDETERMINADO"),"") | AC62: =IF($P62<>"",+IF(Y62>0,+ROUNDDOWN(X62/Y62,2),"INDETERMINADO"),"") | AD62: =IF($P62<>"",+(S62-U62),"") | AE62: =IF($P62<>"",+(T62-V62),"") | AF62: =IF($P62<>"",+IF(W62>0,+ROUNDDOWN(X62/W62,2),"INDETERMINADO"),"") | AG62: =IF($P62<>"",+IF(T62>0,+ROUNDDOWN(X62/T62,2),"INDETERMINADO"),"") | AH62: =AE62-W62 -> #VALUE!
O63: 6 | Z63: =(V63+W63)-T63 -> 0 | AA63: =IF($P63<>"",+IF(U63>0,+ROUNDDOWN(S63/U63,2),"INDETERMINADO"),"") | AB63: =IF($P63<>"",+IF(T63>0,+ROUNDDOWN(V63/T63,2),"INDETERMINADO"),"") | AC63: =IF($P63<>"",+IF(Y63>0,+ROUNDDOWN(X63/Y63,2),"INDETERMINADO"),"") | AD63: =IF($P63<>"",+(S63-U63),"") | AE63: =IF($P63<>"",+(T63-V63),"") | AF63: =IF($P63<>"",+IF(W63>0,+ROUNDDOWN(X63/W63,2),"INDETERMINADO"),"") | AG63: =IF($P63<>"",+IF(T63>0,+ROUNDDOWN(X63/T63,2),"INDETERMINADO"),"") | AH63: =AE63-W63 -> #VALUE!
P64: TOTAL GENERAL | R64: =SUM(R58:R63) -> 0 | S64: =SUM(S58:S63) -> 0 | T64: =SUM(T58:T63) -> 0 | U64: =SUM(U58:U63) -> 0 | V64: =SUM(V58:V63) -> 0 | W64: =SUM(W58:W63) -> 0 | X64: =SUM(X58:X63) -> 0 | Y64: =SUM(Y58:Y63) -> 0
P68: Nombre o Razón Social - Folios | AA68: RESULTADOS CAPACIDAD FINANCIERA | AF68: RESULTADOS CAPACIDAD ORGANIZACIONAL
O69: 14 | Q69: CC o NIT | R69: % | S69: Activo Cte. | T69: Activo Total | U69: Pasivo Cte. | V69: Pasivo Total | W69: Patrimonio | X69: Utilidad Operac. | Y69: Gasto Intereses | AA69: Liquidez | AB69: Endeudamiento | AC69: Cob. Intereses | AD69: Cap. Trabajo | AE69: Patrimonio | AF69: Rent. Patrimonio | AG69: Rent. Activo
O70: 1 | Z70: =(V70+W70)-T70 -> 0 | AA70: =IF($P70<>"",+IF(U70>0,+ROUNDDOWN(S70/U70,2),"INDETERMINADO"),"") | AB70: =IF($P70<>"",+IF(T70>0,+ROUNDDOWN(V70/T70,2),"INDETERMINADO"),"") | AC70: =IF($P70<>"",+IF(Y70>0,+ROUNDDOWN(X70/Y70,2),"INDETERMINADO"),"") | AD70: =IF($P70<>"",+(S70-U70),"") | AE70: =IF($P70<>"",+(T70-V70),"") | AF70: =IF($P70<>"",+IF(W70>0,+ROUNDDOWN(X70/W70,2),"INDETERMINADO"),"") | AG70: =IF($P70<>"",+IF(T70>0,+ROUNDDOWN(X70/T70,2),"INDETERMINADO"),"") | AH70: =AE70-W70 -> #VALUE!
O71: 2 | Z71: =(V71+W71)-T71 -> 0 | AA71: =IF($P71<>"",+IF(U71>0,+ROUNDDOWN(S71/U71,2),"INDETERMINADO"),"") | AB71: =IF($P71<>"",+IF(T71>0,+ROUNDDOWN(V71/T71,2),"INDETERMINADO"),"") | AC71: =IF($P71<>"",+IF(Y71>0,+ROUNDDOWN(X71/Y71,2),"INDETERMINADO"),"") | AD71: =IF($P71<>"",+(S71-U71),"") | AE71: =IF($P71<>"",+(T71-V71),"") | AF71: =IF($P71<>"",+IF(W71>0,+ROUNDDOWN(X71/W71,2),"INDETERMINADO"),"") | AG71: =IF($P71<>"",+IF(T71>0,+ROUNDDOWN(X71/T71,2),"INDETERMINADO"),"") | AH71: =AE71-W71 -> #VALUE!
O72: 3 | Z72: =(V72+W72)-T72 -> 0 | AA72: =IF($P72<>"",+IF(U72>0,+ROUNDDOWN(S72/U72,2),"INDETERMINADO"),"") | AB72: =IF($P72<>"",+IF(T72>0,+ROUNDDOWN(V72/T72,2),"INDETERMINADO"),"") | AC72: =IF($P72<>"",+IF(Y72>0,+ROUNDDOWN(X72/Y72,2),"INDETERMINADO"),"") | AD72: =IF($P72<>"",+(S72-U72),"") | AE72: =IF($P72<>"",+(T72-V72),"") | AF72: =IF($P72<>"",+IF(W72>0,+ROUNDDOWN(X72/W72,2),"INDETERMINADO"),"") | AG72: =IF($P72<>"",+IF(T72>0,+ROUNDDOWN(X72/T72,2),"INDETERMINADO"),"") | AH72: =AE72-W72 -> #VALUE!
O73: 4 | Z73: =(V73+W73)-T73 -> 0 | AA73: =IF($P73<>"",+IF(U73>0,+ROUNDDOWN(S73/U73,2),"INDETERMINADO"),"") | AB73: =IF($P73<>"",+IF(T73>0,+ROUNDDOWN(V73/T73,2),"INDETERMINADO"),"") | AC73: =IF($P73<>"",+IF(Y73>0,+ROUNDDOWN(X73/Y73,2),"INDETERMINADO"),"") | AD73: =IF($P73<>"",+(S73-U73),"") | AE73: =IF($P73<>"",+(T73-V73),"") | AF73: =IF($P73<>"",+IF(W73>0,+ROUNDDOWN(X73/W73,2),"INDETERMINADO"),"") | AG73: =IF($P73<>"",+IF(T73>0,+ROUNDDOWN(X73/T73,2),"INDETERMINADO"),"") | AH73: =AE73-W73 -> #VALUE!
O74: 5 | Z74: =(V74+W74)-T74 -> 0 | AA74: =IF($P74<>"",+IF(U74>0,+ROUNDDOWN(S74/U74,2),"INDETERMINADO"),"") | AB74: =IF($P74<>"",+IF(T74>0,+ROUNDDOWN(V74/T74,2),"INDETERMINADO"),"") | AC74: =IF($P74<>"",+IF(Y74>0,+ROUNDDOWN(X74/Y74,2),"INDETERMINADO"),"") | AD74: =IF($P74<>"",+(S74-U74),"") | AE74: =IF($P74<>"",+(T74-V74),"") | AF74: =IF($P74<>"",+IF(W74>0,+ROUNDDOWN(X74/W74,2),"INDETERMINADO"),"") | AG74: =IF($P74<>"",+IF(T74>0,+ROUNDDOWN(X74/T74,2),"INDETERMINADO"),"") | AH74: =AE74-W74 -> #VALUE!
O75: 6 | Z75: =(V75+W75)-T75 -> 0 | AA75: =IF($P75<>"",+IF(U75>0,+ROUNDDOWN(S75/U75,2),"INDETERMINADO"),"") | AB75: =IF($P75<>"",+IF(T75>0,+ROUNDDOWN(V75/T75,2),"INDETERMINADO"),"") | AC75: =IF($P75<>"",+IF(Y75>0,+ROUNDDOWN(X75/Y75,2),"INDETERMINADO"),"") | AD75: =IF($P75<>"",+(S75-U75),"") | AE75: =IF($P75<>"",+(T75-V75),"") | AF75: =IF($P75<>"",+IF(W75>0,+ROUNDDOWN(X75/W75,2),"INDETERMINADO"),"") | AG75: =IF($P75<>"",+IF(T75>0,+ROUNDDOWN(X75/T75,2),"INDETERMINADO"),"") | AH75: =AE75-W75 -> #VALUE!
P76: TOTAL GENERAL | R76: =SUM(R70:R75) -> 0 | S76: =SUM(S70:S75) -> 0 | T76: =SUM(T70:T75) -> 0 | U76: =SUM(U70:U75) -> 0 | V76: =SUM(V70:V75) -> 0 | W76: =SUM(W70:W75) -> 0 | X76: =SUM(X70:X75) -> 0 | Y76: =SUM(Y70:Y75) -> 0
P80: Nombre o Razón Social - Folios | AA80: RESULTADOS CAPACIDAD FINANCIERA | AF80: RESULTADOS CAPACIDAD ORGANIZACIONAL
O81: 15 | Q81: CC o NIT | R81: % | S81: Activo Cte. | T81: Activo Total | U81: Pasivo Cte. | V81: Pasivo Total | W81: Patrimonio | X81: Utilidad Operac. | Y81: Gasto Intereses | AA81: Liquidez | AB81: Endeudamiento | AC81: Cob. Intereses | AD81: Cap. Trabajo | AE81: Patrimonio | AF81: Rent. Patrimonio | AG81: Rent. Activo
O82: 1 | Z82: =(V82+W82)-T82 -> 0 | AA82: =IF($P82<>"",+IF(U82>0,+ROUNDDOWN(S82/U82,2),"INDETERMINADO"),"") | AB82: =IF($P82<>"",+IF(T82>0,+ROUNDDOWN(V82/T82,2),"INDETERMINADO"),"") | AC82: =IF($P82<>"",+IF(Y82>0,+ROUNDDOWN(X82/Y82,2),"INDETERMINADO"),"") | AD82: =IF($P82<>"",+(S82-U82),"") | AE82: =IF($P82<>"",+(T82-V82),"") | AF82: =IF($P82<>"",+IF(W82>0,+ROUNDDOWN(X82/W82,2),"INDETERMINADO"),"") | AG82: =IF($P82<>"",+IF(T82>0,+ROUNDDOWN(X82/T82,2),"INDETERMINADO"),"") | AH82: =AE82-W82 -> #VALUE!
O83: 2 | Z83: =(V83+W83)-T83 -> 0 | AA83: =IF($P83<>"",+IF(U83>0,+ROUNDDOWN(S83/U83,2),"INDETERMINADO"),"") | AB83: =IF($P83<>"",+IF(T83>0,+ROUNDDOWN(V83/T83,2),"INDETERMINADO"),"") | AC83: =IF($P83<>"",+IF(Y83>0,+ROUNDDOWN(X83/Y83,2),"INDETERMINADO"),"") | AD83: =IF($P83<>"",+(S83-U83),"") | AE83: =IF($P83<>"",+(T83-V83),"") | AF83: =IF($P83<>"",+IF(W83>0,+ROUNDDOWN(X83/W83,2),"INDETERMINADO"),"") | AG83: =IF($P83<>"",+IF(T83>0,+ROUNDDOWN(X83/T83,2),"INDETERMINADO"),"") | AH83: =AE83-W83 -> #VALUE!
O84: 3 | Z84: =(V84+W84)-T84 -> 0 | AA84: =IF($P84<>"",+IF(U84>0,+ROUNDDOWN(S84/U84,2),"INDETERMINADO"),"") | AB84: =IF($P84<>"",+IF(T84>0,+ROUNDDOWN(V84/T84,2),"INDETERMINADO"),"") | AC84: =IF($P84<>"",+IF(Y84>0,+ROUNDDOWN(X84/Y84,2),"INDETERMINADO"),"") | AD84: =IF($P84<>"",+(S84-U84),"") | AE84: =IF($P84<>"",+(T84-V84),"") | AF84: =IF($P84<>"",+IF(W84>0,+ROUNDDOWN(X84/W84,2),"INDETERMINADO"),"") | AG84: =IF($P84<>"",+IF(T84>0,+ROUNDDOWN(X84/T84,2),"INDETERMINADO"),"") | AH84: =AE84-W84 -> #VALUE!
O85: 4 | Z85: =(V85+W85)-T85 -> 0 | AA85: =IF($P85<>"",+IF(U85>0,+ROUNDDOWN(S85/U85,2),"INDETERMINADO"),"") | AB85: =IF($P85<>"",+IF(T85>0,+ROUNDDOWN(V85/T85,2),"INDETERMINADO"),"") | AC85: =IF($P85<>"",+IF(Y85>0,+ROUNDDOWN(X85/Y85,2),"INDETERMINADO"),"") | AD85: =IF($P85<>"",+(S85-U85),"") | AE85: =IF($P85<>"",+(T85-V85),"") | AF85: =IF($P85<>"",+IF(W85>0,+ROUNDDOWN(X85/W85,2),"INDETERMINADO"),"") | AG85: =IF($P85<>"",+IF(T85>0,+ROUNDDOWN(X85/T85,2),"INDETERMINADO"),"") | AH85: =AE85-W85 -> #VALUE!
O86: 5 | Z86: =(V86+W86)-T86 -> 0 | AA86: =IF($P86<>"",+IF(U86>0,+ROUNDDOWN(S86/U86,2),"INDETERMINADO"),"") | AB86: =IF($P86<>"",+IF(T86>0,+ROUNDDOWN(V86/T86,2),"INDETERMINADO"),"") | AC86: =IF($P86<>"",+IF(Y86>0,+ROUNDDOWN(X86/Y86,2),"INDETERMINADO"),"") | AD86: =IF($P86<>"",+(S86-U86),"") | AE86: =IF($P86<>"",+(T86-V86),"") | AF86: =IF($P86<>"",+IF(W86>0,+ROUNDDOWN(X86/W86,2),"INDETERMINADO"),"") | AG86: =IF($P86<>"",+IF(T86>0,+ROUNDDOWN(X86/T86,2),"INDETERMINADO"),"") | AH86: =AE86-W86 -> #VALUE!
O87: 6 | Z87: =(V87+W87)-T87 -> 0 | AA87: =IF($P87<>"",+IF(U87>0,+ROUNDDOWN(S87/U87,2),"INDETERMINADO"),"") | AB87: =IF($P87<>"",+IF(T87>0,+ROUNDDOWN(V87/T87,2),"INDETERMINADO"),"") | AC87: =IF($P87<>"",+IF(Y87>0,+ROUNDDOWN(X87/Y87,2),"INDETERMINADO"),"") | AD87: =IF($P87<>"",+(S87-U87),"") | AE87: =IF($P87<>"",+(T87-V87),"") | AF87: =IF($P87<>"",+IF(W87>0,+ROUNDDOWN(X87/W87,2),"INDETERMINADO"),"") | AG87: =IF($P87<>"",+IF(T87>0,+ROUNDDOWN(X87/T87,2),"INDETERMINADO"),"") | AH87: =AE87-W87 -> #VALUE!
P88: TOTAL GENERAL | R88: =SUM(R82:R87) -> 0 | S88: =SUM(S82:S87) -> 0 | T88: =SUM(T82:T87) -> 0 | U88: =SUM(U82:U87) -> 0 | V88: =SUM(V82:V87) -> 0 | W88: =SUM(W82:W87) -> 0 | X88: =SUM(X82:X87) -> 0 | Y88: =SUM(Y82:Y87) -> 0
P92: Nombre o Razón Social - Folios | AA92: RESULTADOS CAPACIDAD FINANCIERA | AF92: RESULTADOS CAPACIDAD ORGANIZACIONAL
O93: 16 | Q93: CC o NIT | R93: % | S93: Activo Cte. | T93: Activo Total | U93: Pasivo Cte. | V93: Pasivo Total | W93: Patrimonio | X93: Utilidad Operac. | Y93: Gasto Intereses | AA93: Liquidez | AB93: Endeudamiento | AC93: Cob. Intereses | AD93: Cap. Trabajo | AE93: Patrimonio | AF93: Rent. Patrimonio | AG93: Rent. Activo
O94: 1 | Z94: =(V94+W94)-T94 -> 0 | AA94: =IF($P94<>"",+IF(U94>0,+ROUNDDOWN(S94/U94,2),"INDETERMINADO"),"") | AB94: =IF($P94<>"",+IF(T94>0,+ROUNDDOWN(V94/T94,2),"INDETERMINADO"),"") | AC94: =IF($P94<>"",+IF(Y94>0,+ROUNDDOWN(X94/Y94,2),"INDETERMINADO"),"") | AD94: =IF($P94<>"",+(S94-U94),"") | AE94: =IF($P94<>"",+(T94-V94),"") | AF94: =IF($P94<>"",+IF(W94>0,+ROUNDDOWN(X94/W94,2),"INDETERMINADO"),"") | AG94: =IF($P94<>"",+IF(T94>0,+ROUNDDOWN(X94/T94,2),"INDETERMINADO"),"") | AH94: =AE94-W94 -> #VALUE!
O95: 2 | Z95: =(V95+W95)-T95 -> 0 | AA95: =IF($P95<>"",+IF(U95>0,+ROUNDDOWN(S95/U95,2),"INDETERMINADO"),"") | AB95: =IF($P95<>"",+IF(T95>0,+ROUNDDOWN(V95/T95,2),"INDETERMINADO"),"") | AC95: =IF($P95<>"",+IF(Y95>0,+ROUNDDOWN(X95/Y95,2),"INDETERMINADO"),"") | AD95: =IF($P95<>"",+(S95-U95),"") | AE95: =IF($P95<>"",+(T95-V95),"") | AF95: =IF($P95<>"",+IF(W95>0,+ROUNDDOWN(X95/W95,2),"INDETERMINADO"),"") | AG95: =IF($P95<>"",+IF(T95>0,+ROUNDDOWN(X95/T95,2),"INDETERMINADO"),"") | AH95: =AE95-W95 -> #VALUE!
O96: 3 | Z96: =(V96+W96)-T96 -> 0 | AA96: =IF($P96<>"",+IF(U96>0,+ROUNDDOWN(S96/U96,2),"INDETERMINADO"),"") | AB96: =IF($P96<>"",+IF(T96>0,+ROUNDDOWN(V96/T96,2),"INDETERMINADO"),"") | AC96: =IF($P96<>"",+IF(Y96>0,+ROUNDDOWN(X96/Y96,2),"INDETERMINADO"),"") | AD96: =IF($P96<>"",+(S96-U96),"") | AE96: =IF($P96<>"",+(T96-V96),"") | AF96: =IF($P96<>"",+IF(W96>0,+ROUNDDOWN(X96/W96,2),"INDETERMINADO"),"") | AG96: =IF($P96<>"",+IF(T96>0,+ROUNDDOWN(X96/T96,2),"INDETERMINADO"),"") | AH96: =AE96-W96 -> #VALUE!
O97: 4 | Z97: =(V97+W97)-T97 -> 0 | AA97: =IF($P97<>"",+IF(U97>0,+ROUNDDOWN(S97/U97,2),"INDETERMINADO"),"") | AB97: =IF($P97<>"",+IF(T97>0,+ROUNDDOWN(V97/T97,2),"INDETERMINADO"),"") | AC97: =IF($P97<>"",+IF(Y97>0,+ROUNDDOWN(X97/Y97,2),"INDETERMINADO"),"") | AD97: =IF($P97<>"",+(S97-U97),"") | AE97: =IF($P97<>"",+(T97-V97),"") | AF97: =IF($P97<>"",+IF(W97>0,+ROUNDDOWN(X97/W97,2),"INDETERMINADO"),"") | AG97: =IF($P97<>"",+IF(T97>0,+ROUNDDOWN(X97/T97,2),"INDETERMINADO"),"") | AH97: =AE97-W97 -> #VALUE!
O98: 5 | Z98: =(V98+W98)-T98 -> 0 | AA98: =IF($P98<>"",+IF(U98>0,+ROUNDDOWN(S98/U98,2),"INDETERMINADO"),"") | AB98: =IF($P98<>"",+IF(T98>0,+ROUNDDOWN(V98/T98,2),"INDETERMINADO"),"") | AC98: =IF($P98<>"",+IF(Y98>0,+ROUNDDOWN(X98/Y98,2),"INDETERMINADO"),"") | AD98: =IF($P98<>"",+(S98-U98),"") | AE98: =IF($P98<>"",+(T98-V98),"") | AF98: =IF($P98<>"",+IF(W98>0,+ROUNDDOWN(X98/W98,2),"INDETERMINADO"),"") | AG98: =IF($P98<>"",+IF(T98>0,+ROUNDDOWN(X98/T98,2),"INDETERMINADO"),"") | AH98: =AE98-W98 -> #VALUE!
O99: 6 | Z99: =(V99+W99)-T99 -> 0 | AA99: =IF($P99<>"",+IF(U99>0,+ROUNDDOWN(S99/U99,2),"INDETERMINADO"),"") | AB99: =IF($P99<>"",+IF(T99>0,+ROUNDDOWN(V99/T99,2),"INDETERMINADO"),"") | AC99: =IF($P99<>"",+IF(Y99>0,+ROUNDDOWN(X99/Y99,2),"INDETERMINADO"),"") | AD99: =IF($P99<>"",+(S99-U99),"") | AE99: =IF($P99<>"",+(T99-V99),"") | AF99: =IF($P99<>"",+IF(W99>0,+ROUNDDOWN(X99/W99,2),"INDETERMINADO"),"") | AG99: =IF($P99<>"",+IF(T99>0,+ROUNDDOWN(X99/T99,2),"INDETERMINADO"),"") | AH99: =AE99-W99 -> #VALUE!
P100: TOTAL GENERAL | R100: =SUM(R94:R99) -> 0 | S100: =SUM(S94:S99) -> 0 | T100: =SUM(T94:T99) -> 0 | U100: =SUM(U94:U99) -> 0 | V100: =SUM(V94:V99) -> 0 | W100: =SUM(W94:W99) -> 0 | X100: =SUM(X94:X99) -> 0 | Y100: =SUM(Y94:Y99) -> 0

Sheet Resumen(hoja2)
B1: UAE AERONAUTICA CIVIL
B2: DIRECCIÓN FINANCIERA
B3: HABILITACION FINANCIERA Y CAPACIDAD ORGANIZACIONAL DE PROPUESTAS
B5: RESULTADO DE LA EVALUACION
B7: No. | C7: Nombre o Razón Social | D7: Capacidad Financiera | E7: Capacidad Organizacional
B8: 9 | C8: =+IF('Evaluación (hoja2)'!C17<>"",+'Evaluación (hoja2)'!C17,"") | D8: =+IF('Evaluación (hoja2)'!C17<>"",'Evaluación (hoja2)'!I36,"") | E8: =+IF('Evaluación (hoja2)'!C17<>"",'Evaluación (hoja2)'!L36,"")
B10: =+IF(C10<>"",+B8+1,"") | C10: =+IF('Evaluación (hoja2)'!C19<>"",+'Evaluación (hoja2)'!C19,"") | D10: =+IF('Evaluación (hoja2)'!C19<>"",'Evaluación (hoja2)'!I38,"") | E10: =+IF('Evaluación (hoja2)'!C19<>"",'Evaluación (hoja2)'!L38,"")
B12: =+IF(C12<>"",+B10+1,"") | C12: =+IF('Evaluación (hoja2)'!C21<>"",+'Evaluación (hoja2)'!C21,"") | D12: =+IF('Evaluación (hoja2)'!C21<>"",'Evaluación (hoja2)'!I40,"") | E12: =+IF('Evaluación (hoja2)'!C21<>"",'Evaluación (hoja2)'!L40,"")
B14: =+IF(C14<>"",+B12+1,"") | C14: =+IF('Evaluación (hoja2)'!C23<>"",+'Evaluación (hoja2)'!C23,"") | D14: =+IF('Evaluación (hoja2)'!C23<>"",'Evaluación (hoja2)'!I42,"") | E14: =+IF('Evaluación (hoja2)'!C23<>"",'Evaluación (hoja2)'!L42,"")
B16: =+IF(C16<>"",+B14+1,"") | C16: =+IF('Evaluación (hoja2)'!C25<>"",+'Evaluación (hoja2)'!C25,"") | D16: =+IF('Evaluación (hoja2)'!C25<>"",'Evaluación (hoja2)'!I44,"") | E16: =+IF('Evaluación (hoja2)'!C25<>"",'Evaluación (hoja2)'!L44,"")
B18: =+IF(C18<>"",+B16+1,"") | C18: =+IF('Evaluación (hoja2)'!C27<>"",+'Evaluación (hoja2)'!C27,"") | D18: =+IF('Evaluación (hoja2)'!C27<>"",'Evaluación (hoja2)'!I46,"") | E18: =+IF('Evaluación (hoja2)'!C27<>"",'Evaluación (hoja2)'!L46,"")
B20: =+IF(C20<>"",+B18+1,"") | C20: =+IF('Evaluación (hoja2)'!C29<>"",+'Evaluación (hoja2)'!C29,"") | D20: =+IF('Evaluación (hoja2)'!C29<>"",'Evaluación (hoja2)'!I48,"") | E20: =+IF('Evaluación (hoja2)'!C29<>"",'Evaluación (hoja2)'!L48,"")
B22: =+IF(C22<>"",+B20+1,"") | C22: =+IF('Evaluación (hoja2)'!C31<>"",+'Evaluación (hoja2)'!C31,"") | D22: =+IF('Evaluación (hoja2)'!C31<>"",'Evaluación (hoja2)'!I50,"") | E22: =+IF('Evaluación (hoja2)'!C31<>"",'Evaluación (hoja2)'!L50,"")
B25: Marque desde la celda B7 y hasta la celda donde aparezca información (E?), y cópielo en el oficio de respuesta, pegándolo con "pegado especial" como "imagen (metarchivo mejorado)"

Sheet Evaluación (hoja3)
B1: UAE AERONAUTICA CIVIL
B2: DIRECCIÓN FINANCIERA
B3: HABILITACION FINANCIERA Y CAPACIDAD ORGANIZACIONAL DE PROPUESTAS
B4: Ver instrucciones
B5: Proceso No. | G5: Presupuesto | H5: Tiempo | I5: Requisitos del Pliego de Condiciones | L5: Dato o valor
B6: =+'Evaluación (hoja1)'!B6:C6 -> 23000927-H1 | G6: ='Evaluación (hoja1)'!G6 -> 320000000 | H6: ='Evaluación (hoja1)'!H6 -> 2 MESES | I6: Fecha corte estados financieros | L6: =+'Evaluación (hoja1)'!L6 -> 44926 | O6: 17 | P6: Nombre o Razón Social - Folios | AA6: RESULTADOS CAPACIDAD FINANCIERA | AF6: RESULTADOS CAPACIDAD ORGANIZACIONAL
B7: Objeto | I7: Liquidez (veces) | K7: Mayor o igual a | L7: =+'Evaluación (hoja1)'!L7 -> 1.5 | Q7: CC o NIT | R7: % de Participación | S7: Activo Cte. | T7: Activo Total | U7: Pasivo Cte. | V7: Pasivo Total | W7: Patrimonio | X7: Utilidad Operac. | Y7: Gasto Intereses | AA7: Liquidez | AB7: Endeudamiento | AC7: Cob. Intereses | AD7: Cap. Trabajo | AE7: Patrimonio | AF7: Rent. Patrimonio | AG7: Rent. Activo
B8: =+'Evaluación (hoja1)'!B8:H13 -> 33400C0284 ADQUIRIR BOLSA DE BATERIAS PARA LOS SISTEMAS DE LOS AEROPUERTOS DE LA REGIONAL OCCIDENTE | I8: Endeudamiento (%) | K8: Menor o igual a | L8: =+'Evaluación (hoja1)'!L8 -> 0.7 | O8: 1 | Z8: =(V8+W8)-T8 -> 0 | AA8: =IF($P8<>"",+IF(U8>0,+ROUNDDOWN(S8/U8,2),"INDETERMINADO"),"") | AB8: =IF($P8<>"",+IF(T8>0,+ROUNDDOWN(V8/T8,2),"INDETERMINADO"),"") | AC8: =IF($P8<>"",+IF(Y8>0,+ROUNDDOWN(X8/Y8,2),"INDETERMINADO"),"") | AD8: =IF($P8<>"",+(S8-U8),"") | AE8: =IF($P8<>"",+(T8-V8),"") | AF8: =IF($P8<>"",+IF(W8>0,+ROUNDDOWN(X8/W8,2),"INDETERMINADO"),"") | AG8: =IF($P8<>"",+IF(T8>0,+ROUNDDOWN(X8/T8,2),"INDETERMINADO"),"") | AH8: =AE8-W8 -> #VALUE!
I9: Cobertura de Intereses (veces) | K9: Mayor o igual a | L9: =+'Evaluación (hoja1)'!L9 -> 2 | O9: 2 | Z9: =(V9+W9)-T9 -> 0 | AA9: =IF($P9<>"",+IF(U9>0,+ROUNDDOWN(S9/U9,2),"INDETERMINADO"),"") | AB9: =IF($P9<>"",+IF(T9>0,+ROUNDDOWN(V9/T9,2),"INDETERMINADO"),"") | AC9: =IF($P9<>"",+IF(Y9>0,+ROUNDDOWN(X9/Y9,2),"INDETERMINADO"),"") | AD9: =IF($P9<>"",+(S9-U9),"") | AE9: =IF($P9<>"",+(T9-V9),"") | AF9: =IF($P9<>"",+IF(W9>0,+ROUNDDOWN(X9/W9,2),"INDETERMINADO"),"") | AG9: =IF($P9<>"",+IF(T9>0,+ROUNDDOWN(X9/T9,2),"INDETERMINADO"),"") | AH9: =AE9-W9 -> #VALUE!
I10: Capital de Trabajo ($COP) | K10: Mayor o igual a | L10: =+'Evaluación (hoja1)'!L10 -> 240000000 | O10: 3 | Z10: =(V10+W10)-T10 -> 0 | AA10: =IF($P10<>"",+IF(U10>0,+ROUNDDOWN(S10/U10,2),"INDETERMINADO"),"") | AB10: =IF($P10<>"",+IF(T10>0,+ROUNDDOWN(V10/T10,2),"INDETERMINADO"),"") | AC10: =IF($P10<>"",+IF(Y10>0,+ROUNDDOWN(X10/Y10,2),"INDETERMINADO"),"") | AD10: =IF($P10<>"",+(S10-U10),"") | AE10: =IF($P10<>"",+(T10-V10),"") | AF10: =IF($P10<>"",+IF(W10>0,+ROUNDDOWN(X10/W10,2),"INDETERMINADO"),"") | AG10: =IF($P10<>"",+IF(T10>0,+ROUNDDOWN(X10/T10,2),"INDETERMINADO"),"") | AH10: =AE10-W10 -> #VALUE!
I11: Patrimonio ($COP) | K11: Mayor o igual a | L11: =+'Evaluación (hoja1)'!L11 -> 80000000 | O11: 4 | Z11: =(V11+W11)-T11 -> 0 | AA11: =IF($P11<>"",+IF(U11>0,+ROUNDDOWN(S11/U11,2),"INDETERMINADO"),"") | AB11: =IF($P11<>"",+IF(T11>0,+ROUNDDOWN(V11/T11,2),"INDETERMINADO"),"") | AC11: =IF($P11<>"",+IF(Y11>0,+ROUNDDOWN(X11/Y11,2),"INDETERMINADO"),"") | AD11: =IF($P11<>"",+(S11-U11),"") | AE11: =IF($P11<>"",+(T11-V11),"") | AF11: =IF($P11<>"",+IF(W11>0,+ROUNDDOWN(X11/W11,2),"INDETERMINADO"),"") | AG11: =IF($P11<>"",+IF(T11>0,+ROUNDDOWN(X11/T11,2),"INDETERMINADO"),"") | AH11: =AE11-W11 -> #VALUE!
I12: Rentabilidad del Patrimonio (%) | K12: Mayor o igual a | L12: =+'Evaluación (hoja1)'!L12 -> 0.02 | O12: 5 | Z12: =(V12+W12)-T12 -> 0 | AA12: =IF($P12<>"",+IF(U12>0,+ROUNDDOWN(S12/U12,2),"INDETERMINADO"),"") | AB12: =IF($P12<>"",+IF(T12>0,+ROUNDDOWN(V12/T12,2),"INDETERMINADO"),"") | AC12: =IF($P12<>"",+IF(Y12>0,+ROUNDDOWN(X12/Y12,2),"INDETERMINADO"),"") | AD12: =IF($P12<>"",+(S12-U12),"") | AE12: =IF($P12<>"",+(T12-V12),"") | AF12: =IF($P12<>"",+IF(W12>0,+ROUNDDOWN(X12/W12,2),"INDETERMINADO"),"") | AG12: =IF($P12<>"",+IF(T12>0,+ROUNDDOWN(X12/T12,2),"INDETERMINADO"),"") | AH12: =AE12-W12 -> #VALUE!
I13: Rentabilidad del Activo (%) | K13: Mayor o igual a | L13: =+'Evaluación (hoja1)'!L13 -> 0.02 | O13: 6 | Z13: =(V13+W13)-T13 -> 0 | AA13: =IF($P13<>"",+IF(U13>0,+ROUNDDOWN(S13/U13,2),"INDETERMINADO"),"") | AB13: =IF($P13<>"",+IF(T13>0,+ROUNDDOWN(V13/T13,2),"INDETERMINADO"),"") | AC13: =IF($P13<>"",+IF(Y13>0,+ROUNDDOWN(X13/Y13,2),"INDETERMINADO"),"") | AD13: =IF($P13<>"",+(S13-U13),"") | AE13: =IF($P13<>"",+(T13-V13),"") | AF13: =IF($P13<>"",+IF(W13>0,+ROUNDDOWN(X13/W13,2),"INDETERMINADO"),"") | AG13: =IF($P13<>"",+IF(T13>0,+ROUNDDOWN(X13/T13,2),"INDETERMINADO"),"") | AH13: =AE13-W13 -> #VALUE!
P14: TOTAL GENERAL | R14: =SUM(R8:R13) -> 0 | S14: =SUM(S8:S13) -> 0 | T14: =SUM(T8:T13) -> 0 | U14: =SUM(U8:U13) -> 0 | V14: =SUM(V8:V13) -> 0 | W14: =SUM(W8:W13) -> 0 | X14: =SUM(X8:X13) -> 0 | Y14: =SUM(Y8:Y13) -> 0
B15: INFORMACION CONTABLE A LA FECHA DE CORTE ($COP) - DE ACUERDO AL PORCENTAJE DE PARTICIPACIÓN
B16: No. | C16: Nombre o Razón Social | D16: CC o NIT | E16: Activo Cte. | F16: Activo Total | G16: Pasivo Cte. | H16: Pasivo Total | I16: Patrimonio | J16: Utilidad Operac. | K16: Gasto Intereses | L16: Folios RUT
B17: 17 | C17: =IF(P7<>"",+P7,"") | D17: =+IF($C$17<>"",+CONCATENATE(Q8," ",Q9," ",Q10," ",Q11," ",Q12," ",Q13," "),"") | E17: =IF($C$17<>"",+(S8*$R$8)+(S9*$R$9)+(S10*$R$10)+(S11*$R$11)+(S12*$R$12)+(S13*$R$13),"") | F17: =IF($C$17<>"",+(T8*$R$8)+(T9*$R$9)+(T10*$R$10)+(T11*$R$11)+(T12*$R$12)+(T13*$R$13),"") | G17: =IF($C$17<>"",+(U8*$R$8)+(U9*$R$9)+(U10*$R$10)+(U11*$R$11)+(U12*$R$12)+(U13*$R$13),"") | H17: =IF($C$17<>"",+(V8*$R$8)+(V9*$R$9)+(V10*$R$10)+(V11*$R$11)+(V12*$R$12)+(V13*$R$13),"") | I17: =IF($C$17<>"",+(W8*$R$8)+(W9*$R$9)+(W10*$R$10)+(W11*$R$11)+(W12*$R$12)+(W13*$R$13),"") | J17: =IF($C$17<>"",+(X8*$R$8)+(X9*$R$9)+(X10*$R$10)+(X11*$R$11)+(X12*$R$12)+(X13*$R$13),"") | K17: =IF($C$17<>"",+(Y8*$R$8)+(Y9*$R$9)+(Y10*$R$10)+(Y11*$R$11)+(Y12*$R$12)+(Y13*$R$13),"") | L17: =+IF(Q6<>"",+Q6,"")
O18: 18 | P18: Nombre o Razón Social - Folios | AA18: RESULTADOS CAPACIDAD FINANCIERA | AF18: RESULTADOS CAPACIDAD ORGANIZACIONAL
B19: =+B17+1 -> 18 | C19: =IF(P19<>"",+P19,"") | D19: =+IF($C$19<>"",+CONCATENATE(Q20," ",Q21," ",Q22," ",Q23," ",Q24," ",Q25," "),"") | E19: =IF($C$19<>"",+(S20*$R$20)+(S21*$R$21)+(S22*$R$22)+(S23*$R$23)+(S24*$R$24)+(S25*$R$25),"") | F19: =IF($C$19<>"",+(T20*$R$20)+(T21*$R$21)+(T22*$R$22)+(T23*$R$23)+(T24*$R$24)+(T25*$R$25),"") | G19: =IF($C$19<>"",+(U20*$R$20)+(U21*$R$21)+(U22*$R$22)+(U23*$R$23)+(U24*$R$24)+(U25*$R$25),"") | H19: =IF($C$19<>"",+(V20*$R$20)+(V21*$R$21)+(V22*$R$22)+(V23*$R$23)+(V24*$R$24)+(V25*$R$25),"") | I19: =IF($C$19<>"",+(W20*$R$20)+(W21*$R$21)+(W22*$R$22)+(W23*$R$23)+(W24*$R$24)+(W25*$R$25),"") | J19: =IF($C$19<>"",+(X20*$R$20)+(X21*$R$21)+(X22*$R$22)+(X23*$R$23)+(X24*$R$24)+(X25*$R$25),"") | K19: =IF($C$19<>"",+(Y20*$R$20)+(Y21*$R$21)+(Y22*$R$22)+(Y23*$R$23)+(Y24*$R$24)+(Y25*$R$25),"") | L19: =+IF(Q18<>"",+Q18,"") | Q19: CC o NIT | R19: % | S19: Activo Cte. | T19: Activo Total | U19: Pasivo Cte. | V19: Pasivo Total | W19: Patrimonio | X19: Utilidad Operac. | Y19: Gasto Intereses | AA19: Liquidez | AB19: Endeudamiento | AC19: Cob. Intereses | AD19: Cap. Trabajo | AE19: Patrimonio | AF19: Rent. Patrimonio | AG19: Rent. Activo
O20: 1 | Z20: =(V20+W20)-T20 -> 0 | AA20: =IF($P20<>"",+IF(U20>0,+ROUNDDOWN(S20/U20,2),"INDETERMINADO"),"") | AB20: =IF($P20<>"",+IF(T20>0,+ROUNDDOWN(V20/T20,2),"INDETERMINADO"),"") | AC20: =IF($P20<>"",+IF(Y20>0,+ROUNDDOWN(X20/Y20,2),"INDETERMINADO"),"") | AD20: =IF($P20<>"",+(S20-U20),"") | AE20: =IF($P20<>"",+(T20-V20),"") | AF20: =IF($P20<>"",+IF(W20>0,+ROUNDDOWN(X20/W20,2),"INDETERMINADO"),"") | AG20: =IF($P20<>"",+IF(T20>0,+ROUNDDOWN(X20/T20,2),"INDETERMINADO"),"") | AH20: =AE20-W20 -> #VALUE!
B21: =+B19+1 -> 19 | C21: =IF(P31<>"",+P31,"") | D21: =+IF($C$21<>"",+CONCATENATE(Q32," ",Q33," ",Q34," ",Q35," ",Q36," ",Q37," "),"") | E21: =IF($C$21<>"",+(S32*$R$32)+(S33*$R$33)+(S34*$R$34)+(S35*$R$35)+(S36*$R$36)+(S37*$R$37),"") | F21: =IF($C$21<>"",+(T32*$R$32)+(T33*$R$33)+(T34*$R$34)+(T35*$R$35)+(T36*$R$36)+(T37*$R$37),"") | G21: =IF($C$21<>"",+(U32*$R$32)+(U33*$R$33)+(U34*$R$34)+(U35*$R$35)+(U36*$R$36)+(U37*$R$37),"") | H21: =IF($C$21<>"",+(V32*$R$32)+(V33*$R$33)+(V34*$R$34)+(V35*$R$35)+(V36*$R$36)+(V37*$R$37),"") | I21: =IF($C$21<>"",+(W32*$R$32)+(W33*$R$33)+(W34*$R$34)+(W35*$R$35)+(W36*$R$36)+(W37*$R$37),"") | J21: =IF($C$21<>"",+(X32*$R$32)+(X33*$R$33)+(X34*$R$34)+(X35*$R$35)+(X36*$R$36)+(X37*$R$37),"") | K21: =IF($C$21<>"",+(Y32*$R$32)+(Y33*$R$33)+(Y34*$R$34)+(Y35*$R$35)+(Y36*$R$36)+(Y37*$R$37),"") | L21: =+IF(Q30<>"",+Q30,"") | O21: 2 | Z21: =(V21+W21)-T21 -> 0 | AA21: =IF($P21<>"",+IF(U21>0,+ROUNDDOWN(S21/U21,2),"INDETERMINADO"),"") | AB21: =IF($P21<>"",+IF(T21>0,+ROUNDDOWN(V21/T21,2),"INDETERMINADO"),"") | AC21: =IF($P21<>"",+IF(Y21>0,+ROUNDDOWN(X21/Y21,2),"INDETERMINADO"),"") | AD21: =IF($P21<>"",+(S21-U21),"") | AE21: =IF($P21<>"",+(T21-V21),"") | AF21: =IF($P21<>"",+IF(W21>0,+ROUNDDOWN(X21/W21,2),"INDETERMINADO"),"") | AG21: =IF($P21<>"",+IF(T21>0,+ROUNDDOWN(X21/T21,2),"INDETERMINADO"),"") | AH21: =AE21-W21 -> #VALUE!
O22: 3 | Z22: =(V22+W22)-T22 -> 0 | AA22: =IF($P22<>"",+IF(U22>0,+ROUNDDOWN(S22/U22,2),"INDETERMINADO"),"") | AB22: =IF($P22<>"",+IF(T22>0,+ROUNDDOWN(V22/T22,2),"INDETERMINADO"),"") | AC22: =IF($P22<>"",+IF(Y22>0,+ROUNDDOWN(X22/Y22,2),"INDETERMINADO"),"") | AD22: =IF($P22<>"",+(S22-U22),"") | AE22: =IF($P22<>"",+(T22-V22),"") | AF22: =IF($P22<>"",+IF(W22>0,+ROUNDDOWN(X22/W22,2),"INDETERMINADO"),"") | AG22: =IF($P22<>"",+IF(T22>0,+ROUNDDOWN(X22/T22,2),"INDETERMINADO"),"") | AH22: =AE22-W22 -> #VALUE!
B23: =+B21+1 -> 20 | C23: =IF(P43<>"",+P43,"") | D23: =IF($C$23<>"",+CONCATENATE(Q44," ",Q45," ",Q46," ",Q47," ",Q48," ",Q49," "),"") | E23: =IF($C$23<>"",+(S44*$R$44)+(S45*$R$45)+(S46*$R$46)+(S47*$R$47)+(S48*$R$48)+(S49*$R$49),"") | F23: =IF($C$23<>"",+(T44*$R$44)+(T45*$R$45)+(T46*$R$46)+(T47*$R$47)+(T48*$R$48)+(T49*$R$49),"") | G23: =IF($C$23<>"",+(U44*$R$44)+(U45*$R$45)+(U46*$R$46)+(U47*$R$47)+(U48*$R$48)+(U49*$R$49),"") | H23: =IF($C$23<>"",+(V44*$R$44)+(V45*$R$45)+(V46*$R$46)+(V47*$R$47)+(V48*$R$48)+(V49*$R$49),"") | I23: =IF($C$23<>"",+(W44*$R$44)+(W45*$R$45)+(W46*$R$46)+(W47*$R$47)+(W48*$R$48)+(W49*$R$49),"") | J23: =IF($C$23<>"",+(X44*$R$44)+(X45*$R$45)+(X46*$R$46)+(X47*$R$47)+(X48*$R$48)+(X49*$R$49),"") | K23: =IF($C$23<>"",+(Y44*$R$44)+(Y45*$R$45)+(Y46*$R$46)+(Y47*$R$47)+(Y48*$R$48)+(Y49*$R$49),"") | L23: =+IF(Q42<>"",+Q42,"") | O23: 4 | Z23: =(V23+W23)-T23 -> 0 | AA23: =IF($P23<>"",+IF(U23>0,+ROUNDDOWN(S23/U23,2),"INDETERMINADO"),"") | AB23: =IF($P23<>"",+IF(T23>0,+ROUNDDOWN(V23/T23,2),"INDETERMINADO"),"") | AC23: =IF($P23<>"",+IF(Y23>0,+ROUNDDOWN(X23/Y23,2),"INDETERMINADO"),"") | AD23: =IF($P23<>"",+(S23-U23),"") | AE23: =IF($P23<>"",+(T23-V23),"") | AF23: =IF($P23<>"",+IF(W23>0,+ROUNDDOWN(X23/W23,2),"INDETERMINADO"),"") | AG23: =IF($P23<>"",+IF(T23>0,+ROUNDDOWN(X23/T23,2),"INDETERMINADO"),"") | AH23: =AE23-W23 -> #VALUE!
O24: 5 | Z24: =(V24+W24)-T24 -> 0 | AA24: =IF($P24<>"",+IF(U24>0,+ROUNDDOWN(S24/U24,2),"INDETERMINADO"),"") | AB24: =IF($P24<>"",+IF(T24>0,+ROUNDDOWN(V24/T24,2),"INDETERMINADO"),"") | AC24: =IF($P24<>"",+IF(Y24>0,+ROUNDDOWN(X24/Y24,2),"INDETERMINADO"),"") | AD24: =IF($P24<>"",+(S24-U24),"") | AE24: =IF($P24<>"",+(T24-V24),"") | AF24: =IF($P24<>"",+IF(W24>0,+ROUNDDOWN(X24/W24,2),"INDETERMINADO"),"") | AG24: =IF($P24<>"",+IF(T24>0,+ROUNDDOWN(X24/T24,2),"INDETERMINADO"),"") | AH24: =AE24-W24 -> #VALUE!
B25: =+B23+1 -> 21 | C25: =IF(P57<>"",+P57,"") | D25: =IF($C$25<>"",+CONCATENATE(Q58," ",Q59," ",Q60," ",Q61," ",Q62," ",Q63," "),"") | E25: =IF($C$25<>"",+(S58*$R$58)+(S59*$R$59)+(S60*$R$60)+(S61*$R$61)+(S62*$R$62)+(S63*$R$63),"") | F25: =IF($C$25<>"",+(T58*$R$58)+(T59*$R$59)+(T60*$R$60)+(T61*$R$61)+(T62*$R$62)+(T63*$R$63),"") | G25: =IF($C$25<>"",+(U58*$R$58)+(U59*$R$59)+(U60*$R$60)+(U61*$R$61)+(U62*$R$62)+(U63*$R$63),"") | H25: =IF($C$25<>"",+(V58*$R$58)+(V59*$R$59)+(V60*$R$60)+(V61*$R$61)+(V62*$R$62)+(V63*$R$63),"") | I25: =IF($C$25<>"",+(W58*$R$58)+(W59*$R$59)+(W60*$R$60)+(W61*$R$61)+(W62*$R$62)+(W63*$R$63),"") | J25: =IF($C$25<>"",+(X58*$R$58)+(X59*$R$59)+(X60*$R$60)+(X61*$R$61)+(X62*$R$62)+(X63*$R$63),"") | K25: =IF($C$25<>"",+(Y58*$R$58)+(Y59*$R$59)+(Y60*$R$60)+(Y61*$R$61)+(Y62*$R$62)+(Y63*$R$63),"") | L25: =+IF(Q56<>"",+Q56,"") | O25: 6 | Z25: =(V25+W25)-T25 -> 0 | AA25: =IF($P25<>"",+IF(U25>0,+ROUNDDOWN(S25/U25,2),"INDETERMINADO"),"") | AB25: =IF($P25<>"",+IF(T25>0,+ROUNDDOWN(V25/T25,2),"INDETERMINADO"),"") | AC25: =IF($P25<>"",+IF(Y25>0,+ROUNDDOWN(X25/Y25,2),"INDETERMINADO"),"") | AD25: =IF($P25<>"",+(S25-U25),"") | AE25: =IF($P25<>"",+(T25-V25),"") | AF25: =IF($P25<>"",+IF(W25>0,+ROUNDDOWN(X25/W25,2),"INDETERMINADO"),"") | AG25: =IF($P25<>"",+IF(T25>0,+ROUNDDOWN(X25/T25,2),"INDETERMINADO"),"") | AH25: =AE25-W25 -> #VALUE!
P26: TOTAL GENERAL | R26: =SUM(R20:R25) -> 0 | S26: =SUM(S20:S25) -> 0 | T26: =SUM(T20:T25) -> 0 | U26: =SUM(U20:U25) -> 0 | V26: =SUM(V20:V25) -> 0 | W26: =SUM(W20:W25) -> 0 | X26: =SUM(X20:X25) -> 0 | Y26: =SUM(Y20:Y25) -> 0
B27: =+B25+1 -> 22 | C27: =IF(P69<>"",+P69,"") | D27: =IF($C$27<>"",+CONCATENATE(Q70," ",Q71," ",Q72," ",Q73," ",Q74," ",Q75," "),"") | E27: =IF($C$27<>"",+(S70*$R$70)+(S71*$R$71)+(S72*$R$72)+(S73*$R$73)+(S74*$R$74)+(S75*$R$75),"") | F27: =IF($C$27<>"",+(T70*$R$70)+(T71*$R$71)+(T72*$R$72)+(T73*$R$73)+(T74*$R$74)+(T75*$R$75),"") | G27: =IF($C$27<>"",+(U70*$R$70)+(U71*$R$71)+(U72*$R$72)+(U73*$R$73)+(U74*$R$74)+(U75*$R$75),"") | H27: =IF($C$27<>"",+(V70*$R$70)+(V71*$R$71)+(V72*$R$72)+(V73*$R$73)+(V74*$R$74)+(V75*$R$75),"") | I27: =IF($C$27<>"",+(W70*$R$70)+(W71*$R$71)+(W72*$R$72)+(W73*$R$73)+(W74*$R$74)+(W75*$R$75),"") | J27: =IF($C$27<>"",+(X70*$R$70)+(X71*$R$71)+(X72*$R$72)+(X73*$R$73)+(X74*$R$74)+(X75*$R$75),"") | K27: =IF($C$27<>"",+(Y70*$R$70)+(Y71*$R$71)+(Y72*$R$72)+(Y73*$R$73)+(Y74*$R$74)+(Y75*$R$75),"") | L27: =+IF(Q68<>"",+Q68,"")
B29: =+B27+1 -> 23 | C29: =IF(P81<>"",+P81,"") | D29: =IF($C$29<>"",+CONCATENATE(Q82," ",Q83," ",Q84," ",Q85," ",Q86," ",Q87," "),"") | E29: =IF($C$29<>"",+(S82*$R$82)+(S83*$R$83)+(S84*$R$84)+(S85*$R$85)+(S86*$R$86)+(S87*$R$87),"") | F29: =IF($C$29<>"",+(T82*$R$82)+(T83*$R$83)+(T84*$R$84)+(T85*$R$85)+(T86*$R$86)+(T87*$R$87),"") | G29: =IF($C$29<>"",+(U82*$R$82)+(U83*$R$83)+(U84*$R$84)+(U85*$R$85)+(U86*$R$86)+(U87*$R$87),"") | H29: =IF($C$29<>"",+(V82*$R$82)+(V83*$R$83)+(V84*$R$84)+(V85*$R$85)+(V86*$R$86)+(V87*$R$87),"") | I29: =IF($C$29<>"",+(W82*$R$82)+(W83*$R$83)+(W84*$R$84)+(W85*$R$85)+(W86*$R$86)+(W87*$R$87),"") | J29: =IF($C$29<>"",+(X82*$R$82)+(X83*$R$83)+(X84*$R$84)+(X85*$R$85)+(X86*$R$86)+(X87*$R$87),"") | K29: =IF($C$29<>"",+(Y82*$R$82)+(Y83*$R$83)+(Y84*$R$84)+(Y85*$R$85)+(Y86*$R$86)+(Y87*$R$87),"") | L29: =+IF(Q80<>"",+Q80,"")
O30: 19 | P30: Nombre o Razón Social - Folios | AA30: RESULTADOS CAPACIDAD FINANCIERA | AF30: RESULTADOS CAPACIDAD ORGANIZACIONAL
B31: =+B29+1 -> 24 | C31: =IF(P93<>"",+P93,"") | D31: =IF($C$31<>"",+CONCATENATE(Q94," ",Q95," ",Q96," ",Q97," ",Q98," ",Q99," "),"") | E31: =IF($C$31<>"",+(S94*$R$94)+(S95*$R$95)+(S96*$R$96)+(S97*$R$97)+(S98*$R$98)+(S99*$R$99),"") | F31: =IF($C$31<>"",+(T94*$R$94)+(T95*$R$95)+(T96*$R$96)+(T97*$R$97)+(T98*$R$98)+(T99*$R$99),"") | G31: =IF($C$31<>"",+(U94*$R$94)+(U95*$R$95)+(U96*$R$96)+(U97*$R$97)+(U98*$R$98)+(U99*$R$99),"") | H31: =IF($C$31<>"",+(V94*$R$94)+(V95*$R$95)+(V96*$R$96)+(V97*$R$97)+(V98*$R$98)+(V99*$R$99),"") | I31: =IF($C$31<>"",+(W94*$R$94)+(W95*$R$95)+(W96*$R$96)+(W97*$R$97)+(W98*$R$98)+(W99*$R$99),"") | J31: =IF($C$31<>"",+(X94*$R$94)+(X95*$R$95)+(X96*$R$96)+(X97*$R$97)+(X98*$R$98)+(X99*$R$99),"") | K31: =IF($C$31<>"",+(Y94*$R$94)+(Y95*$R$95)+(Y96*$R$96)+(Y97*$R$97)+(Y98*$R$98)+(Y99*$R$99),"") | L31: =+IF(Q92<>"",+Q92,"") | Q31: CC o NIT | R31: % | S31: Activo Cte. | T31: Activo Total | U31: Pasivo Cte. | V31: Pasivo Total | W31: Patrimonio | X31: Utilidad Operac. | Y31: Gasto Intereses | AA31: Liquidez | AB31: Endeudamiento | AC31: Cob. Intereses | AD31: Cap. Trabajo | AE31: Patrimonio | AF31: Rent. Patrimonio | AG31: Rent. Activo
O32: 1 | Z32: =(V32+W32)-T32 -> 0 | AA32: =IF($P32<>"",+IF(U32>0,+ROUNDDOWN(S32/U32,2),"INDETERMINADO"),"") | AB32: =IF($P32<>"",+IF(T32>0,+ROUNDDOWN(V32/T32,2),"INDETERMINADO"),"") | AC32: =IF($P32<>"",+IF(Y32>0,+ROUNDDOWN(X32/Y32,2),"INDETERMINADO"),"") | AD32: =IF($P32<>"",+(S32-U32),"") | AE32: =IF($P32<>"",+(T32-V32),"") | AF32: =IF($P32<>"",+IF(W32>0,+ROUNDDOWN(X32/W32,2),"INDETERMINADO"),"") | AG32: =IF($P32<>"",+IF(T32>0,+ROUNDDOWN(X32/T32,2),"INDETERMINADO"),"") | AH32: =AE32-W32 -> #VALUE!
O33: 2 | Z33: =(V33+W33)-T33 -> 0 | AA33: =IF($P33<>"",+IF(U33>0,+ROUNDDOWN(S33/U33,2),"INDETERMINADO"),"") | AB33: =IF($P33<>"",+IF(T33>0,+ROUNDDOWN(V33/T33,2),"INDETERMINADO"),"") | AC33: =IF($P33<>"",+IF(Y33>0,+ROUNDDOWN(X33/Y33,2),"INDETERMINADO"),"") | AD33: =IF($P33<>"",+(S33-U33),"") | AE33: =IF($P33<>"",+(T33-V33),"") | AF33: =IF($P33<>"",+IF(W33>0,+ROUNDDOWN(X33/W33,2),"INDETERMINADO"),"") | AG33: =IF($P33<>"",+IF(T33>0,+ROUNDDOWN(X33/T33,2),"INDETERMINADO"),"") | AH33: =AE33-W33 -> #VALUE!
B34: No. | C34: Nombre o Razón Social | D34: RESULTADOS CAPACIDAD FINANCIERA | J34: RESULTADOS CAPACIDAD ORGANIZACIONAL | O34: 3 | Z34: =(V34+W34)-T34 -> 0 | AA34: =IF($P34<>"",+IF(U34>0,+ROUNDDOWN(S34/U34,2),"INDETERMINADO"),"") | AB34: =IF($P34<>"",+IF(T34>0,+ROUNDDOWN(V34/T34,2),"INDETERMINADO"),"") | AC34: =IF($P34<>"",+IF(Y34>0,+ROUNDDOWN(X34/Y34,2),"INDETERMINADO"),"") | AD34: =IF($P34<>"",+(S34-U34),"") | AE34: =IF($P34<>"",+(T34-V34),"") | AF34: =IF($P34<>"",+IF(W34>0,+ROUNDDOWN(X34/W34,2),"INDETERMINADO"),"") | AG34: =IF($P34<>"",+IF(T34>0,+ROUNDDOWN(X34/T34,2),"INDETERMINADO"),"") | AH34: =AE34-W34 -> #VALUE!
D35: Liquidez | E35: Endeudamiento | F35: Cob. Intereses | G35: Cap. Trabajo | H35: Patrimonio | I35: Resultado | J35: Rent. Patrimonio | K35: Rent. Activo | L35: Resultado | O35: 4 | Z35: =(V35+W35)-T35 -> 0 | AA35: =IF($P35<>"",+IF(U35>0,+ROUNDDOWN(S35/U35,2),"INDETERMINADO"),"") | AB35: =IF($P35<>"",+IF(T35>0,+ROUNDDOWN(V35/T35,2),"INDETERMINADO"),"") | AC35: =IF($P35<>"",+IF(Y35>0,+ROUNDDOWN(X35/Y35,2),"INDETERMINADO"),"") | AD35: =IF($P35<>"",+(S35-U35),"") | AE35: =IF($P35<>"",+(T35-V35),"") | AF35: =IF($P35<>"",+IF(W35>0,+ROUNDDOWN(X35/W35,2),"INDETERMINADO"),"") | AG35: =IF($P35<>"",+IF(T35>0,+ROUNDDOWN(X35/T35,2),"INDETERMINADO"),"") | AH35: =AE35-W35 -> #VALUE!
B36: 17 | C36: =+IF(C17<>"",+C17,"") | D36: =+IF(C17<>"",+IF(G17>0,+ROUNDDOWN(+E17/G17,2),"Indeterminado"),"") | E36: =+IF(C17<>"",+IF(F17>0,+ROUNDDOWN(+H17/F17,2),"Indeterminado"),"") | F36: =+IF(C17<>"",+IF(K17>0,+ROUNDDOWN(+J17/K17,2),"Indeterminado"),"") | G36: =+IF(C17<>"",+S14-U14,"") | H36: =+IF(C17<>"",+T14-V14,"") | I36: =++IF(C17<>"",+IF(D37="Cumple",+IF(E37="Cumple",+IF(F37="Cumple",+IF(G37="Cumple",+IF(H37="Cumple","CUMPLE","NO CUMPLE"),"NO CUMPLE"),"NO CUMPLE"),"NO CUMPLE"),"NO CUMPLE"),"") | J36: =+IF(C17<>"",+IF(I17>0,+ROUNDDOWN(+J17/I17,2),"Indeterminado"),"") | K36: =+IF(C17<>"",+IF(F17>0,+ROUNDDOWN(+J17/F17,2),"Indeterminado"),"") | L36: =+IF(C17<>"",+IF(J37="Cumple",+IF(K37="Cumple","CUMPLE","NO CUMPLE"),"NO CUMPLE"),"") | N36: =+IF($C$17<>"",+IF(H36<>W14,"Error en registro de datos",""),"") | O36: 5 | Z36: =(V36+W36)-T36 -> 0 | AA36: =IF($P36<>"",+IF(U36>0,+ROUNDDOWN(S36/U36,2),"INDETERMINADO"),"") | AB36: =IF($P36<>"",+IF(T36>0,+ROUNDDOWN(V36/T36,2),"INDETERMINADO"),"") | AC36: =IF($P36<>"",+IF(Y36>0,+ROUNDDOWN(X36/Y36,2),"INDETERMINADO"),"") | AD36: =IF($P36<>"",+(S36-U36),"") | AE36: =IF($P36<>"",+(T36-V36),"") | AF36: =IF($P36<>"",+IF(W36>0,+ROUNDDOWN(X36/W36,2),"INDETERMINADO"),"") | AG36: =IF($P36<>"",+IF(T36>0,+ROUNDDOWN(X36/T36,2),"INDETERMINADO"),"") | AH36: =AE36-W36 -> #VALUE!
D37: =+IF(C17<>"",+IF(D36>=$L$7,"Cumple","NO CUMPLE"),"") | E37: =+IF(C17<>"",+IF(E36<=$L$8,"Cumple","NO CUMPLE"),"") | F37: =+IF(C17<>"",+IF(F36>=$L$9,"Cumple", "NO CUMPLE"),"") | G37: =+IF(C17<>"",+IF(G36>=$L$10,"Cumple", "NO CUMPLE"),"") | H37: =+IF(C17<>"",+IF(H36>=$L$11,"Cumple", "NO CUMPLE"),"") | J37: =+IF(C17<>"",+IF(J36>=$L$12,"Cumple", "NO CUMPLE"),"") | K37: =+IF(C17<>"",+IF(K36>=$L$13,"Cumple", "NO CUMPLE"),"") | O37: 6 | Z37: =(V37+W37)-T37 -> 0 | AA37: =IF($P37<>"",+IF(U37>0,+ROUNDDOWN(S37/U37,2),"INDETERMINADO"),"") | AB37: =IF($P37<>"",+IF(T37>0,+ROUNDDOWN(V37/T37,2),"INDETERMINADO"),"") | AC37: =IF($P37<>"",+IF(Y37>0,+ROUNDDOWN(X37/Y37,2),"INDETERMINADO"),"") | AD37: =IF($P37<>"",+(S37-U37),"") | AE37: =IF($P37<>"",+(T37-V37),"") | AF37: =IF($P37<>"",+IF(W37>0,+ROUNDDOWN(X37/W37,2),"INDETERMINADO"),"") | AG37: =IF($P37<>"",+IF(T37>0,+ROUNDDOWN(X37/T37,2),"INDETERMINADO"),"") | AH37: =AE37-W37 -> #VALUE!
B38: =+B36+1 -> 18 | C38: =+IF(C19<>"",+C19,"") | D38: =+IF(C19<>"",+IF(G19>0,+ROUNDDOWN(+E19/G19,2),"Indeterminado"),"") | E38: =+IF(C19<>"",+IF(F19>0,+ROUNDDOWN(+H19/F19,2),"Indeterminado"),"") | F38: =+IF(C19<>"",+IF(K19>0,+ROUNDDOWN(+J19/K19,2),"Indeterminado"),"") | G38: =+IF(C19<>"",+S26-U26,"") | H38: =+IF(C19<>"",+T26-V26,"") | I38: =++IF(C19<>"",+IF(D39="Cumple",+IF(E39="Cumple",+IF(F39="Cumple",+IF(G39="Cumple",+IF(H39="Cumple","CUMPLE","NO CUMPLE"),"NO CUMPLE"),"NO CUMPLE"),"NO CUMPLE"),"NO CUMPLE"),"") | J38: =+IF(C19<>"",+IF(I19>0,+ROUNDDOWN(+J19/I19,2),"Indeterminado"),"") | K38: =+IF(C19<>"",+IF(F19>0,+ROUNDDOWN(+J19/F19,2),"Indeterminado"),"") | L38: =+IF(C19<>"",+IF(J39="Cumple",+IF(K39="Cumple","CUMPLE","NO CUMPLE"),"NO CUMPLE"),"") | N38: =+IF($C$19<>"",+IF(H38<>W26,"Error en registro de datos",""),"") | P38: TOTAL GENERAL | R38: =SUM(R32:R37) -> 0 | S38: =SUM(S32:S37) -> 0 | T38: =SUM(T32:T37) -> 0 | U38: =SUM(U32:U37) -> 0 | V38: =SUM(V32:V37) -> 0 | W38: =SUM(W32:W37) -> 0 | X38: =SUM(X32:X37) -> 0 | Y38: =SUM(Y32:Y37) -> 0
D39: =+IF(C19<>"",+IF(D38>=$L$7,"Cumple","NO CUMPLE"),"") | E39: =+IF(C19<>"",+IF(E38<=$L$8,"Cumple","NO CUMPLE"),"") | F39: =+IF(C19<>"",+IF(F38>=$L$9,"Cumple", "NO CUMPLE"),"") | G39: =+IF(C19<>"",+IF(G38>=$L$10,"Cumple", "NO CUMPLE"),"") | H39: =+IF(C19<>"",+IF(H38>=$L$11,"Cumple", "NO CUMPLE"),"") | J39: =+IF(C19<>"",+IF(J38>=$L$12,"Cumple", "NO CUMPLE"),"") | K39: =+IF(C19<>"",+IF(K38>=$L$13,"Cumple", "NO CUMPLE"),"")
B40: =+B38+1 -> 19 | C40: =+IF(C21<>"",+C21,"") | D40: =+IF(C21<>"",+IF(G21>0,+ROUNDDOWN(+E21/G21,2),"Indeterminado"),"") | E40: =+IF(C21<>"",+IF(F21>0,+ROUNDDOWN(+H21/F21,2),"Indeterminado"),"") | F40: =+IF(C21<>"",+IF(K21>0,+ROUNDDOWN(+J21/K21,2),"Indeterminado"),"") | G40: =+IF(C21<>"",+S38-U38,"") | H40: =+IF(C21<>"",+T38-V38,"") | I40: =++IF(C21<>"",+IF(D41="Cumple",+IF(E41="Cumple",+IF(F41="Cumple",+IF(G41="Cumple",+IF(H41="Cumple","CUMPLE","NO CUMPLE"),"NO CUMPLE"),"NO CUMPLE"),"NO CUMPLE"),"NO CUMPLE"),"") | J40: =+IF(C21<>"",+IF(I21>0,+ROUNDDOWN(+J21/I21,2),"Indeterminado"),"") | K40: =+IF(C21<>"",+IF(F21>0,+ROUNDDOWN(+J21/F21,2),"Indeterminado"),"") | L40: =+IF(C21<>"",+IF(J41="Cumple",+IF(K41="Cumple","CUMPLE","NO CUMPLE"),"NO CUMPLE"),"") | N40: =+IF($C$21<>"",+IF(H40<>W38,"Error en registro de datos",""),"")
D41: =+IF(C21<>"",+IF(D40>=$L$7,"Cumple","NO CUMPLE"),"") | E41: =+IF(C21<>"",+IF(E40<=$L$8,"Cumple","NO CUMPLE"),"") | F41: =+IF(C21<>"",+IF(F40>=$L$9,"Cumple", "NO CUMPLE"),"") | G41: =+IF(C21<>"",+IF(G40>=$L$10,"Cumple", "NO CUMPLE"),"") | H41: =+IF(C21<>"",+IF(H40>=$L$11,"Cumple", "NO CUMPLE"),"") | J41: =+IF(C21<>"",+IF(J40>=$L$12,"Cumple", "NO CUMPLE"),"") | K41: =+IF(C21<>"",+IF(K40>=$L$13,"Cumple", "NO CUMPLE"),"")
B42: =+B40+1 -> 20 | C42: =+IF(C23<>"",+C23,"") | D42: =+IF(C23<>"",+IF(G23>0,+ROUNDDOWN(+E23/G23,2),"Indeterminado"),"") | E42: =+IF(C23<>"",+IF(F23>0,+ROUNDDOWN(+H23/F23,2),"Indeterminado"),"") | F42: =+IF(C23<>"",+IF(K23>0,+ROUNDDOWN(+J23/K23,2),"Indeterminado"),"") | G42: =+IF(C23<>"",+S50-U50,"") | H42: =+IF(C23<>"",+T50-V50,"") | I42: =++IF(C23<>"",+IF(D43="Cumple",+IF(E43="Cumple",+IF(F43="Cumple",+IF(G43="Cumple",+IF(H43="Cumple","CUMPLE","NO CUMPLE"),"NO CUMPLE"),"NO CUMPLE"),"NO CUMPLE"),"NO CUMPLE"),"") | J42: =+IF(C23<>"",+IF(I23>0,+ROUNDDOWN(+J23/I23,2),"Indeterminado"),"") | K42: =+IF(C23<>"",+IF(F23>0,+ROUNDDOWN(+J23/F23,2),"Indeterminado"),"") | L42: =+IF(C23<>"",+IF(J43="Cumple",+IF(K43="Cumple","CUMPLE","NO CUMPLE"),"NO CUMPLE"),"") | N42: =+IF($C$23<>"",+IF(H42<>W50,"Error en registro de datos",""),"") | P42: Nombre o Razón Social - Folios | AA42: RESULTADOS CAPACIDAD FINANCIERA | AF42: RESULTADOS CAPACIDAD ORGANIZACIONAL
D43: =+IF(C23<>"",+IF(D42>=$L$7,"Cumple","NO CUMPLE"),"") | E43: =+IF(C23<>"",+IF(E42<=$L$8,"Cumple","NO CUMPLE"),"") | F43: =+IF(C23<>"",+IF(F42>=$L$9,"Cumple", "NO CUMPLE"),"") | G43: =+IF(C23<>"",+IF(G42>=$L$10,"Cumple", "NO CUMPLE"),"") | H43: =+IF(C23<>"",+IF(H42>=$L$11,"Cumple", "NO CUMPLE"),"") | J43: =+IF(C23<>"",+IF(J42>=$L$12,"Cumple", "NO CUMPLE"),"") | K43: =+IF(C23<>"",+IF(K42>=$L$13,"Cumple", "NO CUMPLE"),"") | O43: 20 | Q43: CC o NIT | R43: % | S43: Activo Cte. | T43: Activo Total | U43: Pasivo Cte. | V43: Pasivo Total | W43: Patrimonio | X43: Utilidad Operac. | Y43: Gasto Intereses | AA43: Liquidez | AB43: Endeudamiento | AC43: Cob. Intereses | AD43: Cap. Trabajo | AE43: Patrimonio | AF43: Rent. Patrimonio | AG43: Rent. Activo
B44: =+B42+1 -> 21 | C44: =+IF(C25<>"",+C25,"") | D44: =+IF(C25<>"",+IF(G25>0,+ROUNDDOWN(+E25/G25,2),"Indeterminado"),"") | E44: =+IF(C25<>"",+IF(F25>0,+ROUNDDOWN(+H25/F25,2),"Indeterminado"),"") | F44: =+IF(C25<>"",+IF(K25>0,+ROUNDDOWN(+J25/K25,2),"Indeterminado"),"") | G44: =+IF(C25<>"",+S64-U64,"") | H44: =+IF(C25<>"",+T64-V64,"") | I44: =++IF(C25<>"",+IF(D45="Cumple",+IF(E45="Cumple",+IF(F45="Cumple",+IF(G45="Cumple",+IF(H45="Cumple","CUMPLE","NO CUMPLE"),"NO CUMPLE"),"NO CUMPLE"),"NO CUMPLE"),"NO CUMPLE"),"") | J44: =+IF(C25<>"",+IF(I25>0,+ROUNDDOWN(+J25/I25,2),"Indeterminado"),"") | K44: =+IF(C25<>"",+IF(F25>0,+ROUNDDOWN(+J25/F25,2),"Indeterminado"),"") | L44: =+IF(C25<>"",+IF(J45="Cumple",+IF(K45="Cumple","CUMPLE","NO CUMPLE"),"NO CUMPLE"),"") | N44: =+IF($C$25<>"",+IF(H44<>W64,"Error en registro de datos",""),"") | O44: 1 | Z44: =(V44+W44)-T44 -> 0 | AA44: =IF($P44<>"",+IF(U44>0,+ROUNDDOWN(S44/U44,2),"INDETERMINADO"),"") | AB44: =IF($P44<>"",+IF(T44>0,+ROUNDDOWN(V44/T44,2),"INDETERMINADO"),"") | AC44: =IF($P44<>"",+IF(Y44>0,+ROUNDDOWN(X44/Y44,2),"INDETERMINADO"),"") | AD44: =IF($P44<>"",+(S44-U44),"") | AE44: =IF($P44<>"",+(T44-V44),"") | AF44: =IF($P44<>"",+IF(W44>0,+ROUNDDOWN(X44/W44,2),"INDETERMINADO"),"") | AG44: =IF($P44<>"",+IF(T44>0,+ROUNDDOWN(X44/T44,2),"INDETERMINADO"),"") | AH44: =AE44-W44 -> #VALUE!
D45: =+IF(C25<>"",+IF(D44>=$L$7,"Cumple","NO CUMPLE"),"") | E45: =+IF(C25<>"",+IF(E44<=$L$8,"Cumple","NO CUMPLE"),"") | F45: =+IF(C25<>"",+IF(F44>=$L$9,"Cumple", "NO CUMPLE"),"") | G45: =+IF(C25<>"",+IF(G44>=$L$10,"Cumple", "NO CUMPLE"),"") | H45: =+IF(C25<>"",+IF(H44>=$L$11,"Cumple", "NO CUMPLE"),"") | J45: =+IF(C25<>"",+IF(J44>=$L$12,"Cumple", "NO CUMPLE"),"") | K45: =+IF(C25<>"",+IF(K44>=$L$13,"Cumple", "NO CUMPLE"),"") | O45: 2 | Z45: =(V45+W45)-T45 -> 0 | AA45: =IF($P45<>"",+IF(U45>0,+ROUNDDOWN(S45/U45,2),"INDETERMINADO"),"") | AB45: =IF($P45<>"",+IF(T45>0,+ROUNDDOWN(V45/T45,2),"INDETERMINADO"),"") | AC45: =IF($P45<>"",+IF(Y45>0,+ROUNDDOWN(X45/Y45,2),"INDETERMINADO"),"") | AD45: =IF($P45<>"",+(S45-U45),"") | AE45: =IF($P45<>"",+(T45-V45),"") | AF45: =IF($P45<>"",+IF(W45>0,+ROUNDDOWN(X45/W45,2),"INDETERMINADO"),"") | AG45: =IF($P45<>"",+IF(T45>0,+ROUNDDOWN(X45/T45,2),"INDETERMINADO"),"") | AH45: =AE45-W45 -> #VALUE!
B46: =+B44+1 -> 22 | C46: =+IF(C27<>"",+C27,"") | D46: =+IF(C27<>"",+IF(G27>0,+ROUNDDOWN(+E27/G27,2),"Indeterminado"),"") | E46: =+IF(C27<>"",+IF(F27>0,+ROUNDDOWN(+H27/F27,2),"Indeterminado"),"") | F46: =+IF(C27<>"",+IF(K27>0,+ROUNDDOWN(+J27/K27,2),"Indeterminado"),"") | G46: =+IF(C27<>"",+S76-U76,"") | H46: =+IF(C27<>"",+T76-V76,"") | I46: =++IF(C27<>"",+IF(D47="Cumple",+IF(E47="Cumple",+IF(F47="Cumple",+IF(G47="Cumple",+IF(H47="Cumple","CUMPLE","NO CUMPLE"),"NO CUMPLE"),"NO CUMPLE"),"NO CUMPLE"),"NO CUMPLE"),"") | J46: =+IF(C27<>"",+IF(I27>0,+ROUNDDOWN(+J27/I27,2),"Indeterminado"),"") | K46: =+IF(C27<>"",+IF(F27>0,+ROUNDDOWN(+J27/F27,2),"Indeterminado"),"") | L46: =+IF(C27<>"",+IF(J47="Cumple",+IF(K47="Cumple","CUMPLE","NO CUMPLE"),"NO CUMPLE"),"") | N46: =+IF($C$27<>"",+IF(H46<>W76,"Error en registro de datos",""),"") | O46: 3 | Z46: =(V46+W46)-T46 -> 0 | AA46: =IF($P46<>"",+IF(U46>0,+ROUNDDOWN(S46/U46,2),"INDETERMINADO"),"") | AB46: =IF($P46<>"",+IF(T46>0,+ROUNDDOWN(V46/T46,2),"INDETERMINADO"),"") | AC46: =IF($P46<>"",+IF(Y46>0,+ROUNDDOWN(X46/Y46,2),"INDETERMINADO"),"") | AD46: =IF($P46<>"",+(S46-U46),"") | AE46: =IF($P46<>"",+(T46-V46),"") | AF46: =IF($P46<>"",+IF(W46>0,+ROUNDDOWN(X46/W46,2),"INDETERMINADO"),"") | AG46: =IF($P46<>"",+IF(T46>0,+ROUNDDOWN(X46/T46,2),"INDETERMINADO"),"") | AH46: =AE46-W46 -> #VALUE!
D47: =+IF(C27<>"",+IF(D46>=$L$7,"Cumple","NO CUMPLE"),"") | E47: =+IF(C27<>"",+IF(E46<=$L$8,"Cumple","NO CUMPLE"),"") | F47: =+IF(C27<>"",+IF(F46>=$L$9,"Cumple", "NO CUMPLE"),"") | G47: =+IF(C27<>"",+IF(G46>=$L$10,"Cumple", "NO CUMPLE"),"") | H47: =+IF(C27<>"",+IF(H46>=$L$11,"Cumple", "NO CUMPLE"),"") | J47: =+IF(C27<>"",+IF(J46>=$L$12,"Cumple", "NO CUMPLE"),"") | K47: =+IF(C27<>"",+IF(K46>=$L$13,"Cumple", "NO CUMPLE"),"") | O47: 4 | Z47: =(V47+W47)-T47 -> 0 | AA47: =IF($P47<>"",+IF(U47>0,+ROUNDDOWN(S47/U47,2),"INDETERMINADO"),"") | AB47: =IF($P47<>"",+IF(T47>0,+ROUNDDOWN(V47/T47,2),"INDETERMINADO"),"") | AC47: =IF($P47<>"",+IF(Y47>0,+ROUNDDOWN(X47/Y47,2),"INDETERMINADO"),"") | AD47: =IF($P47<>"",+(S47-U47),"") | AE47: =IF($P47<>"",+(T47-V47),"") | AF47: =IF($P47<>"",+IF(W47>0,+ROUNDDOWN(X47/W47,2),"INDETERMINADO"),"") | AG47: =IF($P47<>"",+IF(T47>0,+ROUNDDOWN(X47/T47,2),"INDETERMINADO"),"") | AH47: =AE47-W47 -> #VALUE!
B48: =+B46+1 -> 23 | C48: =+IF(C29<>"",+C29,"") | D48: =+IF(C29<>"",+IF(G29>0,+ROUNDDOWN(+E29/G29,2),"Indeterminado"),"") | E48: =+IF(C29<>"",+IF(F29>0,+ROUNDDOWN(+H29/F29,2),"Indeterminado"),"") | F48: =+IF(C29<>"",+IF(K29>0,+ROUNDDOWN(+J29/K29,2),"Indeterminado"),"") | G48: =+IF(C29<>"",+S88-U88,"") | H48: =+IF(C29<>"",+T88-V88,"") | I48: =++IF(C29<>"",+IF(D49="Cumple",+IF(E49="Cumple",+IF(F49="Cumple",+IF(G49="Cumple",+IF(H49="Cumple","CUMPLE","NO CUMPLE"),"NO CUMPLE"),"NO CUMPLE"),"NO CUMPLE"),"NO CUMPLE"),"") | J48: =+IF(C29<>"",+IF(I29>0,+ROUNDDOWN(+J29/I29,2),"Indeterminado"),"") | K48: =+IF(C29<>"",+IF(F29>0,+ROUNDDOWN(+J29/F29,2),"Indeterminado"),"") | L48: =+IF(C29<>"",+IF(J49="Cumple",+IF(K49="Cumple","CUMPLE","NO CUMPLE"),"NO CUMPLE"),"") | N48: =+IF($C$29<>"",+IF(H48<>W88,"Error en registro de datos",""),"") | O48: 5 | Z48: =(V48+W48)-T48 -> 0 | AA48: =IF($P48<>"",+IF(U48>0,+ROUNDDOWN(S48/U48,2),"INDETERMINADO"),"") | AB48: =IF($P48<>"",+IF(T48>0,+ROUNDDOWN(V48/T48,2),"INDETERMINADO"),"") | AC48: =IF($P48<>"",+IF(Y48>0,+ROUNDDOWN(X48/Y48,2),"INDETERMINADO"),"") | AD48: =IF($P48<>"",+(S48-U48),"") | AE48: =IF($P48<>"",+(T48-V48),"") | AF48: =IF($P48<>"",+IF(W48>0,+ROUNDDOWN(X48/W48,2),"INDETERMINADO"),"") | AG48: =IF($P48<>"",+IF(T48>0,+ROUNDDOWN(X48/T48,2),"INDETERMINADO"),"") | AH48: =AE48-W48 -> #VALUE!
D49: =+IF(C29<>"",+IF(D48>=$L$7,"Cumple","NO CUMPLE"),"") | E49: =+IF(C29<>"",+IF(E48<=$L$8,"Cumple","NO CUMPLE"),"") | F49: =+IF(C29<>"",+IF(F48>=$L$9,"Cumple", "NO CUMPLE"),"") | G49: =+IF(C29<>"",+IF(G48>=$L$10,"Cumple", "NO CUMPLE"),"") | H49: =+IF(C29<>"",+IF(H48>=$L$11,"Cumple", "NO CUMPLE"),"") | J49: =+IF(C29<>"",+IF(J48>=$L$12,"Cumple", "NO CUMPLE"),"") | K49: =+IF(C29<>"",+IF(K48>=$L$13,"Cumple", "NO CUMPLE"),"") | O49: 6 | Z49: =(V49+W49)-T49 -> 0 | AA49: =IF($P49<>"",+IF(U49>0,+ROUNDDOWN(S49/U49,2),"INDETERMINADO"),"") | AB49: =IF($P49<>"",+IF(T49>0,+ROUNDDOWN(V49/T49,2),"INDETERMINADO"),"") | AC49: =IF($P49<>"",+IF(Y49>0,+ROUNDDOWN(X49/Y49,2),"INDETERMINADO"),"") | AD49: =IF($P49<>"",+(S49-U49),"") | AE49: =IF($P49<>"",+(T49-V49),"") | AF49: =IF($P49<>"",+IF(W49>0,+ROUNDDOWN(X49/W49,2),"INDETERMINADO"),"") | AG49: =IF($P49<>"",+IF(T49>0,+ROUNDDOWN(X49/T49,2),"INDETERMINADO"),"") | AH49: =AE49-W49 -> #VALUE!
B50: =+B48+1 -> 24 | C50: =+IF(C31<>"",+C31,"") | D50: =+IF(C31<>"",+IF(G31>0,+ROUNDDOWN(+E31/G31,2),"Indeterminado"),"") | E50: =+IF(C31<>"",+IF(F31>0,+ROUNDDOWN(+H31/F31,2),"Indeterminado"),"") | F50: =+IF(C31<>"",+IF(K31>0,+ROUNDDOWN(+J31/K31,2),"Indeterminado"),"") | G50: =+IF(C31<>"",+S100-U100,"") | H50: =+IF(C31<>"",+T100-V100,"") | I50: =++IF(C31<>"",+IF(D51="Cumple",+IF(E51="Cumple",+IF(F51="Cumple",+IF(G51="Cumple",+IF(H51="Cumple","CUMPLE","NO CUMPLE"),"NO CUMPLE"),"NO CUMPLE"),"NO CUMPLE"),"NO CUMPLE"),"") | J50: =+IF(C31<>"",+IF(I31>0,+ROUNDDOWN(+J31/I31,2),"Indeterminado"),"") | K50: =+IF(C31<>"",+IF(F31>0,+ROUNDDOWN(+J31/F31,2),"Indeterminado"),"") | L50: =+IF(C31<>"",+IF(J51="Cumple",+IF(K51="Cumple","CUMPLE","NO CUMPLE"),"NO CUMPLE"),"") | N50: =+IF($C$31<>"",+IF(H50<>W100,"Error en registro de datos",""),"") | P50: TOTAL GENERAL | R50: =SUM(R44:R49) -> 0 | S50: =SUM(S44:S49) -> 0 | T50: =SUM(T44:T49) -> 0 | U50: =SUM(U44:U49) -> 0 | V50: =SUM(V44:V49) -> 0 | W50: =SUM(W44:W49) -> 0 | X50: =SUM(X44:X49) -> 0 | Y50: =SUM(Y44:Y49) -> 0
D51: =+IF(C31<>"",+IF(D50>=$L$7,"Cumple","NO CUMPLE"),"") | E51: =+IF(C31<>"",+IF(E50<=$L$8,"Cumple","NO CUMPLE"),"") | F51: =+IF(C31<>"",+IF(F50>=$L$9,"Cumple", "NO CUMPLE"),"") | G51: =+IF(C31<>"",+IF(G50>=$L$10,"Cumple", "NO CUMPLE"),"") | H51: =+IF(C31<>"",+IF(H50>=$L$11,"Cumple", "NO CUMPLE"),"") | J51: =+IF(C31<>"",+IF(J50>=$L$12,"Cumple", "NO CUMPLE"),"") | K51: =+IF(C31<>"",+IF(K50>=$L$13,"Cumple", "NO CUMPLE"),"")
B52: Liquidez = (Activo corriente/Pasivo corriente). Endeudamiento = (Pasivo total/Activo total). Cobertura de intereses = (Utilidad operacional/Gastos de intereses). Capital de trabajo = (Activo corriente - Pasivo corriente).
B53: Patrimonio = (Activo total - Pasivo total). Rentabilidad del patrimonio = (Utilidad operacional/Patrimonio). Rentabilidad del activo = (Utilidad operacional/Activo total)
B54: **La evaluación Financiera de Estructuras plurales, son calculadas de acuerdo a las partidas financieras de cada uno de los integrantes, de manera proporcional a su porcentaje de Participación, salvo para el Capital de Trabajo y Patrimonio, donde el cálculo se realiza de acuerdo a la sumatoria de los indicadores correspondientes.
P56: Nombre o Razón Social - Folios | AA56: RESULTADOS CAPACIDAD FINANCIERA | AF56: RESULTADOS CAPACIDAD ORGANIZACIONAL
O57: 21 | Q57: CC o NIT | R57: % | S57: Activo Cte. | T57: Activo Total | U57: Pasivo Cte. | V57: Pasivo Total | W57: Patrimonio | X57: Utilidad Operac. | Y57: Gasto Intereses | AA57: Liquidez | AB57: Endeudamiento | AC57: Cob. Intereses | AD57: Cap. Trabajo | AE57: Patrimonio | AF57: Rent. Patrimonio | AG57: Rent. Activo
O58: 1 | Z58: =(V58+W58)-T58 -> 0 | AA58: =IF($P58<>"",+IF(U58>0,+ROUNDDOWN(S58/U58,2),"INDETERMINADO"),"") | AB58: =IF($P58<>"",+IF(T58>0,+ROUNDDOWN(V58/T58,2),"INDETERMINADO"),"") | AC58: =IF($P58<>"",+IF(Y58>0,+ROUNDDOWN(X58/Y58,2),"INDETERMINADO"),"") | AD58: =IF($P58<>"",+(S58-U58),"") | AE58: =IF($P58<>"",+(T58-V58),"") | AF58: =IF($P58<>"",+IF(W58>0,+ROUNDDOWN(X58/W58,2),"INDETERMINADO"),"") | AG58: =IF($P58<>"",+IF(T58>0,+ROUNDDOWN(X58/T58,2),"INDETERMINADO"),"") | AH58: =AE58-W58 -> #VALUE!
E59: Hoja 3 | O59: 2 | Z59: =(V59+W59)-T59 -> 0 | AA59: =IF($P59<>"",+IF(U59>0,+ROUNDDOWN(S59/U59,2),"INDETERMINADO"),"") | AB59: =IF($P59<>"",+IF(T59>0,+ROUNDDOWN(V59/T59,2),"INDETERMINADO"),"") | AC59: =IF($P59<>"",+IF(Y59>0,+ROUNDDOWN(X59/Y59,2),"INDETERMINADO"),"") | AD59: =IF($P59<>"",+(S59-U59),"") | AE59: =IF($P59<>"",+(T59-V59),"") | AF59: =IF($P59<>"",+IF(W59>0,+ROUNDDOWN(X59/W59,2),"INDETERMINADO"),"") | AG59: =IF($P59<>"",+IF(T59>0,+ROUNDDOWN(X59/T59,2),"INDETERMINADO"),"") | AH59: =AE59-W59 -> #VALUE!
B60: Directora Financiera | O60: 3 | Z60: =(V60+W60)-T60 -> 0 | AA60: =IF($P60<>"",+IF(U60>0,+ROUNDDOWN(S60/U60,2),"INDETERMINADO"),"") | AB60: =IF($P60<>"",+IF(T60>0,+ROUNDDOWN(V60/T60,2),"INDETERMINADO"),"") | AC60: =IF($P60<>"",+IF(Y60>0,+ROUNDDOWN(X60/Y60,2),"INDETERMINADO"),"") | AD60: =IF($P60<>"",+(S60-U60),"") | AE60: =IF($P60<>"",+(T60-V60),"") | AF60: =IF($P60<>"",+IF(W60>0,+ROUNDDOWN(X60/W60,2),"INDETERMINADO"),"") | AG60: =IF($P60<>"",+IF(T60>0,+ROUNDDOWN(X60/T60,2),"INDETERMINADO"),"") | AH60: =AE60-W60 -> #VALUE!
B61: (evaluador) | O61: 4 | Z61: =(V61+W61)-T61 -> 0 | AA61: =IF($P61<>"",+IF(U61>0,+ROUNDDOWN(S61/U61,2),"INDETERMINADO"),"") | AB61: =IF($P61<>"",+IF(T61>0,+ROUNDDOWN(V61/T61,2),"INDETERMINADO"),"") | AC61: =IF($P61<>"",+IF(Y61>0,+ROUNDDOWN(X61/Y61,2),"INDETERMINADO"),"") | AD61: =IF($P61<>"",+(S61-U61),"") | AE61: =IF($P61<>"",+(T61-V61),"") | AF61: =IF($P61<>"",+IF(W61>0,+ROUNDDOWN(X61/W61,2),"INDETERMINADO"),"") | AG61: =IF($P61<>"",+IF(T61>0,+ROUNDDOWN(X61/T61,2),"INDETERMINADO"),"") | AH61: =AE61-W61 -> #VALUE!
O62: 5 | Z62: =(V62+W62)-T62 -> 0 | AA62: =IF($P62<>"",+IF(U62>0,+ROUNDDOWN(S62/U62,2),"INDETERMINADO"),"") | AB62: =IF($P62<>"",+IF(T62>0,+ROUNDDOWN(V62/T62,2),"INDETERMINADO"),"") | AC62: =IF($P62<>"",+IF(Y62>0,+ROUNDDOWN(X62/Y62,2),"INDETERMINADO"),"") | AD62: =IF($P62<>"",+(S62-U62),"") | AE62: =IF($P62<>"",+(T62-V62),"") | AF62: =IF($P62<>"",+IF(W62>0,+ROUNDDOWN(X62/W62,2),"INDETERMINADO"),"") | AG62: =IF($P62<>"",+IF(T62>0,+ROUNDDOWN(X62/T62,2),"INDETERMINADO"),"") | AH62: =AE62-W62 -> #VALUE!
O63: 6 | Z63: =(V63+W63)-T63 -> 0 | AA63: =IF($P63<>"",+IF(U63>0,+ROUNDDOWN(S63/U63,2),"INDETERMINADO"),"") | AB63: =IF($P63<>"",+IF(T63>0,+ROUNDDOWN(V63/T63,2),"INDETERMINADO"),"") | AC63: =IF($P63<>"",+IF(Y63>0,+ROUNDDOWN(X63/Y63,2),"INDETERMINADO"),"") | AD63: =IF($P63<>"",+(S63-U63),"") | AE63: =IF($P63<>"",+(T63-V63),"") | AF63: =IF($P63<>"",+IF(W63>0,+ROUNDDOWN(X63/W63,2),"INDETERMINADO"),"") | AG63: =IF($P63<>"",+IF(T63>0,+ROUNDDOWN(X63/T63,2),"INDETERMINADO"),"") | AH63: =AE63-W63 -> #VALUE!
P64: TOTAL GENERAL | R64: =SUM(R58:R63) -> 0 | S64: =SUM(S58:S63) -> 0 | T64: =SUM(T58:T63) -> 0 | U64: =SUM(U58:U63) -> 0 | V64: =SUM(V58:V63) -> 0 | W64: =SUM(W58:W63) -> 0 | X64: =SUM(X58:X63) -> 0 | Y64: =SUM(Y58:Y63) -> 0
P68: Nombre o Razón Social - Folios | AA68: RESULTADOS CAPACIDAD FINANCIERA | AF68: RESULTADOS CAPACIDAD ORGANIZACIONAL
O69: 22 | Q69: CC o NIT | R69: % | S69: Activo Cte. | T69: Activo Total | U69: Pasivo Cte. | V69: Pasivo Total | W69: Patrimonio | X69: Utilidad Operac. | Y69: Gasto Intereses | AA69: Liquidez | AB69: Endeudamiento | AC69: Cob. Intereses | AD69: Cap. Trabajo | AE69: Patrimonio | AF69: Rent. Patrimonio | AG69: Rent. Activo
O70: 1 | Z70: =(V70+W70)-T70 -> 0 | AA70: =IF($P70<>"",+IF(U70>0,+ROUNDDOWN(S70/U70,2),"INDETERMINADO"),"") | AB70: =IF($P70<>"",+IF(T70>0,+ROUNDDOWN(V70/T70,2),"INDETERMINADO"),"") | AC70: =IF($P70<>"",+IF(Y70>0,+ROUNDDOWN(X70/Y70,2),"INDETERMINADO"),"") | AD70: =IF($P70<>"",+(S70-U70),"") | AE70: =IF($P70<>"",+(T70-V70),"") | AF70: =IF($P70<>"",+IF(W70>0,+ROUNDDOWN(X70/W70,2),"INDETERMINADO"),"") | AG70: =IF($P70<>"",+IF(T70>0,+ROUNDDOWN(X70/T70,2),"INDETERMINADO"),"") | AH70: =AE70-W70 -> #VALUE!
O71: 2 | Z71: =(V71+W71)-T71 -> 0 | AA71: =IF($P71<>"",+IF(U71>0,+ROUNDDOWN(S71/U71,2),"INDETERMINADO"),"") | AB71: =IF($P71<>"",+IF(T71>0,+ROUNDDOWN(V71/T71,2),"INDETERMINADO"),"") | AC71: =IF($P71<>"",+IF(Y71>0,+ROUNDDOWN(X71/Y71,2),"INDETERMINADO"),"") | AD71: =IF($P71<>"",+(S71-U71),"") | AE71: =IF($P71<>"",+(T71-V71),"") | AF71: =IF($P71<>"",+IF(W71>0,+ROUNDDOWN(X71/W71,2),"INDETERMINADO"),"") | AG71: =IF($P71<>"",+IF(T71>0,+ROUNDDOWN(X71/T71,2),"INDETERMINADO"),"") | AH71: =AE71-W71 -> #VALUE!
O72: 3 | Z72: =(V72+W72)-T72 -> 0 | AA72: =IF($P72<>"",+IF(U72>0,+ROUNDDOWN(S72/U72,2),"INDETERMINADO"),"") | AB72: =IF($P72<>"",+IF(T72>0,+ROUNDDOWN(V72/T72,2),"INDETERMINADO"),"") | AC72: =IF($P72<>"",+IF(Y72>0,+ROUNDDOWN(X72/Y72,2),"INDETERMINADO"),"") | AD72: =IF($P72<>"",+(S72-U72),"") | AE72: =IF($P72<>"",+(T72-V72),"") | AF72: =IF($P72<>"",+IF(W72>0,+ROUNDDOWN(X72/W72,2),"INDETERMINADO"),"") | AG72: =IF($P72<>"",+IF(T72>0,+ROUNDDOWN(X72/T72,2),"INDETERMINADO"),"") | AH72: =AE72-W72 -> #VALUE!
O73: 4 | Z73: =(V73+W73)-T73 -> 0 | AA73: =IF($P73<>"",+IF(U73>0,+ROUNDDOWN(S73/U73,2),"INDETERMINADO"),"") | AB73: =IF($P73<>"",+IF(T73>0,+ROUNDDOWN(V73/T73,2),"INDETERMINADO"),"") | AC73: =IF($P73<>"",+IF(Y73>0,+ROUNDDOWN(X73/Y73,2),"INDETERMINADO"),"") | AD73: =IF($P73<>"",+(S73-U73),"") | AE73: =IF($P73<>"",+(T73-V73),"") | AF73: =IF($P73<>"",+IF(W73>0,+ROUNDDOWN(X73/W73,2),"INDETERMINADO"),"") | AG73: =IF($P73<>"",+IF(T73>0,+ROUNDDOWN(X73/T73,2),"INDETERMINADO"),"") | AH73: =AE73-W73 -> #VALUE!
O74: 5 | Z74: =(V74+W74)-T74 -> 0 | AA74: =IF($P74<>"",+IF(U74>0,+ROUNDDOWN(S74/U74,2),"INDETERMINADO"),"") | AB74: =IF($P74<>"",+IF(T74>0,+ROUNDDOWN(V74/T74,2),"INDETERMINADO"),"") | AC74: =IF($P74<>"",+IF(Y74>0,+ROUNDDOWN(X74/Y74,2),"INDETERMINADO"),"") | AD74: =IF($P74<>"",+(S74-U74),"") | AE74: =IF($P74<>"",+(T74-V74),"") | AF74: =IF($P74<>"",+IF(W74>0,+ROUNDDOWN(X74/W74,2),"INDETERMINADO"),"") | AG74: =IF($P74<>"",+IF(T74>0,+ROUNDDOWN(X74/T74,2),"INDETERMINADO"),"") | AH74: =AE74-W74 -> #VALUE!
O75: 6 | Z75: =(V75+W75)-T75 -> 0 | AA75: =IF($P75<>"",+IF(U75>0,+ROUNDDOWN(S75/U75,2),"INDETERMINADO"),"") | AB75: =IF($P75<>"",+IF(T75>0,+ROUNDDOWN(V75/T75,2),"INDETERMINADO"),"") | AC75: =IF($P75<>"",+IF(Y75>0,+ROUNDDOWN(X75/Y75,2),"INDETERMINADO"),"") | AD75: =IF($P75<>"",+(S75-U75),"") | AE75: =IF($P75<>"",+(T75-V75),"") | AF75: =IF($P75<>"",+IF(W75>0,+ROUNDDOWN(X75/W75,2),"INDETERMINADO"),"") | AG75: =IF($P75<>"",+IF(T75>0,+ROUNDDOWN(X75/T75,2),"INDETERMINADO"),"") | AH75: =AE75-W75 -> #VALUE!
P76: TOTAL GENERAL | R76: =SUM(R70:R75) -> 0 | S76: =SUM(S70:S75) -> 0 | T76: =SUM(T70:T75) -> 0 | U76: =SUM(U70:U75) -> 0 | V76: =SUM(V70:V75) -> 0 | W76: =SUM(W70:W75) -> 0 | X76: =SUM(X70:X75) -> 0 | Y76: =SUM(Y70:Y75) -> 0
P80: Nombre o Razón Social - Folios | AA80: RESULTADOS CAPACIDAD FINANCIERA | AF80: RESULTADOS CAPACIDAD ORGANIZACIONAL
O81: 23 | Q81: CC o NIT | R81: % | S81: Activo Cte. | T81: Activo Total | U81: Pasivo Cte. | V81: Pasivo Total | W81: Patrimonio | X81: Utilidad Operac. | Y81: Gasto Intereses | AA81: Liquidez | AB81: Endeudamiento | AC81: Cob. Intereses | AD81: Cap. Trabajo | AE81: Patrimonio | AF81: Rent. Patrimonio | AG81: Rent. Activo
O82: 1 | Z82: =(V82+W82)-T82 -> 0 | AA82: =IF($P82<>"",+IF(U82>0,+ROUNDDOWN(S82/U82,2),"INDETERMINADO"),"") | AB82: =IF($P82<>"",+IF(T82>0,+ROUNDDOWN(V82/T82,2),"INDETERMINADO"),"") | AC82: =IF($P82<>"",+IF(Y82>0,+ROUNDDOWN(X82/Y82,2),"INDETERMINADO"),"") | AD82: =IF($P82<>"",+(S82-U82),"") | AE82: =IF($P82<>"",+(T82-V82),"") | AF82: =IF($P82<>"",+IF(W82>0,+ROUNDDOWN(X82/W82,2),"INDETERMINADO"),"") | AG82: =IF($P82<>"",+IF(T82>0,+ROUNDDOWN(X82/T82,2),"INDETERMINADO"),"") | AH82: =AE82-W82 -> #VALUE!
O83: 2 | Z83: =(V83+W83)-T83 -> 0 | AA83: =IF($P83<>"",+IF(U83>0,+ROUNDDOWN(S83/U83,2),"INDETERMINADO"),"") | AB83: =IF($P83<>"",+IF(T83>0,+ROUNDDOWN(V83/T83,2),"INDETERMINADO"),"") | AC83: =IF($P83<>"",+IF(Y83>0,+ROUNDDOWN(X83/Y83,2),"INDETERMINADO"),"") | AD83: =IF($P83<>"",+(S83-U83),"") | AE83: =IF($P83<>"",+(T83-V83),"") | AF83: =IF($P83<>"",+IF(W83>0,+ROUNDDOWN(X83/W83,2),"INDETERMINADO"),"") | AG83: =IF($P83<>"",+IF(T83>0,+ROUNDDOWN(X83/T83,2),"INDETERMINADO"),"") | AH83: =AE83-W83 -> #VALUE!
O84: 3 | Z84: =(V84+W84)-T84 -> 0 | AA84: =IF($P84<>"",+IF(U84>0,+ROUNDDOWN(S84/U84,2),"INDETERMINADO"),"") | AB84: =IF($P84<>"",+IF(T84>0,+ROUNDDOWN(V84/T84,2),"INDETERMINADO"),"") | AC84: =IF($P84<>"",+IF(Y84>0,+ROUNDDOWN(X84/Y84,2),"INDETERMINADO"),"") | AD84: =IF($P84<>"",+(S84-U84),"") | AE84: =IF($P84<>"",+(T84-V84),"") | AF84: =IF($P84<>"",+IF(W84>0,+ROUNDDOWN(X84/W84,2),"INDETERMINADO"),"") | AG84: =IF($P84<>"",+IF(T84>0,+ROUNDDOWN(X84/T84,2),"INDETERMINADO"),"") | AH84: =AE84-W84 -> #VALUE!
O85: 4 | Z85: =(V85+W85)-T85 -> 0 | AA85: =IF($P85<>"",+IF(U85>0,+ROUNDDOWN(S85/U85,2),"INDETERMINADO"),"") | AB85: =IF($P85<>"",+IF(T85>0,+ROUNDDOWN(V85/T85,2),"INDETERMINADO"),"") | AC85: =IF($P85<>"",+IF(Y85>0,+ROUNDDOWN(X85/Y85,2),"INDETERMINADO"),"") | AD85: =IF($P85<>"",+(S85-U85),"") | AE85: =IF($P85<>"",+(T85-V85),"") | AF85: =IF($P85<>"",+IF(W85>0,+ROUNDDOWN(X85/W85,2),"INDETERMINADO"),"") | AG85: =IF($P85<>"",+IF(T85>0,+ROUNDDOWN(X85/T85,2),"INDETERMINADO"),"") | AH85: =AE85-W85 -> #VALUE!
O86: 5 | Z86: =(V86+W86)-T86 -> 0 | AA86: =IF($P86<>"",+IF(U86>0,+ROUNDDOWN(S86/U86,2),"INDETERMINADO"),"") | AB86: =IF($P86<>"",+IF(T86>0,+ROUNDDOWN(V86/T86,2),"INDETERMINADO"),"") | AC86: =IF($P86<>"",+IF(Y86>0,+ROUNDDOWN(X86/Y86,2),"INDETERMINADO"),"") | AD86: =IF($P86<>"",+(S86-U86),"") | AE86: =IF($P86<>"",+(T86-V86),"") | AF86: =IF($P86<>"",+IF(W86>0,+ROUNDDOWN(X86/W86,2),"INDETERMINADO"),"") | AG86: =IF($P86<>"",+IF(T86>0,+ROUNDDOWN(X86/T86,2),"INDETERMINADO"),"") | AH86: =AE86-W86 -> #VALUE!
O87: 6 | Z87: =(V87+W87)-T87 -> 0 | AA87: =IF($P87<>"",+IF(U87>0,+ROUNDDOWN(S87/U87,2),"INDETERMINADO"),"") | AB87: =IF($P87<>"",+IF(T87>0,+ROUNDDOWN(V87/T87,2),"INDETERMINADO"),"") | AC87: =IF($P87<>"",+IF(Y87>0,+ROUNDDOWN(X87/Y87,2),"INDETERMINADO"),"") | AD87: =IF($P87<>"",+(S87-U87),"") | AE87: =IF($P87<>"",+(T87-V87),"") | AF87: =IF($P87<>"",+IF(W87>0,+ROUNDDOWN(X87/W87,2),"INDETERMINADO"),"") | AG87: =IF($P87<>"",+IF(T87>0,+ROUNDDOWN(X87/T87,2),"INDETERMINADO"),"") | AH87: =AE87-W87 -> #VALUE!
P88: TOTAL GENERAL | R88: =SUM(R82:R87) -> 0 | S88: =SUM(S82:S87) -> 0 | T88: =SUM(T82:T87) -> 0 | U88: =SUM(U82:U87) -> 0 | V88: =SUM(V82:V87) -> 0 | W88: =SUM(W82:W87) -> 0 | X88: =SUM(X82:X87) -> 0 | Y88: =SUM(Y82:Y87) -> 0
P92: Nombre o Razón Social - Folios | AA92: RESULTADOS CAPACIDAD FINANCIERA | AF92: RESULTADOS CAPACIDAD ORGANIZACIONAL
O93: 24 | Q93: CC o NIT | R93: % | S93: Activo Cte. | T93: Activo Total | U93: Pasivo Cte. | V93: Pasivo Total | W93: Patrimonio | X93: Utilidad Operac. | Y93: Gasto Intereses | AA93: Liquidez | AB93: Endeudamiento | AC93: Cob. Intereses | AD93: Cap. Trabajo | AE93: Patrimonio | AF93: Rent. Patrimonio | AG93: Rent. Activo
O94: 1 | Z94: =(V94+W94)-T94 -> 0 | AA94: =IF($P94<>"",+IF(U94>0,+ROUNDDOWN(S94/U94,2),"INDETERMINADO"),"") | AB94: =IF($P94<>"",+IF(T94>0,+ROUNDDOWN(V94/T94,2),"INDETERMINADO"),"") | AC94: =IF($P94<>"",+IF(Y94>0,+ROUNDDOWN(X94/Y94,2),"INDETERMINADO"),"") | AD94: =IF($P94<>"",+(S94-U94),"") | AE94: =IF($P94<>"",+(T94-V94),"") | AF94: =IF($P94<>"",+IF(W94>0,+ROUNDDOWN(X94/W94,2),"INDETERMINADO"),"") | AG94: =IF($P94<>"",+IF(T94>0,+ROUNDDOWN(X94/T94,2),"INDETERMINADO"),"") | AH94: =AE94-W94 -> #VALUE!
O95: 2 | Z95: =(V95+W95)-T95 -> 0 | AA95: =IF($P95<>"",+IF(U95>0,+ROUNDDOWN(S95/U95,2),"INDETERMINADO"),"") | AB95: =IF($P95<>"",+IF(T95>0,+ROUNDDOWN(V95/T95,2),"INDETERMINADO"),"") | AC95: =IF($P95<>"",+IF(Y95>0,+ROUNDDOWN(X95/Y95,2),"INDETERMINADO"),"") | AD95: =IF($P95<>"",+(S95-U95),"") | AE95: =IF($P95<>"",+(T95-V95),"") | AF95: =IF($P95<>"",+IF(W95>0,+ROUNDDOWN(X95/W95,2),"INDETERMINADO"),"") | AG95: =IF($P95<>"",+IF(T95>0,+ROUNDDOWN(X95/T95,2),"INDETERMINADO"),"") | AH95: =AE95-W95 -> #VALUE!
O96: 3 | Z96: =(V96+W96)-T96 -> 0 | AA96: =IF($P96<>"",+IF(U96>0,+ROUNDDOWN(S96/U96,2),"INDETERMINADO"),"") | AB96: =IF($P96<>"",+IF(T96>0,+ROUNDDOWN(V96/T96,2),"INDETERMINADO"),"") | AC96: =IF($P96<>"",+IF(Y96>0,+ROUNDDOWN(X96/Y96,2),"INDETERMINADO"),"") | AD96: =IF($P96<>"",+(S96-U96),"") | AE96: =IF($P96<>"",+(T96-V96),"") | AF96: =IF($P96<>"",+IF(W96>0,+ROUNDDOWN(X96/W96,2),"INDETERMINADO"),"") | AG96: =IF($P96<>"",+IF(T96>0,+ROUNDDOWN(X96/T96,2),"INDETERMINADO"),"") | AH96: =AE96-W96 -> #VALUE!
O97: 4 | Z97: =(V97+W97)-T97 -> 0 | AA97: =IF($P97<>"",+IF(U97>0,+ROUNDDOWN(S97/U97,2),"INDETERMINADO"),"") | AB97: =IF($P97<>"",+IF(T97>0,+ROUNDDOWN(V97/T97,2),"INDETERMINADO"),"") | AC97: =IF($P97<>"",+IF(Y97>0,+ROUNDDOWN(X97/Y97,2),"INDETERMINADO"),"") | AD97: =IF($P97<>"",+(S97-U97),"") | AE97: =IF($P97<>"",+(T97-V97),"") | AF97: =IF($P97<>"",+IF(W97>0,+ROUNDDOWN(X97/W97,2),"INDETERMINADO"),"") | AG97: =IF($P97<>"",+IF(T97>0,+ROUNDDOWN(X97/T97,2),"INDETERMINADO"),"") | AH97: =AE97-W97 -> #VALUE!
O98: 5 | Z98: =(V98+W98)-T98 -> 0 | AA98: =IF($P98<>"",+IF(U98>0,+ROUNDDOWN(S98/U98,2),"INDETERMINADO"),"") | AB98: =IF($P98<>"",+IF(T98>0,+ROUNDDOWN(V98/T98,2),"INDETERMINADO"),"") | AC98: =IF($P98<>"",+IF(Y98>0,+ROUNDDOWN(X98/Y98,2),"INDETERMINADO"),"") | AD98: =IF($P98<>"",+(S98-U98),"") | AE98: =IF($P98<>"",+(T98-V98),"") | AF98: =IF($P98<>"",+IF(W98>0,+ROUNDDOWN(X98/W98,2),"INDETERMINADO"),"") | AG98: =IF($P98<>"",+IF(T98>0,+ROUNDDOWN(X98/T98,2),"INDETERMINADO"),"") | AH98: =AE98-W98 -> #VALUE!
O99: 6 | Z99: =(V99+W99)-T99 -> 0 | AA99: =IF($P99<>"",+IF(U99>0,+ROUNDDOWN(S99/U99,2),"INDETERMINADO"),"") | AB99: =IF($P99<>"",+IF(T99>0,+ROUNDDOWN(V99/T99,2),"INDETERMINADO"),"") | AC99: =IF($P99<>"",+IF(Y99>0,+ROUNDDOWN(X99/Y99,2),"INDETERMINADO"),"") | AD99: =IF($P99<>"",+(S99-U99),"") | AE99: =IF($P99<>"",+(T99-V99),"") | AF99: =IF($P99<>"",+IF(W99>0,+ROUNDDOWN(X99/W99,2),"INDETERMINADO"),"") | AG99: =IF($P99<>"",+IF(T99>0,+ROUNDDOWN(X99/T99,2),"INDETERMINADO"),"") | AH99: =AE99-W99 -> #VALUE!
P100: TOTAL GENERAL | R100: =SUM(R94:R99) -> 0 | S100: =SUM(S94:S99) -> 0 | T100: =SUM(T94:T99) -> 0 | U100: =SUM(U94:U99) -> 0 | V100: =SUM(V94:V99) -> 0 | W100: =SUM(W94:W99) -> 0 | X100: =SUM(X94:X99) -> 0 | Y100: =SUM(Y94:Y99) -> 0

Sheet Resumen(hoja3)
B1: UAE AERONAUTICA CIVIL
B2: DIRECCIÓN FINANCIERA
B3: HABILITACION FINANCIERA Y CAPACIDAD ORGANIZACIONAL DE PROPUESTAS
B5: RESULTADO DE LA EVALUACION
B7: No. | C7: Nombre o Razón Social | D7: Capacidad Financiera | E7: Capacidad Organizacional
B8: 17 | C8: =+IF('Evaluación (hoja3)'!C17<>"",+'Evaluación (hoja3)'!C17,"") | D8: =+IF('Evaluación (hoja3)'!C17<>"",'Evaluación (hoja3)'!I36,"") | E8: =+IF('Evaluación (hoja3)'!C17<>"",'Evaluación (hoja3)'!L36,"")
B10: =+IF(C10<>"",+B8+1,"") | C10: =+IF('Evaluación (hoja3)'!C19<>"",+'Evaluación (hoja3)'!C19,"") | D10: =+IF('Evaluación (hoja3)'!C19<>"",'Evaluación (hoja3)'!I38,"") | E10: =+IF('Evaluación (hoja3)'!C19<>"",'Evaluación (hoja3)'!L38,"")
B12: =+IF(C12<>"",+B10+1,"") | C12: =+IF('Evaluación (hoja3)'!C21<>"",+'Evaluación (hoja3)'!C21,"") | D12: =+IF('Evaluación (hoja3)'!C21<>"",'Evaluación (hoja3)'!I40,"") | E12: =+IF('Evaluación (hoja3)'!C21<>"",'Evaluación (hoja3)'!L40,"")
B14: =+IF(C14<>"",+B12+1,"") | C14: =+IF('Evaluación (hoja3)'!C23<>"",+'Evaluación (hoja3)'!C23,"") | D14: =+IF('Evaluación (hoja3)'!C23<>"",'Evaluación (hoja3)'!I42,"") | E14: =+IF('Evaluación (hoja3)'!C23<>"",'Evaluación (hoja3)'!L42,"")
B16: =+IF(C16<>"",+B14+1,"") | C16: =+IF('Evaluación (hoja3)'!C25<>"",+'Evaluación (hoja3)'!C25,"") | D16: =+IF('Evaluación (hoja3)'!C25<>"",'Evaluación (hoja3)'!I44,"") | E16: =+IF('Evaluación (hoja3)'!C25<>"",'Evaluación (hoja3)'!L44,"")
B18: =+IF(C18<>"",+B16+1,"") | C18: =+IF('Evaluación (hoja3)'!C27<>"",+'Evaluación (hoja3)'!C27,"") | D18: =+IF('Evaluación (hoja3)'!C27<>"",'Evaluación (hoja3)'!I46,"") | E18: =+IF('Evaluación (hoja3)'!C27<>"",'Evaluación (hoja3)'!L46,"")
B20: =+IF(C20<>"",+B18+1,"") | C20: =+IF('Evaluación (hoja3)'!C29<>"",+'Evaluación (hoja3)'!C29,"") | D20: =+IF('Evaluación (hoja3)'!C29<>"",'Evaluación (hoja3)'!I48,"") | E20: =+IF('Evaluación (hoja3)'!C29<>"",'Evaluación (hoja3)'!L48,"")
B22: =+IF(C22<>"",+B20+1,"") | C22: =+IF('Evaluación (hoja3)'!C31<>"",+'Evaluación (hoja3)'!C31,"") | D22: =+IF('Evaluación (hoja3)'!C31<>"",'Evaluación (hoja3)'!I50,"") | E22: =+IF('Evaluación (hoja3)'!C31<>"",'Evaluación (hoja3)'!L50,"")
B25: Marque desde la celda B7 y hasta la celda donde aparezca información (E?), y cópielo en el oficio de respuesta, pegándolo con "pegado especial" como "imagen (metarchivo mejorado)"

Sheet Evaluación (hoja4)
B1: UAE AERONAUTICA CIVIL
B2: DIRECCIÓN FINANCIERA
B3: HABILITACION FINANCIERA Y CAPACIDAD ORGANIZACIONAL DE PROPUESTAS
B4: Ver instrucciones
B5: Proceso No. | G5: Presupuesto | H5: Tiempo | I5: Requisitos del Pliego de Condiciones | L5: Dato o valor
B6: =+'Evaluación (hoja1)'!B6:C6 -> 23000927-H1 | G6: ='Evaluación (hoja1)'!G6 -> 320000000 | H6: ='Evaluación (hoja1)'!H6 -> 2 MESES | I6: Fecha corte estados financieros | L6: =+'Evaluación (hoja1)'!L6 -> 44926 | O6: 25 | P6: Nombre o Razón Social - Folios | AA6: RESULTADOS CAPACIDAD FINANCIERA | AF6: RESULTADOS CAPACIDAD ORGANIZACIONAL
B7: Objeto | I7: Liquidez (veces) | K7: Mayor o igual a | L7: =+'Evaluación (hoja1)'!L7 -> 1.5 | Q7: CC o NIT | R7: % de Participación | S7: Activo Cte. | T7: Activo Total | U7: Pasivo Cte. | V7: Pasivo Total | W7: Patrimonio | X7: Utilidad Operac. | Y7: Gasto Intereses | AA7: Liquidez | AB7: Endeudamiento | AC7: Cob. Intereses | AD7: Cap. Trabajo | AE7: Patrimonio | AF7: Rent. Patrimonio | AG7: Rent. Activo
B8: =+'Evaluación (hoja1)'!B8:H13 -> 33400C0284 ADQUIRIR BOLSA DE BATERIAS PARA LOS SISTEMAS DE LOS AEROPUERTOS DE LA REGIONAL OCCIDENTE | I8: Endeudamiento (%) | K8: Menor o igual a | L8: =+'Evaluación (hoja1)'!L8 -> 0.7 | O8: 1 | Z8: =(V8+W8)-T8 -> 0 | AA8: =IF($P8<>"",+IF(U8>0,+ROUNDDOWN(S8/U8,2),"INDETERMINADO"),"") | AB8: =IF($P8<>"",+IF(T8>0,+ROUNDDOWN(V8/T8,2),"INDETERMINADO"),"") | AC8: =IF($P8<>"",+IF(Y8>0,+ROUNDDOWN(X8/Y8,2),"INDETERMINADO"),"") | AD8: =IF($P8<>"",+(S8-U8),"") | AE8: =IF($P8<>"",+(T8-V8),"") | AF8: =IF($P8<>"",+IF(W8>0,+ROUNDDOWN(X8/W8,2),"INDETERMINADO"),"") | AG8: =IF($P8<>"",+IF(T8>0,+ROUNDDOWN(X8/T8,2),"INDETERMINADO"),"") | AH8: =AE8-W8 -> #VALUE!
I9: Cobertura de Intereses (veces) | K9: Mayor o igual a | L9: =+'Evaluación (hoja1)'!L9 -> 2 | O9: 2 | Z9: =(V9+W9)-T9 -> 0 | AA9: =IF($P9<>"",+IF(U9>0,+ROUNDDOWN(S9/U9,2),"INDETERMINADO"),"") | AB9: =IF($P9<>"",+IF(T9>0,+ROUNDDOWN(V9/T9,2),"INDETERMINADO"),"") | AC9: =IF($P9<>"",+IF(Y9>0,+ROUNDDOWN(X9/Y9,2),"INDETERMINADO"),"") | AD9: =IF($P9<>"",+(S9-U9),"") | AE9: =IF($P9<>"",+(T9-V9),"") | AF9: =IF($P9<>"",+IF(W9>0,+ROUNDDOWN(X9/W9,2),"INDETERMINADO"),"") | AG9: =IF($P9<>"",+IF(T9>0,+ROUNDDOWN(X9/T9,2),"INDETERMINADO"),"") | AH9: =AE9-W9 -> #VALUE!
I10: Capital de Trabajo ($COP) | K10: Mayor o igual a | L10: =+'Evaluación (hoja1)'!L10 -> 240000000 | O10: 3 | Z10: =(V10+W10)-T10 -> 0 | AA10: =IF($P10<>"",+IF(U10>0,+ROUNDDOWN(S10/U10,2),"INDETERMINADO"),"") | AB10: =IF($P10<>"",+IF(T10>0,+ROUNDDOWN(V10/T10,2),"INDETERMINADO"),"") | AC10: =IF($P10<>"",+IF(Y10>0,+ROUNDDOWN(X10/Y10,2),"INDETERMINADO"),"") | AD10: =IF($P10<>"",+(S10-U10),"") | AE10: =IF($P10<>"",+(T10-V10),"") | AF10: =IF($P10<>"",+IF(W10>0,+ROUNDDOWN(X10/W10,2),"INDETERMINADO"),"") | AG10: =IF($P10<>"",+IF(T10>0,+ROUNDDOWN(X10/T10,2),"INDETERMINADO"),"") | AH10: =AE10-W10 -> #VALUE!
I11: Patrimonio ($COP) | K11: Mayor o igual a | L11: =+'Evaluación (hoja1)'!L11 -> 80000000 | O11: 4 | Z11: =(V11+W11)-T11 -> 0 | AA11: =IF($P11<>"",+IF(U11>0,+ROUNDDOWN(S11/U11,2),"INDETERMINADO"),"") | AB11: =IF($P11<>"",+IF(T11>0,+ROUNDDOWN(V11/T11,2),"INDETERMINADO"),"") | AC11: =IF($P11<>"",+IF(Y11>0,+ROUNDDOWN(X11/Y11,2),"INDETERMINADO"),"") | AD11: =IF($P11<>"",+(S11-U11),"") | AE11: =IF($P11<>"",+(T11-V11),"") | AF11: =IF($P11<>"",+IF(W11>0,+ROUNDDOWN(X11/W11,2),"INDETERMINADO"),"") | AG11: =IF($P11<>"",+IF(T11>0,+ROUNDDOWN(X11/T11,2),"INDETERMINADO"),"") | AH11: =AE11-W11 -> #VALUE!
I12: Rentabilidad del Patrimonio (%) | K12: Mayor o igual a | L12: =+'Evaluación (hoja1)'!L12 -> 0.02 | O12: 5 | Z12: =(V12+W12)-T12 -> 0 | AA12: =IF($P12<>"",+IF(U12>0,+ROUNDDOWN(S12/U12,2),"INDETERMINADO"),"") | AB12: =IF($P12<>"",+IF(T12>0,+ROUNDDOWN(V12/T12,2),"INDETERMINADO"),"") | AC12: =IF($P12<>"",+IF(Y12>0,+ROUNDDOWN(X12/Y12,2),"INDETERMINADO"),"") | AD12: =IF($P12<>"",+(S12-U12),"") | AE12: =IF($P12<>"",+(T12-V12),"") | AF12: =IF($P12<>"",+IF(W12>0,+ROUNDDOWN(X12/W12,2),"INDETERMINADO"),"") | AG12: =IF($P12<>"",+IF(T12>0,+ROUNDDOWN(X12/T12,2),"INDETERMINADO"),"") | AH12: =AE12-W12 -> #VALUE!
I13: Rentabilidad del Activo (%) | K13: Mayor o igual a | L13: =+'Evaluación (hoja1)'!L13 -> 0.02 | O13: 6 | Z13: =(V13+W13)-T13 -> 0 | AA13: =IF($P13<>"",+IF(U13>0,+ROUNDDOWN(S13/U13,2),"INDETERMINADO"),"") | AB13: =IF($P13<>"",+IF(T13>0,+ROUNDDOWN(V13/T13,2),"INDETERMINADO"),"") | AC13: =IF($P13<>"",+IF(Y13>0,+ROUNDDOWN(X13/Y13,2),"INDETERMINADO"),"") | AD13: =IF($P13<>"",+(S13-U13),"") | AE13: =IF($P13<>"",+(T13-V13),"") | AF13: =IF($P13<>"",+IF(W13>0,+ROUNDDOWN(X13/W13,2),"INDETERMINADO"),"") | AG13: =IF($P13<>"",+IF(T13>0,+ROUNDDOWN(X13/T13,2),"INDETERMINADO"),"") | AH13: =AE13-W13 -> #VALUE!
P14: TOTAL GENERAL | R14: =SUM(R8:R13) -> 0 | S14: =SUM(S8:S13) -> 0 | T14: =SUM(T8:T13) -> 0 | U14: =SUM(U8:U13) -> 0 | V14: =SUM(V8:V13) -> 0 | W14: =SUM(W8:W13) -> 0 | X14: =SUM(X8:X13) -> 0 | Y14: =SUM(Y8:Y13) -> 0
B15: INFORMACION CONTABLE A LA FECHA DE CORTE ($COP) - DE ACUERDO AL PORCENTAJE DE PARTICIPACIÓN
B16: No. | C16: Nombre o Razón Social | D16: CC o NIT | E16: Activo Cte. | F16: Activo Total | G16: Pasivo Cte. | H16: Pasivo Total | I16: Patrimonio | J16: Utilidad Operac. | K16: Gasto Intereses | L16: Folios RUT
B17: 25 | C17: =IF(P7<>"",+P7,"") | D17: =+IF($C$17<>"",+CONCATENATE(Q8," ",Q9," ",Q10," ",Q11," ",Q12," ",Q13," "),"") | E17: =IF($C$17<>"",+(S8*$R$8)+(S9*$R$9)+(S10*$R$10)+(S11*$R$11)+(S12*$R$12)+(S13*$R$13),"") | F17: =IF($C$17<>"",+(T8*$R$8)+(T9*$R$9)+(T10*$R$10)+(T11*$R$11)+(T12*$R$12)+(T13*$R$13),"") | G17: =IF($C$17<>"",+(U8*$R$8)+(U9*$R$9)+(U10*$R$10)+(U11*$R$11)+(U12*$R$12)+(U13*$R$13),"") | H17: =IF($C$17<>"",+(V8*$R$8)+(V9*$R$9)+(V10*$R$10)+(V11*$R$11)+(V12*$R$12)+(V13*$R$13),"") | I17: =IF($C$17<>"",+(W8*$R$8)+(W9*$R$9)+(W10*$R$10)+(W11*$R$11)+(W12*$R$12)+(W13*$R$13),"") | J17: =IF($C$17<>"",+(X8*$R$8)+(X9*$R$9)+(X10*$R$10)+(X11*$R$11)+(X12*$R$12)+(X13*$R$13),"") | K17: =IF($C$17<>"",+(Y8*$R$8)+(Y9*$R$9)+(Y10*$R$10)+(Y11*$R$11)+(Y12*$R$12)+(Y13*$R$13),"") | L17: =+IF(Q6<>"",+Q6,"")
O18: 26 | P18: Nombre o Razón Social - Folios | AA18: RESULTADOS CAPACIDAD FINANCIERA | AF18: RESULTADOS CAPACIDAD ORGANIZACIONAL
B19: =+B17+1 -> 26 | C19: =IF(P19<>"",+P19,"") | D19: =+IF($C$19<>"",+CONCATENATE(Q20," ",Q21," ",Q22," ",Q23," ",Q24," ",Q25," "),"") | E19: =IF($C$19<>"",+(S20*$R$20)+(S21*$R$21)+(S22*$R$22)+(S23*$R$23)+(S24*$R$24)+(S25*$R$25),"") | F19: =IF($C$19<>"",+(T20*$R$20)+(T21*$R$21)+(T22*$R$22)+(T23*$R$23)+(T24*$R$24)+(T25*$R$25),"") | G19: =IF($C$19<>"",+(U20*$R$20)+(U21*$R$21)+(U22*$R$22)+(U23*$R$23)+(U24*$R$24)+(U25*$R$25),"") | H19: =IF($C$19<>"",+(V20*$R$20)+(V21*$R$21)+(V22*$R$22)+(V23*$R$23)+(V24*$R$24)+(V25*$R$25),"") | I19: =IF($C$19<>"",+(W20*$R$20)+(W21*$R$21)+(W22*$R$22)+(W23*$R$23)+(W24*$R$24)+(W25*$R$25),"") | J19: =IF($C$19<>"",+(X20*$R$20)+(X21*$R$21)+(X22*$R$22)+(X23*$R$23)+(X24*$R$24)+(X25*$R$25),"") | K19: =IF($C$19<>"",+(Y20*$R$20)+(Y21*$R$21)+(Y22*$R$22)+(Y23*$R$23)+(Y24*$R$24)+(Y25*$R$25),"") | L19: =+IF(Q18<>"",+Q18,"") | Q19: CC o NIT | R19: % | S19: Activo Cte. | T19: Activo Total | U19: Pasivo Cte. | V19: Pasivo Total | W19: Patrimonio | X19: Utilidad Operac. | Y19: Gasto Intereses | AA19: Liquidez | AB19: Endeudamiento | AC19: Cob. Intereses | AD19: Cap. Trabajo | AE19: Patrimonio | AF19: Rent. Patrimonio | AG19: Rent. Activo
O20: 1 | Z20: =(V20+W20)-T20 -> 0 | AA20: =IF($P20<>"",+IF(U20>0,+ROUNDDOWN(S20/U20,2),"INDETERMINADO"),"") | AB20: =IF($P20<>"",+IF(T20>0,+ROUNDDOWN(V20/T20,2),"INDETERMINADO"),"") | AC20: =IF($P20<>"",+IF(Y20>0,+ROUNDDOWN(X20/Y20,2),"INDETERMINADO"),"") | AD20: =IF($P20<>"",+(S20-U20),"") | AE20: =IF($P20<>"",+(T20-V20),"") | AF20: =IF($P20<>"",+IF(W20>0,+ROUNDDOWN(X20/W20,2),"INDETERMINADO"),"") | AG20: =IF($P20<>"",+IF(T20>0,+ROUNDDOWN(X20/T20,2),"INDETERMINADO"),"") | AH20: =AE20-W20 -> #VALUE!
B21: =+B19+1 -> 27 | C21: =IF(P31<>"",+P31,"") | D21: =+IF($C$21<>"",+CONCATENATE(Q32," ",Q33," ",Q34," ",Q35," ",Q36," ",Q37," "),"") | E21: =IF($C$21<>"",+(S32*$R$32)+(S33*$R$33)+(S34*$R$34)+(S35*$R$35)+(S36*$R$36)+(S37*$R$37),"") | F21: =IF($C$21<>"",+(T32*$R$32)+(T33*$R$33)+(T34*$R$34)+(T35*$R$35)+(T36*$R$36)+(T37*$R$37),"") | G21: =IF($C$21<>"",+(U32*$R$32)+(U33*$R$33)+(U34*$R$34)+(U35*$R$35)+(U36*$R$36)+(U37*$R$37),"") | H21: =IF($C$21<>"",+(V32*$R$32)+(V33*$R$33)+(V34*$R$34)+(V35*$R$35)+(V36*$R$36)+(V37*$R$37),"") | I21: =IF($C$21<>"",+(W32*$R$32)+(W33*$R$33)+(W34*$R$34)+(W35*$R$35)+(W36*$R$36)+(W37*$R$37),"") | J21: =IF($C$21<>"",+(X32*$R$32)+(X33*$R$33)+(X34*$R$34)+(X35*$R$35)+(X36*$R$36)+(X37*$R$37),"") | K21: =IF($C$21<>"",+(Y32*$R$32)+(Y33*$R$33)+(Y34*$R$34)+(Y35*$R$35)+(Y36*$R$36)+(Y37*$R$37),"") | L21: =+IF(Q30<>"",+Q30,"") | O21: 2 | Z21: =(V21+W21)-T21 -> 0 | AA21: =IF($P21<>"",+IF(U21>0,+ROUNDDOWN(S21/U21,2),"INDETERMINADO"),"") | AB21: =IF($P21<>"",+IF(T21>0,+ROUNDDOWN(V21/T21,2),"INDETERMINADO"),"") | AC21: =IF($P21<>"",+IF(Y21>0,+ROUNDDOWN(X21/Y21,2),"INDETERMINADO"),"") | AD21: =IF($P21<>"",+(S21-U21),"") | AE21: =IF($P21<>"",+(T21-V21),"") | AF21: =IF($P21<>"",+IF(W21>0,+ROUNDDOWN(X21/W21,2),"INDETERMINADO"),"") | AG21: =IF($P21<>"",+IF(T21>0,+ROUNDDOWN(X21/T21,2),"INDETERMINADO"),"") | AH21: =AE21-W21 -> #VALUE!
O22: 3 | Z22: =(V22+W22)-T22 -> 0 | AA22: =IF($P22<>"",+IF(U22>0,+ROUNDDOWN(S22/U22,2),"INDETERMINADO"),"") | AB22: =IF($P22<>"",+IF(T22>0,+ROUNDDOWN(V22/T22,2),"INDETERMINADO"),"") | AC22: =IF($P22<>"",+IF(Y22>0,+ROUNDDOWN(X22/Y22,2),"INDETERMINADO"),"") | AD22: =IF($P22<>"",+(S22-U22),"") | AE22: =IF($P22<>"",+(T22-V22),"") | AF22: =IF($P22<>"",+IF(W22>0,+ROUNDDOWN(X22/W22,2),"INDETERMINADO"),"") | AG22: =IF($P22<>"",+IF(T22>0,+ROUNDDOWN(X22/T22,2),"INDETERMINADO"),"") | AH22: =AE22-W22 -> #VALUE!
B23: =+B21+1 -> 28 | C23: =IF(P43<>"",+P43,"") | D23: =IF($C$23<>"",+CONCATENATE(Q44," ",Q45," ",Q46," ",Q47," ",Q48," ",Q49," "),"") | E23: =IF($C$23<>"",+(S44*$R$44)+(S45*$R$45)+(S46*$R$46)+(S47*$R$47)+(S48*$R$48)+(S49*$R$49),"") | F23: =IF($C$23<>"",+(T44*$R$44)+(T45*$R$45)+(T46*$R$46)+(T47*$R$47)+(T48*$R$48)+(T49*$R$49),"") | G23: =IF($C$23<>"",+(U44*$R$44)+(U45*$R$45)+(U46*$R$46)+(U47*$R$47)+(U48*$R$48)+(U49*$R$49),"") | H23: =IF($C$23<>"",+(V44*$R$44)+(V45*$R$45)+(V46*$R$46)+(V47*$R$47)+(V48*$R$48)+(V49*$R$49),"") | I23: =IF($C$23<>"",+(W44*$R$44)+(W45*$R$45)+(W46*$R$46)+(W47*$R$47)+(W48*$R$48)+(W49*$R$49),"") | J23: =IF($C$23<>"",+(X44*$R$44)+(X45*$R$45)+(X46*$R$46)+(X47*$R$47)+(X48*$R$48)+(X49*$R$49),"") | K23: =IF($C$23<>"",+(Y44*$R$44)+(Y45*$R$45)+(Y46*$R$46)+(Y47*$R$47)+(Y48*$R$48)+(Y49*$R$49),"") | L23: =+IF(Q42<>"",+Q42,"") | O23: 4 | Z23: =(V23+W23)-T23 -> 0 | AA23: =IF($P23<>"",+IF(U23>0,+ROUNDDOWN(S23/U23,2),"INDETERMINADO"),"") | AB23: =IF($P23<>"",+IF(T23>0,+ROUNDDOWN(V23/T23,2),"INDETERMINADO"),"") | AC23: =IF($P23<>"",+IF(Y23>0,+ROUNDDOWN(X23/Y23,2),"INDETERMINADO"),"") | AD23: =IF($P23<>"",+(S23-U23),"") | AE23: =IF($P23<>"",+(T23-V23),"") | AF23: =IF($P23<>"",+IF(W23>0,+ROUNDDOWN(X23/W23,2),"INDETERMINADO"),"") | AG23: =IF($P23<>"",+IF(T23>0,+ROUNDDOWN(X23/T23,2),"INDETERMINADO"),"") | AH23: =AE23-W23 -> #VALUE!
O24: 5 | Z24: =(V24+W24)-T24 -> 0 | AA24: =IF($P24<>"",+IF(U24>0,+ROUNDDOWN(S24/U24,2),"INDETERMINADO"),"") | AB24: =IF($P24<>"",+IF(T24>0,+ROUNDDOWN(V24/T24,2),"INDETERMINADO"),"") | AC24: =IF($P24<>"",+IF(Y24>0,+ROUNDDOWN(X24/Y24,2),"INDETERMINADO"),"") | AD24: =IF($P24<>"",+(S24-U24),"") | AE24: =IF($P24<>"",+(T24-V24),"") | AF24: =IF($P24<>"",+IF(W24>0,+ROUNDDOWN(X24/W24,2),"INDETERMINADO"),"") | AG24: =IF($P24<>"",+IF(T24>0,+ROUNDDOWN(X24/T24,2),"INDETERMINADO"),"") | AH24: =AE24-W24 -> #VALUE!
B25: =+B23+1 -> 29 | C25: =IF(P57<>"",+P57,"") | D25: =IF($C$25<>"",+CONCATENATE(Q58," ",Q59," ",Q60," ",Q61," ",Q62," ",Q63," "),"") | E25: =IF($C$25<>"",+(S58*$R$58)+(S59*$R$59)+(S60*$R$60)+(S61*$R$61)+(S62*$R$62)+(S63*$R$63),"") | F25: =IF($C$25<>"",+(T58*$R$58)+(T59*$R$59)+(T60*$R$60)+(T61*$R$61)+(T62*$R$62)+(T63*$R$63),"") | G25: =IF($C$25<>"",+(U58*$R$58)+(U59*$R$59)+(U60*$R$60)+(U61*$R$61)+(U62*$R$62)+(U63*$R$63),"") | H25: =IF($C$25<>"",+(V58*$R$58)+(V59*$R$59)+(V60*$R$60)+(V61*$R$61)+(V62*$R$62)+(V63*$R$63),"") | I25: =IF($C$25<>"",+(W58*$R$58)+(W59*$R$59)+(W60*$R$60)+(W61*$R$61)+(W62*$R$62)+(W63*$R$63),"") | J25: =IF($C$25<>"",+(X58*$R$58)+(X59*$R$59)+(X60*$R$60)+(X61*$R$61)+(X62*$R$62)+(X63*$R$63),"") | K25: =IF($C$25<>"",+(Y58*$R$58)+(Y59*$R$59)+(Y60*$R$60)+(Y61*$R$61)+(Y62*$R$62)+(Y63*$R$63),"") | L25: =+IF(Q56<>"",+Q56,"") | O25: 6 | Z25: =(V25+W25)-T25 -> 0 | AA25: =IF($P25<>"",+IF(U25>0,+ROUNDDOWN(S25/U25,2),"INDETERMINADO"),"") | AB25: =IF($P25<>"",+IF(T25>0,+ROUNDDOWN(V25/T25,2),"INDETERMINADO"),"") | AC25: =IF($P25<>"",+IF(Y25>0,+ROUNDDOWN(X25/Y25,2),"INDETERMINADO"),"") | AD25: =IF($P25<>"",+(S25-U25),"") | AE25: =IF($P25<>"",+(T25-V25),"") | AF25: =IF($P25<>"",+IF(W25>0,+ROUNDDOWN(X25/W25,2),"INDETERMINADO"),"") | AG25: =IF($P25<>"",+IF(T25>0,+ROUNDDOWN(X25/T25,2),"INDETERMINADO"),"") | AH25: =AE25-W25 -> #VALUE!
P26: TOTAL GENERAL | R26: =SUM(R20:R25) -> 0 | S26: =SUM(S20:S25) -> 0 | T26: =SUM(T20:T25) -> 0 | U26: =SUM(U20:U25) -> 0 | V26: =SUM(V20:V25) -> 0 | W26: =SUM(W20:W25) -> 0 | X26: =SUM(X20:X25) -> 0 | Y26: =SUM(Y20:Y25) -> 0
B27: =+B25+1 -> 30 | C27: =IF(P69<>"",+P69,"") | D27: =IF($C$27<>"",+CONCATENATE(Q70," ",Q71," ",Q72," ",Q73," ",Q74," ",Q75," "),"") | E27: =IF($C$27<>"",+(S70*$R$70)+(S71*$R$71)+(S72*$R$72)+(S73*$R$73)+(S74*$R$74)+(S75*$R$75),"") | F27: =IF($C$27<>"",+(T70*$R$70)+(T71*$R$71)+(T72*$R$72)+(T73*$R$73)+(T74*$R$74)+(T75*$R$75),"") | G27: =IF($C$27<>"",+(U70*$R$70)+(U71*$R$71)+(U72*$R$72)+(U73*$R$73)+(U74*$R$74)+(U75*$R$75),"") | H27: =IF($C$27<>"",+(V70*$R$70)+(V71*$R$71)+(V72*$R$72)+(V73*$R$73)+(V74*$R$74)+(V75*$R$75),"") | I27: =IF($C$27<>"",+(W70*$R$70)+(W71*$R$71)+(W72*$R$72)+(W73*$R$73)+(W74*$R$74)+(W75*$R$75),"") | J27: =IF($C$27<>"",+(X70*$R$70)+(X71*$R$71)+(X72*$R$72)+(X73*$R$73)+(X74*$R$74)+(X75*$R$75),"") | K27: =IF($C$27<>"",+(Y70*$R$70)+(Y71*$R$71)+(Y72*$R$72)+(Y73*$R$73)+(Y74*$R$74)+(Y75*$R$75),"") | L27: =+IF(Q68<>"",+Q68,"")
B29: =+B27+1 -> 31 | C29: =IF(P81<>"",+P81,"") | D29: =IF($C$29<>"",+CONCATENATE(Q82," ",Q83," ",Q84," ",Q85," ",Q86," ",Q87," "),"") | E29: =IF($C$29<>"",+(S82*$R$82)+(S83*$R$83)+(S84*$R$84)+(S85*$R$85)+(S86*$R$86)+(S87*$R$87),"") | F29: =IF($C$29<>"",+(T82*$R$82)+(T83*$R$83)+(T84*$R$84)+(T85*$R$85)+(T86*$R$86)+(T87*$R$87),"") | G29: =IF($C$29<>"",+(U82*$R$82)+(U83*$R$83)+(U84*$R$84)+(U85*$R$85)+(U86*$R$86)+(U87*$R$87),"") | H29: =IF($C$29<>"",+(V82*$R$82)+(V83*$R$83)+(V84*$R$84)+(V85*$R$85)+(V86*$R$86)+(V87*$R$87),"") | I29: =IF($C$29<>"",+(W82*$R$82)+(W83*$R$83)+(W84*$R$84)+(W85*$R$85)+(W86*$R$86)+(W87*$R$87),"") | J29: =IF($C$29<>"",+(X82*$R$82)+(X83*$R$83)+(X84*$R$84)+(X85*$R$85)+(X86*$R$86)+(X87*$R$87),"") | K29: =IF($C$29<>"",+(Y82*$R$82)+(Y83*$R$83)+(Y84*$R$84)+(Y85*$R$85)+(Y86*$R$86)+(Y87*$R$87),"") | L29: =+IF(Q80<>"",+Q80,"")
O30: 27 | P30: Nombre o Razón Social - Folios | AA30: RESULTADOS CAPACIDAD FINANCIERA | AF30: RESULTADOS CAPACIDAD ORGANIZACIONAL
B31: =+B29+1 -> 32 | C31: =IF(P93<>"",+P93,"") | D31: =IF($C$31<>"",+CONCATENATE(Q94," ",Q95," ",Q96," ",Q97," ",Q98," ",Q99," "),"") | E31: =IF($C$31<>"",+(S94*$R$94)+(S95*$R$95)+(S96*$R$96)+(S97*$R$97)+(S98*$R$98)+(S99*$R$99),"") | F31: =IF($C$31<>"",+(T94*$R$94)+(T95*$R$95)+(T96*$R$96)+(T97*$R$97)+(T98*$R$98)+(T99*$R$99),"") | G31: =IF($C$31<>"",+(U94*$R$94)+(U95*$R$95)+(U96*$R$96)+(U97*$R$97)+(U98*$R$98)+(U99*$R$99),"") | H31: =IF($C$31<>"",+(V94*$R$94)+(V95*$R$95)+(V96*$R$96)+(V97*$R$97)+(V98*$R$98)+(V99*$R$99),"") | I31: =IF($C$31<>"",+(W94*$R$94)+(W95*$R$95)+(W96*$R$96)+(W97*$R$97)+(W98*$R$98)+(W99*$R$99),"") | J31: =IF($C$31<>"",+(X94*$R$94)+(X95*$R$95)+(X96*$R$96)+(X97*$R$97)+(X98*$R$98)+(X99*$R$99),"") | K31: =IF($C$31<>"",+(Y94*$R$94)+(Y95*$R$95)+(Y96*$R$96)+(Y97*$R$97)+(Y98*$R$98)+(Y99*$R$99),"") | L31: =+IF(Q92<>"",+Q92,"") | Q31: CC o NIT | R31: % | S31: Activo Cte. | T31: Activo Total | U31: Pasivo Cte. | V31: Pasivo Total | W31: Patrimonio | X31: Utilidad Operac. | Y31: Gasto Intereses | AA31: Liquidez | AB31: Endeudamiento | AC31: Cob. Intereses | AD31: Cap. Trabajo | AE31: Patrimonio | AF31: Rent. Patrimonio | AG31: Rent. Activo
O32: 1 | Z32: =(V32+W32)-T32 -> 0 | AA32: =IF($P32<>"",+IF(U32>0,+ROUNDDOWN(S32/U32,2),"INDETERMINADO"),"") | AB32: =IF($P32<>"",+IF(T32>0,+ROUNDDOWN(V32/T32,2),"INDETERMINADO"),"") | AC32: =IF($P32<>"",+IF(Y32>0,+ROUNDDOWN(X32/Y32,2),"INDETERMINADO"),"") | AD32: =IF($P32<>"",+(S32-U32),"") | AE32: =IF($P32<>"",+(T32-V32),"") | AF32: =IF($P32<>"",+IF(W32>0,+ROUNDDOWN(X32/W32,2),"INDETERMINADO"),"") | AG32: =IF($P32<>"",+IF(T32>0,+ROUNDDOWN(X32/T32,2),"INDETERMINADO"),"") | AH32: =AE32-W32 -> #VALUE!
O33: 2 | Z33: =(V33+W33)-T33 -> 0 | AA33: =IF($P33<>"",+IF(U33>0,+ROUNDDOWN(S33/U33,2),"INDETERMINADO"),"") | AB33: =IF($P33<>"",+IF(T33>0,+ROUNDDOWN(V33/T33,2),"INDETERMINADO"),"") | AC33: =IF($P33<>"",+IF(Y33>0,+ROUNDDOWN(X33/Y33,2),"INDETERMINADO"),"") | AD33: =IF($P33<>"",+(S33-U33),"") | AE33: =IF($P33<>"",+(T33-V33),"") | AF33: =IF($P33<>"",+IF(W33>0,+ROUNDDOWN(X33/W33,2),"INDETERMINADO"),"") | AG33: =IF($P33<>"",+IF(T33>0,+ROUNDDOWN(X33/T33,2),"INDETERMINADO"),"") | AH33: =AE33-W33 -> #VALUE!
B34: No. | C34: Nombre o Razón Social | D34: RESULTADOS CAPACIDAD FINANCIERA | J34: RESULTADOS CAPACIDAD ORGANIZACIONAL | O34: 3 | Z34: =(V34+W34)-T34 -> 0 | AA34: =IF($P34<>"",+IF(U34>0,+ROUNDDOWN(S34/U34,2),"INDETERMINADO"),"") | AB34: =IF($P34<>"",+IF(T34>0,+ROUNDDOWN(V34/T34,2),"INDETERMINADO"),"") | AC34: =IF($P34<>"",+IF(Y34>0,+ROUNDDOWN(X34/Y34,2),"INDETERMINADO"),"") | AD34: =IF($P34<>"",+(S34-U34),"") | AE34: =IF($P34<>"",+(T34-V34),"") | AF34: =IF($P34<>"",+IF(W34>0,+ROUNDDOWN(X34/W34,2),"INDETERMINADO"),"") | AG34: =IF($P34<>"",+IF(T34>0,+ROUNDDOWN(X34/T34,2),"INDETERMINADO"),"") | AH34: =AE34-W34 -> #VALUE!
D35: Liquidez | E35: Endeudamiento | F35: Cob. Intereses | G35: Cap. Trabajo | H35: Patrimonio | I35: Resultado | J35: Rent. Patrimonio | K35: Rent. Activo | L35: Resultado | O35: 4 | Z35: =(V35+W35)-T35 -> 0 | AA35: =IF($P35<>"",+IF(U35>0,+ROUNDDOWN(S35/U35,2),"INDETERMINADO"),"") | AB35: =IF($P35<>"",+IF(T35>0,+ROUNDDOWN(V35/T35,2),"INDETERMINADO"),"") | AC35: =IF($P35<>"",+IF(Y35>0,+ROUNDDOWN(X35/Y35,2),"INDETERMINADO"),"") | AD35: =IF($P35<>"",+(S35-U35),"") | AE35: =IF($P35<>"",+(T35-V35),"") | AF35: =IF($P35<>"",+IF(W35>0,+ROUNDDOWN(X35/W35,2),"INDETERMINADO"),"") | AG35: =IF($P35<>"",+IF(T35>0,+ROUNDDOWN(X35/T35,2),"INDETERMINADO"),"") | AH35: =AE35-W35 -> #VALUE!
B36: 25 | C36: =+IF(C17<>"",+C17,"") | D36: =+IF(C17<>"",+IF(G17>0,+ROUNDDOWN(+E17/G17,2),"Indeterminado"),"") | E36: =+IF(C17<>"",+IF(F17>0,+ROUNDDOWN(+H17/F17,2),"Indeterminado"),"") | F36: =+IF(C17<>"",+IF(K17>0,+ROUNDDOWN(+J17/K17,2),"Indeterminado"),"") | G36: =+IF(C17<>"",+S14-U14,"") | H36: =+IF(C17<>"",+T14-V14,"") | I36: =++IF(C17<>"",+IF(D37="Cumple",+IF(E37="Cumple",+IF(F37="Cumple",+IF(G37="Cumple",+IF(H37="Cumple","CUMPLE","NO CUMPLE"),"NO CUMPLE"),"NO CUMPLE"),"NO CUMPLE"),"NO CUMPLE"),"") | J36: =+IF(C17<>"",+IF(I17>0,+ROUNDDOWN(+J17/I17,2),"Indeterminado"),"") | K36: =+IF(C17<>"",+IF(F17>0,+ROUNDDOWN(+J17/F17,2),"Indeterminado"),"") | L36: =+IF(C17<>"",+IF(J37="Cumple",+IF(K37="Cumple","CUMPLE","NO CUMPLE"),"NO CUMPLE"),"") | N36: =+IF($C$17<>"",+IF(H36<>W14,"Error en registro de datos",""),"") | O36: 5 | Z36: =(V36+W36)-T36 -> 0 | AA36: =IF($P36<>"",+IF(U36>0,+ROUNDDOWN(S36/U36,2),"INDETERMINADO"),"") | AB36: =IF($P36<>"",+IF(T36>0,+ROUNDDOWN(V36/T36,2),"INDETERMINADO"),"") | AC36: =IF($P36<>"",+IF(Y36>0,+ROUNDDOWN(X36/Y36,2),"INDETERMINADO"),"") | AD36: =IF($P36<>"",+(S36-U36),"") | AE36: =IF($P36<>"",+(T36-V36),"") | AF36: =IF($P36<>"",+IF(W36>0,+ROUNDDOWN(X36/W36,2),"INDETERMINADO"),"") | AG36: =IF($P36<>"",+IF(T36>0,+ROUNDDOWN(X36/T36,2),"INDETERMINADO"),"") | AH36: =AE36-W36 -> #VALUE!
D37: =+IF(C17<>"",+IF(D36>=$L$7,"Cumple","NO CUMPLE"),"") | E37: =+IF(C17<>"",+IF(E36<=$L$8,"Cumple","NO CUMPLE"),"") | F37: =+IF(C17<>"",+IF(F36>=$L$9,"Cumple", "NO CUMPLE"),"") | G37: =+IF(C17<>"",+IF(G36>=$L$10,"Cumple", "NO CUMPLE"),"") | H37: =+IF(C17<>"",+IF(H36>=$L$11,"Cumple", "NO CUMPLE"),"") | J37: =+IF(C17<>"",+IF(J36>=$L$12,"Cumple", "NO CUMPLE"),"") | K37: =+IF(C17<>"",+IF(K36>=$L$13,"Cumple", "NO CUMPLE"),"") | O37: 6 | Z37: =(V37+W37)-T37 -> 0 | AA37: =IF($P37<>"",+IF(U37>0,+ROUNDDOWN(S37/U37,2),"INDETERMINADO"),"") | AB37: =IF($P37<>"",+IF(T37>0,+ROUNDDOWN(V37/T37,2),"INDETERMINADO"),"") | AC37: =IF($P37<>"",+IF(Y37>0,+ROUNDDOWN(X37/Y37,2),"INDETERMINADO"),"") | AD37: =IF($P37<>"",+(S37-U37),"") | AE37: =IF($P37<>"",+(T37-V37),"") | AF37: =IF($P37<>"",+IF(W37>0,+ROUNDDOWN(X37/W37,2),"INDETERMINADO"),"") | AG37: =IF($P37<>"",+IF(T37>0,+ROUNDDOWN(X37/T37,2),"INDETERMINADO"),"") | AH37: =AE37-W37 -> #VALUE!
B38: =+B36+1 -> 26 | C38: =+IF(C19<>"",+C19,"") | D38: =+IF(C19<>"",+IF(G19>0,+ROUNDDOWN(+E19/G19,2),"Indeterminado"),"") | E38: =+IF(C19<>"",+IF(F19>0,+ROUNDDOWN(+H19/F19,2),"Indeterminado"),"") | F38: =+IF(C19<>"",+IF(K19>0,+ROUNDDOWN(+J19/K19,2),"Indeterminado"),"") | G38: =+IF(C19<>"",+S26-U26,"") | H38: =+IF(C19<>"",+T26-V26,"") | I38: =++IF(C19<>"",+IF(D39="Cumple",+IF(E39="Cumple",+IF(F39="Cumple",+IF(G39="Cumple",+IF(H39="Cumple","CUMPLE","NO CUMPLE"),"NO CUMPLE"),"NO CUMPLE"),"NO CUMPLE"),"NO CUMPLE"),"") | J38: =+IF(C19<>"",+IF(I19>0,+ROUNDDOWN(+J19/I19,2),"Indeterminado"),"") | K38: =+IF(C19<>"",+IF(F19>0,+ROUNDDOWN(+J19/F19,2),"Indeterminado"),"") | L38: =+IF(C19<>"",+IF(J39="Cumple",+IF(K39="Cumple","CUMPLE","NO CUMPLE"),"NO CUMPLE"),"") | N38: =+IF($C$19<>"",+IF(H38<>W26,"Error en registro de datos",""),"") | P38: TOTAL GENERAL | R38: =SUM(R32:R37) -> 0 | S38: =SUM(S32:S37) -> 0 | T38: =SUM(T32:T37) -> 0 | U38: =SUM(U32:U37) -> 0 | V38: =SUM(V32:V37) -> 0 | W38: =SUM(W32:W37) -> 0 | X38: =SUM(X32:X37) -> 0 | Y38: =SUM(Y32:Y37) -> 0
D39: =+IF(C19<>"",+IF(D38>=$L$7,"Cumple","NO CUMPLE"),"") | E39: =+IF(C19<>"",+IF(E38<=$L$8,"Cumple","NO CUMPLE"),"") | F39: =+IF(C19<>"",+IF(F38>=$L$9,"Cumple", "NO CUMPLE"),"") | G39: =+IF(C19<>"",+IF(G38>=$L$10,"Cumple", "NO CUMPLE"),"") | H39: =+IF(C19<>"",+IF(H38>=$L$11,"Cumple", "NO CUMPLE"),"") | J39: =+IF(C19<>"",+IF(J38>=$L$12,"Cumple", "NO CUMPLE"),"") | K39: =+IF(C19<>"",+IF(K38>=$L$13,"Cumple", "NO CUMPLE"),"")
B40: =+B38+1 -> 27 | C40: =+IF(C21<>"",+C21,"") | D40: =+IF(C21<>"",+IF(G21>0,+ROUNDDOWN(+E21/G21,2),"Indeterminado"),"") | E40: =+IF(C21<>"",+IF(F21>0,+ROUNDDOWN(+H21/F21,2),"Indeterminado"),"") | F40: =+IF(C21<>"",+IF(K21>0,+ROUNDDOWN(+J21/K21,2),"Indeterminado"),"") | G40: =+IF(C21<>"",+S38-U38,"") | H40: =+IF(C21<>"",+T38-V38,"") | I40: =++IF(C21<>"",+IF(D41="Cumple",+IF(E41="Cumple",+IF(F41="Cumple",+IF(G41="Cumple",+IF(H41="Cumple","CUMPLE","NO CUMPLE"),"NO CUMPLE"),"NO CUMPLE"),"NO CUMPLE"),"NO CUMPLE"),"") | J40: =+IF(C21<>"",+IF(I21>0,+ROUNDDOWN(+J21/I21,2),"Indeterminado"),"") | K40: =+IF(C21<>"",+IF(F21>0,+ROUNDDOWN(+J21/F21,2),"Indeterminado"),"") | L40: =+IF(C21<>"",+IF(J41="Cumple",+IF(K41="Cumple","CUMPLE","NO CUMPLE"),"NO CUMPLE"),"") | N40: =+IF($C$21<>"",+IF(H40<>W38,"Error en registro de datos",""),"")
D41: =+IF(C21<>"",+IF(D40>=$L$7,"Cumple","NO CUMPLE"),"") | E41: =+IF(C21<>"",+IF(E40<=$L$8,"Cumple","NO CUMPLE"),"") | F41: =+IF(C21<>"",+IF(F40>=$L$9,"Cumple", "NO CUMPLE"),"") | G41: =+IF(C21<>"",+IF(G40>=$L$10,"Cumple", "NO CUMPLE"),"") | H41: =+IF(C21<>"",+IF(H40>=$L$11,"Cumple", "NO CUMPLE"),"") | J41: =+IF(C21<>"",+IF(J40>=$L$12,"Cumple", "NO CUMPLE"),"") | K41: =+IF(C21<>"",+IF(K40>=$L$13,"Cumple", "NO CUMPLE"),"")
B42: =+B40+1 -> 28 | C42: =+IF(C23<>"",+C23,"") | D42: =+IF(C23<>"",+IF(G23>0,+ROUNDDOWN(+E23/G23,2),"Indeterminado"),"") | E42: =+IF(C23<>"",+IF(F23>0,+ROUNDDOWN(+H23/F23,2),"Indeterminado"),"") | F42: =+IF(C23<>"",+IF(K23>0,+ROUNDDOWN(+J23/K23,2),"Indeterminado"),"") | G42: =+IF(C23<>"",+S50-U50,"") | H42: =+IF(C23<>"",+T50-V50,"") | I42: =++IF(C23<>"",+IF(D43="Cumple",+IF(E43="Cumple",+IF(F43="Cumple",+IF(G43="Cumple",+IF(H43="Cumple","CUMPLE","NO CUMPLE"),"NO CUMPLE"),"NO CUMPLE"),"NO CUMPLE"),"NO CUMPLE"),"") | J42: =+IF(C23<>"",+IF(I23>0,+ROUNDDOWN(+J23/I23,2),"Indeterminado"),"") | K42: =+IF(C23<>"",+IF(F23>0,+ROUNDDOWN(+J23/F23,2),"Indeterminado"),"") | L42: =+IF(C23<>"",+IF(J43="Cumple",+IF(K43="Cumple","CUMPLE","NO CUMPLE"),"NO CUMPLE"),"") | N42: =+IF($C$23<>"",+IF(H42<>W50,"Error en registro de datos",""),"") | P42: Nombre o Razón Social - Folios | AA42: RESULTADOS CAPACIDAD FINANCIERA | AF42: RESULTADOS CAPACIDAD ORGANIZACIONAL
D43: =+IF(C23<>"",+IF(D42>=$L$7,"Cumple","NO CUMPLE"),"") | E43: =+IF(C23<>"",+IF(E42<=$L$8,"Cumple","NO CUMPLE"),"") | F43: =+IF(C23<>"",+IF(F42>=$L$9,"Cumple", "NO CUMPLE"),"") | G43: =+IF(C23<>"",+IF(G42>=$L$10,"Cumple", "NO CUMPLE"),"") | H43: =+IF(C23<>"",+IF(H42>=$L$11,"Cumple", "NO CUMPLE"),"") | J43: =+IF(C23<>"",+IF(J42>=$L$12,"Cumple", "NO CUMPLE"),"") | K43: =+IF(C23<>"",+IF(K42>=$L$13,"Cumple", "NO CUMPLE"),"") | O43: 28 | Q43: CC o NIT | R43: % | S43: Activo Cte. | T43: Activo Total | U43: Pasivo Cte. | V43: Pasivo Total | W43: Patrimonio | X43: Utilidad Operac. | Y43: Gasto Intereses | AA43: Liquidez | AB43: Endeudamiento | AC43: Cob. Intereses | AD43: Cap. Trabajo | AE43: Patrimonio | AF43: Rent. Patrimonio | AG43: Rent. Activo
B44: =+B42+1 -> 29 | C44: =+IF(C25<>"",+C25,"") | D44: =+IF(C25<>"",+IF(G25>0,+ROUNDDOWN(+E25/G25,2),"Indeterminado"),"") | E44: =+IF(C25<>"",+IF(F25>0,+ROUNDDOWN(+H25/F25,2),"Indeterminado"),"") | F44: =+IF(C25<>"",+IF(K25>0,+ROUNDDOWN(+J25/K25,2),"Indeterminado"),"") | G44: =+IF(C25<>"",+S64-U64,"") | H44: =+IF(C25<>"",+T64-V64,"") | I44: =++IF(C25<>"",+IF(D45="Cumple",+IF(E45="Cumple",+IF(F45="Cumple",+IF(G45="Cumple",+IF(H45="Cumple","CUMPLE","NO CUMPLE"),"NO CUMPLE"),"NO CUMPLE"),"NO CUMPLE"),"NO CUMPLE"),"") | J44: =+IF(C25<>"",+IF(I25>0,+ROUNDDOWN(+J25/I25,2),"Indeterminado"),"") | K44: =+IF(C25<>"",+IF(F25>0,+ROUNDDOWN(+J25/F25,2),"Indeterminado"),"") | L44: =+IF(C25<>"",+IF(J45="Cumple",+IF(K45="Cumple","CUMPLE","NO CUMPLE"),"NO CUMPLE"),"") | N44: =+IF($C$25<>"",+IF(H44<>W64,"Error en registro de datos",""),"") | O44: 1 | Z44: =(V44+W44)-T44 -> 0 | AA44: =IF($P44<>"",+IF(U44>0,+ROUNDDOWN(S44/U44,2),"INDETERMINADO"),"") | AB44: =IF($P44<>"",+IF(T44>0,+ROUNDDOWN(V44/T44,2),"INDETERMINADO"),"") | AC44: =IF($P44<>"",+IF(Y44>0,+ROUNDDOWN(X44/Y44,2),"INDETERMINADO"),"") | AD44: =IF($P44<>"",+(S44-U44),"") | AE44: =IF($P44<>"",+(T44-V44),"") | AF44: =IF($P44<>"",+IF(W44>0,+ROUNDDOWN(X44/W44,2),"INDETERMINADO"),"") | AG44: =IF($P44<>"",+IF(T44>0,+ROUNDDOWN(X44/T44,2),"INDETERMINADO"),"") | AH44: =AE44-W44 -> #VALUE!
D45: =+IF(C25<>"",+IF(D44>=$L$7,"Cumple","NO CUMPLE"),"") | E45: =+IF(C25<>"",+IF(E44<=$L$8,"Cumple","NO CUMPLE"),"") | F45: =+IF(C25<>"",+IF(F44>=$L$9,"Cumple", "NO CUMPLE"),"") | G45: =+IF(C25<>"",+IF(G44>=$L$10,"Cumple", "NO CUMPLE"),"") | H45: =+IF(C25<>"",+IF(H44>=$L$11,"Cumple", "NO CUMPLE"),"") | J45: =+IF(C25<>"",+IF(J44>=$L$12,"Cumple", "NO CUMPLE"),"") | K45: =+IF(C25<>"",+IF(K44>=$L$13,"Cumple", "NO CUMPLE"),"") | O45: 2 | Z45: =(V45+W45)-T45 -> 0 | AA45: =IF($P45<>"",+IF(U45>0,+ROUNDDOWN(S45/U45,2),"INDETERMINADO"),"") | AB45: =IF($P45<>"",+IF(T45>0,+ROUNDDOWN(V45/T45,2),"INDETERMINADO"),"") | AC45: =IF($P45<>"",+IF(Y45>0,+ROUNDDOWN(X45/Y45,2),"INDETERMINADO"),"") | AD45: =IF($P45<>"",+(S45-U45),"") | AE45: =IF($P45<>"",+(T45-V45),"") | AF45: =IF($P45<>"",+IF(W45>0,+ROUNDDOWN(X45/W45,2),"INDETERMINADO"),"") | AG45: =IF($P45<>"",+IF(T45>0,+ROUNDDOWN(X45/T45,2),"INDETERMINADO"),"") | AH45: =AE45-W45 -> #VALUE!
B46: =+B44+1 -> 30 | C46: =+IF(C27<>"",+C27,"") | D46: =+IF(C27<>"",+IF(G27>0,+ROUNDDOWN(+E27/G27,2),"Indeterminado"),"") | E46: =+IF(C27<>"",+IF(F27>0,+ROUNDDOWN(+H27/F27,2),"Indeterminado"),"") | F46: =+IF(C27<>"",+IF(K27>0,+ROUNDDOWN(+J27/K27,2),"Indeterminado"),"") | G46: =+IF(C27<>"",+S76-U76,"") | H46: =+IF(C27<>"",+T76-V76,"") | I46: =++IF(C27<>"",+IF(D47="Cumple",+IF(E47="Cumple",+IF(F47="Cumple",+IF(G47="Cumple",+IF(H47="Cumple","CUMPLE","NO CUMPLE"),"NO CUMPLE"),"NO CUMPLE"),"NO CUMPLE"),"NO CUMPLE"),"") | J46: =+IF(C27<>"",+IF(I27>0,+ROUNDDOWN(+J27/I27,2),"Indeterminado"),"") | K46: =+IF(C27<>"",+IF(F27>0,+ROUNDDOWN(+J27/F27,2),"Indeterminado"),"") | L46: =+IF(C27<>"",+IF(J47="Cumple",+IF(K47="Cumple","CUMPLE","NO CUMPLE"),"NO CUMPLE"),"") | N46: =+IF($C$27<>"",+IF(H46<>W76,"Error en registro de datos",""),"") | O46: 3 | Z46: =(V46+W46)-T46 -> 0 | AA46: =IF($P46<>"",+IF(U46>0,+ROUNDDOWN(S46/U46,2),"INDETERMINADO"),"") | AB46: =IF($P46<>"",+IF(T46>0,+ROUNDDOWN(V46/T46,2),"INDETERMINADO"),"") | AC46: =IF($P46<>"",+IF(Y46>0,+ROUNDDOWN(X46/Y46,2),"INDETERMINADO"),"") | AD46: =IF($P46<>"",+(S46-U46),"") | AE46: =IF($P46<>"",+(T46-V46),"") | AF46: =IF($P46<>"",+IF(W46>0,+ROUNDDOWN(X46/W46,2),"INDETERMINADO"),"") | AG46: =IF($P46<>"",+IF(T46>0,+ROUNDDOWN(X46/T46,2),"INDETERMINADO"),"") | AH46: =AE46-W46 -> #VALUE!
D47: =+IF(C27<>"",+IF(D46>=$L$7,"Cumple","NO CUMPLE"),"") | E47: =+IF(C27<>"",+IF(E46<=$L$8,"Cumple","NO CUMPLE"),"") | F47: =+IF(C27<>"",+IF(F46>=$L$9,"Cumple", "NO CUMPLE"),"") | G47: =+IF(C27<>"",+IF(G46>=$L$10,"Cumple", "NO CUMPLE"),"") | H47: =+IF(C27<>"",+IF(H46>=$L$11,"Cumple", "NO CUMPLE"),"") | J47: =+IF(C27<>"",+IF(J46>=$L$12,"Cumple", "NO CUMPLE"),"") | K47: =+IF(C27<>"",+IF(K46>=$L$13,"Cumple", "NO CUMPLE"),"") | O47: 4 | Z47: =(V47+W47)-T47 -> 0 | AA47: =IF($P47<>"",+IF(U47>0,+ROUNDDOWN(S47/U47,2),"INDETERMINADO"),"") | AB47: =IF($P47<>"",+IF(T47>0,+ROUNDDOWN(V47/T47,2),"INDETERMINADO"),"") | AC47: =IF($P47<>"",+IF(Y47>0,+ROUNDDOWN(X47/Y47,2),"INDETERMINADO"),"") | AD47: =IF($P47<>"",+(S47-U47),"") | AE47: =IF($P47<>"",+(T47-V47),"") | AF47: =IF($P47<>"",+IF(W47>0,+ROUNDDOWN(X47/W47,2),"INDETERMINADO"),"") | AG47: =IF($P47<>"",+IF(T47>0,+ROUNDDOWN(X47/T47,2),"INDETERMINADO"),"") | AH47: =AE47-W47 -> #VALUE!
B48: =+B46+1 -> 31 | C48: =+IF(C29<>"",+C29,"") | D48: =+IF(C29<>"",+IF(G29>0,+ROUNDDOWN(+E29/G29,2),"Indeterminado"),"") | E48: =+IF(C29<>"",+IF(F29>0,+ROUNDDOWN(+H29/F29,2),"Indeterminado"),"") | F48: =+IF(C29<>"",+IF(K29>0,+ROUNDDOWN(+J29/K29,2),"Indeterminado"),"") | G48: =+IF(C29<>"",+S88-U88,"") | H48: =+IF(C29<>"",+T88-V88,"") | I48: =++IF(C29<>"",+IF(D49="Cumple",+IF(E49="Cumple",+IF(F49="Cumple",+IF(G49="Cumple",+IF(H49="Cumple","CUMPLE","NO CUMPLE"),"NO CUMPLE"),"NO CUMPLE"),"NO CUMPLE"),"NO CUMPLE"),"") | J48: =+IF(C29<>"",+IF(I29>0,+ROUNDDOWN(+J29/I29,2),"Indeterminado"),"") | K48: =+IF(C29<>"",+IF(F29>0,+ROUNDDOWN(+J29/F29,2),"Indeterminado"),"") | L48: =+IF(C29<>"",+IF(J49="Cumple",+IF(K49="Cumple","CUMPLE","NO CUMPLE"),"NO CUMPLE"),"") | N48: =+IF($C$29<>"",+IF(H48<>W88,"Error en registro de datos",""),"") | O48: 5 | Z48: =(V48+W48)-T48 -> 0 | AA48: =IF($P48<>"",+IF(U48>0,+ROUNDDOWN(S48/U48,2),"INDETERMINADO"),"") | AB48: =IF($P48<>"",+IF(T48>0,+ROUNDDOWN(V48/T48,2),"INDETERMINADO"),"") | AC48: =IF($P48<>"",+IF(Y48>0,+ROUNDDOWN(X48/Y48,2),"INDETERMINADO"),"") | AD48: =IF($P48<>"",+(S48-U48),"") | AE48: =IF($P48<>"",+(T48-V48),"") | AF48: =IF($P48<>"",+IF(W48>0,+ROUNDDOWN(X48/W48,2),"INDETERMINADO"),"") | AG48: =IF($P48<>"",+IF(T48>0,+ROUNDDOWN(X48/T48,2),"INDETERMINADO"),"") | AH48: =AE48-W48 -> #VALUE!
D49: =+IF(C29<>"",+IF(D48>=$L$7,"Cumple","NO CUMPLE"),"") | E49: =+IF(C29<>"",+IF(E48<=$L$8,"Cumple","NO CUMPLE"),"") | F49: =+IF(C29<>"",+IF(F48>=$L$9,"Cumple", "NO CUMPLE"),"") | G49: =+IF(C29<>"",+IF(G48>=$L$10,"Cumple", "NO CUMPLE"),"") | H49: =+IF(C29<>"",+IF(H48>=$L$11,"Cumple", "NO CUMPLE"),"") | J49: =+IF(C29<>"",+IF(J48>=$L$12,"Cumple", "NO CUMPLE"),"") | K49: =+IF(C29<>"",+IF(K48>=$L$13,"Cumple", "NO CUMPLE"),"") | O49: 6 | Z49: =(V49+W49)-T49 -> 0 | AA49: =IF($P49<>"",+IF(U49>0,+ROUNDDOWN(S49/U49,2),"INDETERMINADO"),"") | AB49: =IF($P49<>"",+IF(T49>0,+ROUNDDOWN(V49/T49,2),"INDETERMINADO"),"") | AC49: =IF($P49<>"",+IF(Y49>0,+ROUNDDOWN(X49/Y49,2),"INDETERMINADO"),"") | AD49: =IF($P49<>"",+(S49-U49),"") | AE49: =IF($P49<>"",+(T49-V49),"") | AF49: =IF($P49<>"",+IF(W49>0,+ROUNDDOWN(X49/W49,2),"INDETERMINADO"),"") | AG49: =IF($P49<>"",+IF(T49>0,+ROUNDDOWN(X49/T49,2),"INDETERMINADO"),"") | AH49: =AE49-W49 -> #VALUE!
B50: =+B48+1 -> 32 | C50: =+IF(C31<>"",+C31,"") | D50: =+IF(C31<>"",+IF(G31>0,+ROUNDDOWN(+E31/G31,2),"Indeterminado"),"") | E50: =+IF(C31<>"",+IF(F31>0,+ROUNDDOWN(+H31/F31,2),"Indeterminado"),"") | F50: =+IF(C31<>"",+IF(K31>0,+ROUNDDOWN(+J31/K31,2),"Indeterminado"),"") | G50: =+IF(C31<>"",+S100-U100,"") | H50: =+IF(C31<>"",+T100-V100,"") | I50: =++IF(C31<>"",+IF(D51="Cumple",+IF(E51="Cumple",+IF(F51="Cumple",+IF(G51="Cumple",+IF(H51="Cumple","CUMPLE","NO CUMPLE"),"NO CUMPLE"),"NO CUMPLE"),"NO CUMPLE"),"NO CUMPLE"),"") | J50: =+IF(C31<>"",+IF(I31>0,+ROUNDDOWN(+J31/I31,2),"Indeterminado"),"") | K50: =+IF(C31<>"",+IF(F31>0,+ROUNDDOWN(+J31/F31,2),"Indeterminado"),"") | L50: =+IF(C31<>"",+IF(J51="Cumple",+IF(K51="Cumple","CUMPLE","NO CUMPLE"),"NO CUMPLE"),"") | N50: =+IF($C$31<>"",+IF(H50<>W100,"Error en registro de datos",""),"") | P50: TOTAL GENERAL | R50: =SUM(R44:R49) -> 0 | S50: =SUM(S44:S49) -> 0 | T50: =SUM(T44:T49) -> 0 | U50: =SUM(U44:U49) -> 0 | V50: =SUM(V44:V49) -> 0 | W50: =SUM(W44:W49) -> 0 | X50: =SUM(X44:X49) -> 0 | Y50: =SUM(Y44:Y49) -> 0
D51: =+IF(C31<>"",+IF(D50>=$L$7,"Cumple","NO CUMPLE"),"") | E51: =+IF(C31<>"",+IF(E50<=$L$8,"Cumple","NO CUMPLE"),"") | F51: =+IF(C31<>"",+IF(F50>=$L$9,"Cumple", "NO CUMPLE"),"") | G51: =+IF(C31<>"",+IF(G50>=$L$10,"Cumple", "NO CUMPLE"),"") | H51: =+IF(C31<>"",+IF(H50>=$L$11,"Cumple", "NO CUMPLE"),"") | J51: =+IF(C31<>"",+IF(J50>=$L$12,"Cumple", "NO CUMPLE"),"") | K51: =+IF(C31<>"",+IF(K50>=$L$13,"Cumple", "NO CUMPLE"),"")
B52: Liquidez = (Activo corriente/Pasivo corriente). Endeudamiento = (Pasivo total/Activo total). Cobertura de intereses = (Utilidad operacional/Gastos de intereses). Capital de trabajo = (Activo corriente - Pasivo corriente).
B53: Patrimonio = (Activo total - Pasivo total). Rentabilidad del patrimonio = (Utilidad operacional/Patrimonio). Rentabilidad del activo = (Utilidad operacional/Activo total)
B54: **La evaluación Financiera de Estructuras plurales, son calculadas de acuerdo a las partidas financieras de cada uno de los integrantes, de manera proporcional a su porcentaje de Participación, salvo para el Capital de Trabajo y Patrimonio, donde el cálculo se realiza de acuerdo a la sumatoria de los indicadores correspondientes.
P56: Nombre o Razón Social - Folios | AA56: RESULTADOS CAPACIDAD FINANCIERA | AF56: RESULTADOS CAPACIDAD ORGANIZACIONAL
O57: 29 | Q57: CC o NIT | R57: % | S57: Activo Cte. | T57: Activo Total | U57: Pasivo Cte. | V57: Pasivo Total | W57: Patrimonio | X57: Utilidad Operac. | Y57: Gasto Intereses | AA57: Liquidez | AB57: Endeudamiento | AC57: Cob. Intereses | AD57: Cap. Trabajo | AE57: Patrimonio | AF57: Rent. Patrimonio | AG57: Rent. Activo
O58: 1 | Z58: =(V58+W58)-T58 -> 0 | AA58: =IF($P58<>"",+IF(U58>0,+ROUNDDOWN(S58/U58,2),"INDETERMINADO"),"") | AB58: =IF($P58<>"",+IF(T58>0,+ROUNDDOWN(V58/T58,2),"INDETERMINADO"),"") | AC58: =IF($P58<>"",+IF(Y58>0,+ROUNDDOWN(X58/Y58,2),"INDETERMINADO"),"") | AD58: =IF($P58<>"",+(S58-U58),"") | AE58: =IF($P58<>"",+(T58-V58),"") | AF58: =IF($P58<>"",+IF(W58>0,+ROUNDDOWN(X58/W58,2),"INDETERMINADO"),"") | AG58: =IF($P58<>"",+IF(T58>0,+ROUNDDOWN(X58/T58,2),"INDETERMINADO"),"") | AH58: =AE58-W58 -> #VALUE!
E59: Hoja 4 | O59: 2 | Z59: =(V59+W59)-T59 -> 0 | AA59: =IF($P59<>"",+IF(U59>0,+ROUNDDOWN(S59/U59,2),"INDETERMINADO"),"") | AB59: =IF($P59<>"",+IF(T59>0,+ROUNDDOWN(V59/T59,2),"INDETERMINADO"),"") | AC59: =IF($P59<>"",+IF(Y59>0,+ROUNDDOWN(X59/Y59,2),"INDETERMINADO"),"") | AD59: =IF($P59<>"",+(S59-U59),"") | AE59: =IF($P59<>"",+(T59-V59),"") | AF59: =IF($P59<>"",+IF(W59>0,+ROUNDDOWN(X59/W59,2),"INDETERMINADO"),"") | AG59: =IF($P59<>"",+IF(T59>0,+ROUNDDOWN(X59/T59,2),"INDETERMINADO"),"") | AH59: =AE59-W59 -> #VALUE!
B60: Directora Financiera | O60: 3 | Z60: =(V60+W60)-T60 -> 0 | AA60: =IF($P60<>"",+IF(U60>0,+ROUNDDOWN(S60/U60,2),"INDETERMINADO"),"") | AB60: =IF($P60<>"",+IF(T60>0,+ROUNDDOWN(V60/T60,2),"INDETERMINADO"),"") | AC60: =IF($P60<>"",+IF(Y60>0,+ROUNDDOWN(X60/Y60,2),"INDETERMINADO"),"") | AD60: =IF($P60<>"",+(S60-U60),"") | AE60: =IF($P60<>"",+(T60-V60),"") | AF60: =IF($P60<>"",+IF(W60>0,+ROUNDDOWN(X60/W60,2),"INDETERMINADO"),"") | AG60: =IF($P60<>"",+IF(T60>0,+ROUNDDOWN(X60/T60,2),"INDETERMINADO"),"") | AH60: =AE60-W60 -> #VALUE!
B61: (evaluador) | O61: 4 | Z61: =(V61+W61)-T61 -> 0 | AA61: =IF($P61<>"",+IF(U61>0,+ROUNDDOWN(S61/U61,2),"INDETERMINADO"),"") | AB61: =IF($P61<>"",+IF(T61>0,+ROUNDDOWN(V61/T61,2),"INDETERMINADO"),"") | AC61: =IF($P61<>"",+IF(Y61>0,+ROUNDDOWN(X61/Y61,2),"INDETERMINADO"),"") | AD61: =IF($P61<>"",+(S61-U61),"") | AE61: =IF($P61<>"",+(T61-V61),"") | AF61: =IF($P61<>"",+IF(W61>0,+ROUNDDOWN(X61/W61,2),"INDETERMINADO"),"") | AG61: =IF($P61<>"",+IF(T61>0,+ROUNDDOWN(X61/T61,2),"INDETERMINADO"),"") | AH61: =AE61-W61 -> #VALUE!
O62: 5 | Z62: =(V62+W62)-T62 -> 0 | AA62: =IF($P62<>"",+IF(U62>0,+ROUNDDOWN(S62/U62,2),"INDETERMINADO"),"") | AB62: =IF($P62<>"",+IF(T62>0,+ROUNDDOWN(V62/T62,2),"INDETERMINADO"),"") | AC62: =IF($P62<>"",+IF(Y62>0,+ROUNDDOWN(X62/Y62,2),"INDETERMINADO"),"") | AD62: =IF($P62<>"",+(S62-U62),"") | AE62: =IF($P62<>"",+(T62-V62),"") | AF62: =IF($P62<>"",+IF(W62>0,+ROUNDDOWN(X62/W62,2),"INDETERMINADO"),"") | AG62: =IF($P62<>"",+IF(T62>0,+ROUNDDOWN(X62/T62,2),"INDETERMINADO"),"") | AH62: =AE62-W62 -> #VALUE!
O63: 6 | Z63: =(V63+W63)-T63 -> 0 | AA63: =IF($P63<>"",+IF(U63>0,+ROUNDDOWN(S63/U63,2),"INDETERMINADO"),"") | AB63: =IF($P63<>"",+IF(T63>0,+ROUNDDOWN(V63/T63,2),"INDETERMINADO"),"") | AC63: =IF($P63<>"",+IF(Y63>0,+ROUNDDOWN(X63/Y63,2),"INDETERMINADO"),"") | AD63: =IF($P63<>"",+(S63-U63),"") | AE63: =IF($P63<>"",+(T63-V63),"") | AF63: =IF($P63<>"",+IF(W63>0,+ROUNDDOWN(X63/W63,2),"INDETERMINADO"),"") | AG63: =IF($P63<>"",+IF(T63>0,+ROUNDDOWN(X63/T63,2),"INDETERMINADO"),"") | AH63: =AE63-W63 -> #VALUE!
P64: TOTAL GENERAL | R64: =SUM(R58:R63) -> 0 | S64: =SUM(S58:S63) -> 0 | T64: =SUM(T58:T63) -> 0 | U64: =SUM(U58:U63) -> 0 | V64: =SUM(V58:V63) -> 0 | W64: =SUM(W58:W63) -> 0 | X64: =SUM(X58:X63) -> 0 | Y64: =SUM(Y58:Y63) -> 0
P68: Nombre o Razón Social - Folios | AA68: RESULTADOS CAPACIDAD FINANCIERA | AF68: RESULTADOS CAPACIDAD ORGANIZACIONAL
O69: 30 | Q69: CC o NIT | R69: % | S69: Activo Cte. | T69: Activo Total | U69: Pasivo Cte. | V69: Pasivo Total | W69: Patrimonio | X69: Utilidad Operac. | Y69: Gasto Intereses | AA69: Liquidez | AB69: Endeudamiento | AC69: Cob. Intereses | AD69: Cap. Trabajo | AE69: Patrimonio | AF69: Rent. Patrimonio | AG69: Rent. Activo
O70: 1 | Z70: =(V70+W70)-T70 -> 0 | AA70: =IF($P70<>"",+IF(U70>0,+ROUNDDOWN(S70/U70,2),"INDETERMINADO"),"") | AB70: =IF($P70<>"",+IF(T70>0,+ROUNDDOWN(V70/T70,2),"INDETERMINADO"),"") | AC70: =IF($P70<>"",+IF(Y70>0,+ROUNDDOWN(X70/Y70,2),"INDETERMINADO"),"") | AD70: =IF($P70<>"",+(S70-U70),"") | AE70: =IF($P70<>"",+(T70-V70),"") | AF70: =IF($P70<>"",+IF(W70>0,+ROUNDDOWN(X70/W70,2),"INDETERMINADO"),"") | AG70: =IF($P70<>"",+IF(T70>0,+ROUNDDOWN(X70/T70,2),"INDETERMINADO"),"") | AH70: =AE70-W70 -> #VALUE!
O71: 2 | Z71: =(V71+W71)-T71 -> 0 | AA71: =IF($P71<>"",+IF(U71>0,+ROUNDDOWN(S71/U71,2),"INDETERMINADO"),"") | AB71: =IF($P71<>"",+IF(T71>0,+ROUNDDOWN(V71/T71,2),"INDETERMINADO"),"") | AC71: =IF($P71<>"",+IF(Y71>0,+ROUNDDOWN(X71/Y71,2),"INDETERMINADO"),"") | AD71: =IF($P71<>"",+(S71-U71),"") | AE71: =IF($P71<>"",+(T71-V71),"") | AF71: =IF($P71<>"",+IF(W71>0,+ROUNDDOWN(X71/W71,2),"INDETERMINADO"),"") | AG71: =IF($P71<>"",+IF(T71>0,+ROUNDDOWN(X71/T71,2),"INDETERMINADO"),"") | AH71: =AE71-W71 -> #VALUE!
O72: 3 | Z72: =(V72+W72)-T72 -> 0 | AA72: =IF($P72<>"",+IF(U72>0,+ROUNDDOWN(S72/U72,2),"INDETERMINADO"),"") | AB72: =IF($P72<>"",+IF(T72>0,+ROUNDDOWN(V72/T72,2),"INDETERMINADO"),"") | AC72: =IF($P72<>"",+IF(Y72>0,+ROUNDDOWN(X72/Y72,2),"INDETERMINADO"),"") | AD72: =IF($P72<>"",+(S72-U72),"") | AE72: =IF($P72<>"",+(T72-V72),"") | AF72: =IF($P72<>"",+IF(W72>0,+ROUNDDOWN(X72/W72,2),"INDETERMINADO"),"") | AG72: =IF($P72<>"",+IF(T72>0,+ROUNDDOWN(X72/T72,2),"INDETERMINADO"),"") | AH72: =AE72-W72 -> #VALUE!
O73: 4 | Z73: =(V73+W73)-T73 -> 0 | AA73: =IF($P73<>"",+IF(U73>0,+ROUNDDOWN(S73/U73,2),"INDETERMINADO"),"") | AB73: =IF($P73<>"",+IF(T73>0,+ROUNDDOWN(V73/T73,2),"INDETERMINADO"),"") | AC73: =IF($P73<>"",+IF(Y73>0,+ROUNDDOWN(X73/Y73,2),"INDETERMINADO"),"") | AD73: =IF($P73<>"",+(S73-U73),"") | AE73: =IF($P73<>"",+(T73-V73),"") | AF73: =IF($P73<>"",+IF(W73>0,+ROUNDDOWN(X73/W73,2),"INDETERMINADO"),"") | AG73: =IF($P73<>"",+IF(T73>0,+ROUNDDOWN(X73/T73,2),"INDETERMINADO"),"") | AH73: =AE73-W73 -> #VALUE!
O74: 5 | Z74: =(V74+W74)-T74 -> 0 | AA74: =IF($P74<>"",+IF(U74>0,+ROUNDDOWN(S74/U74,2),"INDETERMINADO"),"") | AB74: =IF($P74<>"",+IF(T74>0,+ROUNDDOWN(V74/T74,2),"INDETERMINADO"),"") | AC74: =IF($P74<>"",+IF(Y74>0,+ROUNDDOWN(X74/Y74,2),"INDETERMINADO"),"") | AD74: =IF($P74<>"",+(S74-U74),"") | AE74: =IF($P74<>"",+(T74-V74),"") | AF74: =IF($P74<>"",+IF(W74>0,+ROUNDDOWN(X74/W74,2),"INDETERMINADO"),"") | AG74: =IF($P74<>"",+IF(T74>0,+ROUNDDOWN(X74/T74,2),"INDETERMINADO"),"") | AH74: =AE74-W74 -> #VALUE!
O75: 6 | Z75: =(V75+W75)-T75 -> 0 | AA75: =IF($P75<>"",+IF(U75>0,+ROUNDDOWN(S75/U75,2),"INDETERMINADO"),"") | AB75: =IF($P75<>"",+IF(T75>0,+ROUNDDOWN(V75/T75,2),"INDETERMINADO"),"") | AC75: =IF($P75<>"",+IF(Y75>0,+ROUNDDOWN(X75/Y75,2),"INDETERMINADO"),"") | AD75: =IF($P75<>"",+(S75-U75),"") | AE75: =IF($P75<>"",+(T75-V75),"") | AF75: =IF($P75<>"",+IF(W75>0,+ROUNDDOWN(X75/W75,2),"INDETERMINADO"),"") | AG75: =IF($P75<>"",+IF(T75>0,+ROUNDDOWN(X75/T75,2),"INDETERMINADO"),"") | AH75: =AE75-W75 -> #VALUE!
P76: TOTAL GENERAL | R76: =SUM(R70:R75) -> 0 | S76: =SUM(S70:S75) -> 0 | T76: =SUM(T70:T75) -> 0 | U76: =SUM(U70:U75) -> 0 | V76: =SUM(V70:V75) -> 0 | W76: =SUM(W70:W75) -> 0 | X76: =SUM(X70:X75) -> 0 | Y76: =SUM(Y70:Y75) -> 0
P80: Nombre o Razón Social - Folios | AA80: RESULTADOS CAPACIDAD FINANCIERA | AF80: RESULTADOS CAPACIDAD ORGANIZACIONAL
O81: 31 | Q81: CC o NIT | R81: % | S81: Activo Cte. | T81: Activo Total | U81: Pasivo Cte. | V81: Pasivo Total | W81: Patrimonio | X81: Utilidad Operac. | Y81: Gasto Intereses | AA81: Liquidez | AB81: Endeudamiento | AC81: Cob. Intereses | AD81: Cap. Trabajo | AE81: Patrimonio | AF81: Rent. Patrimonio | AG81: Rent. Activo
O82: 1 | Z82: =(V82+W82)-T82 -> 0 | AA82: =IF($P82<>"",+IF(U82>0,+ROUNDDOWN(S82/U82,2),"INDETERMINADO"),"") | AB82: =IF($P82<>"",+IF(T82>0,+ROUNDDOWN(V82/T82,2),"INDETERMINADO"),"") | AC82: =IF($P82<>"",+IF(Y82>0,+ROUNDDOWN(X82/Y82,2),"INDETERMINADO"),"") | AD82: =IF($P82<>"",+(S82-U82),"") | AE82: =IF($P82<>"",+(T82-V82),"") | AF82: =IF($P82<>"",+IF(W82>0,+ROUNDDOWN(X82/W82,2),"INDETERMINADO"),"") | AG82: =IF($P82<>"",+IF(T82>0,+ROUNDDOWN(X82/T82,2),"INDETERMINADO"),"") | AH82: =AE82-W82 -> #VALUE!
O83: 2 | Z83: =(V83+W83)-T83 -> 0 | AA83: =IF($P83<>"",+IF(U83>0,+ROUNDDOWN(S83/U83,2),"INDETERMINADO"),"") | AB83: =IF($P83<>"",+IF(T83>0,+ROUNDDOWN(V83/T83,2),"INDETERMINADO"),"") | AC83: =IF($P83<>"",+IF(Y83>0,+ROUNDDOWN(X83/Y83,2),"INDETERMINADO"),"") | AD83: =IF($P83<>"",+(S83-U83),"") | AE83: =IF($P83<>"",+(T83-V83),"") | AF83: =IF($P83<>"",+IF(W83>0,+ROUNDDOWN(X83/W83,2),"INDETERMINADO"),"") | AG83: =IF($P83<>"",+IF(T83>0,+ROUNDDOWN(X83/T83,2),"INDETERMINADO"),"") | AH83: =AE83-W83 -> #VALUE!
O84: 3 | Z84: =(V84+W84)-T84 -> 0 | AA84: =IF($P84<>"",+IF(U84>0,+ROUNDDOWN(S84/U84,2),"INDETERMINADO"),"") | AB84: =IF($P84<>"",+IF(T84>0,+ROUNDDOWN(V84/T84,2),"INDETERMINADO"),"") | AC84: =IF($P84<>"",+IF(Y84>0,+ROUNDDOWN(X84/Y84,2),"INDETERMINADO"),"") | AD84: =IF($P84<>"",+(S84-U84),"") | AE84: =IF($P84<>"",+(T84-V84),"") | AF84: =IF($P84<>"",+IF(W84>0,+ROUNDDOWN(X84/W84,2),"INDETERMINADO"),"") | AG84: =IF($P84<>"",+IF(T84>0,+ROUNDDOWN(X84/T84,2),"INDETERMINADO"),"") | AH84: =AE84-W84 -> #VALUE!
O85: 4 | Z85: =(V85+W85)-T85 -> 0 | AA85: =IF($P85<>"",+IF(U85>0,+ROUNDDOWN(S85/U85,2),"INDETERMINADO"),"") | AB85: =IF($P85<>"",+IF(T85>0,+ROUNDDOWN(V85/T85,2),"INDETERMINADO"),"") | AC85: =IF($P85<>"",+IF(Y85>0,+ROUNDDOWN(X85/Y85,2),"INDETERMINADO"),"") | AD85: =IF($P85<>"",+(S85-U85),"") | AE85: =IF($P85<>"",+(T85-V85),"") | AF85: =IF($P85<>"",+IF(W85>0,+ROUNDDOWN(X85/W85,2),"INDETERMINADO"),"") | AG85: =IF($P85<>"",+IF(T85>0,+ROUNDDOWN(X85/T85,2),"INDETERMINADO"),"") | AH85: =AE85-W85 -> #VALUE!
O86: 5 | Z86: =(V86+W86)-T86 -> 0 | AA86: =IF($P86<>"",+IF(U86>0,+ROUNDDOWN(S86/U86,2),"INDETERMINADO"),"") | AB86: =IF($P86<>"",+IF(T86>0,+ROUNDDOWN(V86/T86,2),"INDETERMINADO"),"") | AC86: =IF($P86<>"",+IF(Y86>0,+ROUNDDOWN(X86/Y86,2),"INDETERMINADO"),"") | AD86: =IF($P86<>"",+(S86-U86),"") | AE86: =IF($P86<>"",+(T86-V86),"") | AF86: =IF($P86<>"",+IF(W86>0,+ROUNDDOWN(X86/W86,2),"INDETERMINADO"),"") | AG86: =IF($P86<>"",+IF(T86>0,+ROUNDDOWN(X86/T86,2),"INDETERMINADO"),"") | AH86: =AE86-W86 -> #VALUE!
O87: 6 | Z87: =(V87+W87)-T87 -> 0 | AA87: =IF($P87<>"",+IF(U87>0,+ROUNDDOWN(S87/U87,2),"INDETERMINADO"),"") | AB87: =IF($P87<>"",+IF(T87>0,+ROUNDDOWN(V87/T87,2),"INDETERMINADO"),"") | AC87: =IF($P87<>"",+IF(Y87>0,+ROUNDDOWN(X87/Y87,2),"INDETERMINADO"),"") | AD87: =IF($P87<>"",+(S87-U87),"") | AE87: =IF($P87<>"",+(T87-V87),"") | AF87: =IF($P87<>"",+IF(W87>0,+ROUNDDOWN(X87/W87,2),"INDETERMINADO"),"") | AG87: =IF($P87<>"",+IF(T87>0,+ROUNDDOWN(X87/T87,2),"INDETERMINADO"),"") | AH87: =AE87-W87 -> #VALUE!
